Workbook

Sheet 住宅
A1: 材料编号 | B1: 姓名 | C1: 身份证号 | E1: 电话 | F1: 地址 | G1: 楼栋 | H1: 单元 | I1: 楼层 | J1: 新房号 | K1: 新面积 | L1: 备案价 | M1: 预估单价 | N1: 预估总价 | O1: 折后单价 | P1: 折后总价 | Q1: 付款方式 | R1: 已交款 | S1: 需退 | T1: 按揭款 | U1: 欠款 | V1: 按揭回款 | W1: 维修基金 | X1: 产权登记费 | Y1: 网签 | Z1: 签约 情况 | AA1: 预约 保留金 | AB1: 入会费、活动费等 | AC1: 申报利息或违约金 | AD1: 其他 | AE1: 收款方式 | AF1: 收款账户 | AG1: 债权发生时间 | AH1: 房地产收据 金额 | AI1: 申报金额 | AJ1: 核定金额 | AK1: 差异 | AL1: 备注 | AM1: 登记人 | AN1: 登记日期 | AP1: 申报金额合计 | AQ1: =SUM(AI:AI) -> 5.3601788e+08 | AR1: 核定金额合计 | AS1: =SUM(AJ:AJ) -> 5.2414296e+08 | AT1: 累计登记数量 | AU1: =COUNTA(A:A)-1 -> 712
A2: A0002 | B2: 史耀 | C2: 410104198102103013 | D2: =B2&C2 -> 史耀410104198102103013 | E2: 136837187781 5603903667 | G2: 6 | H2: 1 | I2: 5 | J2: 506 | K2: 86.33 | L2: 17900 | O2: 15000 | P2: =ROUND(O2*K2,0) -> 1294950 | Q2: 公积金 | R2: 894950 | T2: / | V2: 400000 | W2: 5611 | X2: 80 | Y2: 签 | AG2: 43167 | AI2: =R2+V2+W2+X2+AA2+AB2+AC2+AD2 -> 1300641 | AJ2: =R2+W2+V2+X2+AA2 -> 1300641 | AK2: =AI2-AJ2 -> 0 | AN2: 44841
A3: A0004 | B3: 李文文 | C3: 412321198402143921 | D3: =B3&C3 -> 李文文412321198402143921 | E3: 13526699667 15136287215 | G3: 9 | H3: 3 | I3: 22 | J3: 2201 | K3: 93.4 | L3: 8806 | O3: 8705.6 | P3: 813103 | Q3: 公积金 | R3: 543103 | T3: / | V3: 270000 | W3: 6071 | X3: 80 | Z3: 签 | AG3: 44017 | AI3: =R3+V3+W3+X3+AA3+AB3+AC3+AD3 -> 819254 | AJ3: =R3+W3+V3+X3+AA3 -> 819254 | AK3: =AI3-AJ3 -> 0 | AN3: 44841
A4: A0005 | B4: 李文中 | C4: 410105195709293311 | D4: =B4&C4 -> 李文中410105195709293311 | E4: 13700856263 | G4: 11 | H4: 3 | I4: 26 | J4: 2601 | K4: 149.28 | L4: 8300 | O4: 8200 | P4: =ROUND(K4*O4,0) -> 1224096 | Q4: 一次性 | R4: 1224096 | S4: / | W4: 9703 | X4: 80 | Y4: 签 | AG4: 42073 | AH4: 1219586 | AI4: =R4+V4+W4+X4+AA4+AB4+AC4+AD4 -> 1233879 | AJ4: =R4+W4+V4+X4+AA4 -> 1233879 | AK4: =AI4-AJ4 -> 0 | AL4: 2015年交房款定金1219586，收据为房地产出具 | AN4: 44841
A5: A0006 | B5: 肖婴 | C5: 140511198701201248 | D5: =B5&C5 -> 肖婴140511198701201248 | E5: 15136200024 15136200034 | G5: 3 | I5: 14 | J5: 1403 | K5: 52.4 | L5: 20000 | O5: 9513.53 | P5: =ROUND(O5*K5,0) -> 498509 | Q5: 一次性 | R5: 498509 | T5: / | W5: 3406 | X5: 550 | Y5: 签 | AG5: 43077 | AH5: =R5-240000+W5+X5 -> 262465 | AI5: =R5+V5+W5+X5+AA5+AB5+AC5+AD5 -> 502465 | AJ5: =R5+W5+V5+X5+AA5 -> 502465 | AK5: =AI5-AJ5 -> 0 | AL5: 其中24万为恒祥实业收据，其余均为房地产收据 | AN5: 44841
A6: A0009 | B6: 孙雪玲 | C6: 410504197603171521 | D6: =B6&C6 -> 孙雪玲410504197603171521 | E6: 18339928565 | G6: 10 | H6: 2 | I6: 19 | J6: 1908 | K6: 94.61 | L6: 19970 | O6: 19376.87 | P6: =ROUND(O6*K6,0) -> 1833246 | Q6: 按揭 | R6: 833246 | T6: 999999.67 | U6: 999999.67 | W6: 6149 | X6: 80 | AB6: 5000 | AG6: 43285 | AH6: =AI6-5000 -> 839475 | AI6: =R6+V6+W6+X6+AA6+AB6+AC6+AD6 -> 844475 | AJ6: =R6+W6+V6+X6+AA6 -> 839475 | AK6: =AI6-AJ6 -> 5000 | AN6: 44841
A7: A0012 | B7: 曾亚赛 | C7: 410425198911271023 | D7: =B7&C7 -> 曾亚赛410425198911271023 | E7: 18703830082 | G7: 3 | I7: 14 | J7: 1431 | K7: 56.44 | L7: 20000 | O7: 8736.07 | P7: =ROUND(O7*K7,0) -> 493064 | Q7: 按揭 | R7: 343064 | S7: / | V7: 150000 | W7: 3668 | X7: 550 | Y7: 签 | AB7: =1516+3000+10 -> 4526 | AG7: 43048 | AI7: =R7+V7+W7+X7+AA7+AB7+AC7+AD7 -> 501808 | AJ7: =R7+W7+V7+X7+AA7 -> 497282 | AK7: =AI7-AJ7 -> 4526 | AN7: 44841
A8: A0013 | B8: 邓玮 | C8: 410103198102193729 | D8: =B8&C8 -> 邓玮410103198102193729 | E8: 13663868877 | G8: 3 | I8: 10 | J8: 1026 | K8: 56.59 | L8: 20000 | O8: 9582.82 | P8: =ROUND(O8*K8,0) -> 542292 | Q8: 按揭 | R8: 272292 | T8: 270000 | U8: =P8-R8 -> 270000 | W8: 3678 | X8: 550 | AG8: 43067 | AH8: =AI8 -> 276520 | AI8: =R8+V8+W8+X8+AA8+AB8+AC8+AD8 -> 276520 | AJ8: =R8+W8+V8+X8+AA8 -> 276520 | AK8: =AI8-AJ8 -> 0 | AN8: 44841
A9: A0014 | B9: 刘平平 | C9: 410105197907146143 | D9: =B9&C9 -> 刘平平410105197907146143 | E9: 13603869675 | G9: 3 | I9: 21 | J9: 2105 | K9: 59.91 | L9: 20000 | O9: 10000 | P9: =ROUND(O9*K9,0) -> 599100 | Q9: 一次性 | R9: 599100 | S9: / | W9: 3894 | X9: 550 | Y9: 签 | AG9: 42848 | AH9: =AI9 -> 603544 | AI9: =R9+V9+W9+X9+AA9+AB9+AC9+AD9 -> 603544 | AJ9: =R9+W9+V9+X9+AA9 -> 603544 | AK9: =AI9-AJ9 -> 0 | AN9: 44841
A10: A0015 | B10: 樊国娜 | C10: 412926197210062545 | D10: =B10&C10 -> 樊国娜412926197210062545 | E10: 15903621377 13838582267 18538253063 | F10: 郑州市金水区黄河路93号院6号楼16号 | G10: 3 | I10: 17 | J10: 1735 | K10: 55.18 | L10: 30000 | O10: 15000 | P10: =ROUND(O10*K10,0) -> 827700 | Q10: 一次性 | R10: 827700 | T10: =P10-R10 -> 0 | AG10: 43526 | AI10: =R10+V10+W10+X10+AA10+AB10+AC10+AD10 -> 827700 | AJ10: =R10+W10+V10+X10+AA10 -> 827700 | AK10: =AI10-AJ10 -> 0 | AL10: 无合同、其中39万为抵工程款 | AN10: 44841
A11: A0016 | B11: 李晓晨 | C11: 410105198503130123 | D11: =B11&C11 -> 李晓晨410105198503130123 | E11: 13939042195 | G11: 3 | I11: 7 | J11: 728 | K11: 64.13 | L11: 20000 | O11: 9183.3 | P11: =ROUND(O11*K11,0) -> 588925 | Q11: 一次性 | R11: 588925 | S11: / | W11: 4168 | X11: 550 | Y11: 签 | AG11: 43167 | AI11: =R11+V11+W11+X11+AA11+AB11+AC11+AD11 -> 593643 | AJ11: =R11+W11+V11+X11+AA11 -> 593643 | AK11: =AI11-AJ11 -> 0 | AN11: 44841
A12: A0017 | B12: 王金钰 | C12: 41010419910409002X | D12: =B12&C12 -> 王金钰41010419910409002X | E12: 15515500527 | G12: 3 | I12: 14 | J12: 1428 | K12: 64.13 | L12: 20000 | O12: 9477.03 | P12: =ROUND(O12*K12,0) -> 607762 | Q12: 按揭 | R12: 307762 | S12: / | V12: 300000 | W12: 4168 | X12: 550 | Y12: 签 | AB12: =3000+1580+230 -> 4810 | AG12: 43069 | AH12: =AI12-AB12 -> 612480 | AI12: =R12+V12+W12+X12+AA12+AB12+AC12+AD12 -> 617290 | AJ12: =R12+W12+V12+X12+AA12 -> 612480 | AK12: =AI12-AJ12 -> 4810 | AN12: 44841
A13: A0018 | B13: 陈峰 | C13: 410105197312231074 | D13: =B13&C13 -> 陈峰410105197312231074 | E13: 18638666569 | G13: 6 | H13: 1 | I13: 17 | J13: 1708 | K13: 109.13 | L13: 19780 | O13: 16000 | P13: =ROUND(O13*K13,0) -> 1746080 | Q13: 按揭 | R13: 876080 | T13: / | V13: 870000 | W13: 7093 | X13: 80 | Y13: 签 | AG13: 43119 | AI13: =R13+V13+W13+X13+AA13+AB13+AC13+AD13 -> 1753253 | AJ13: =R13+W13+V13+X13+AA13 -> 1753253 | AK13: =AI13-AJ13 -> 0 | AN13: 44841
A14: A0019 | B14: 马佳 | C14: 41010319790329244X | D14: =B14&C14 -> 马佳41010319790329244X | E14: 13938239075 | G14: 3 | I14: 12 | J14: 1230 | K14: 57.33 | L14: 20000 | O14: 10052.36 | P14: =ROUND(O14*J14,0) -> 12364403 | Q14: 一次性 | R14: 576302 | S14: / | W14: 3726 | X14: 550 | Y14: 签 | AB14: 3000 | AG14: 43092 | AH14: =AI14-AB14 -> 580578 | AI14: =R14+V14+W14+X14+AA14+AB14+AC14+AD14 -> 583578 | AJ14: =R14+W14+V14+X14+AA14 -> 580578 | AK14: =AI14-AJ14 -> 3000 | AL14: 收据房地产，但款打入实业 | AN14: 44841
A15: A0020 | B15: 刘琳捷 刘大维 | C15: 412702199702017449 | D15: =B15&C15 -> 刘琳捷 刘大维412702199702017449 | E15: 15903640378 | G15: 6 | H15: 1 | I15: 9 | J15: 906 | K15: 86.33 | L15: 17900 | O15: 16000 | P15: =ROUND(O15*K15,0) -> 1381280 | Q15: 按揭 | R15: 713600 | T15: 667680 | U15: =T15 -> 667680 | AG15: 42913 | AH15: =AI15 -> 713600 | AI15: =R15+V15+W15+X15+AA15+AB15+AC15+AD15 -> 713600 | AJ15: =R15+W15+V15+X15+AA15 -> 713600 | AK15: =AI15-AJ15 -> 0 | AN15: 44841
A16: A0021 | B16: 高艳红 | C16: 411081197312111269 | D16: =B16&C16 -> 高艳红411081197312111269 | E16: 17739793883 | G16: 3 | I16: 8 | J16: 806 | K16: 61.66 | L16: 20000 | O16: 9013.99 | P16: =ROUND(O16*K16,0) -> 555803 | Q16: 一次性 | R16: 555803 | S16: / | W16: 4007 | X16: 550 | Y16: 签 | AG16: 43067 | AH16: =AI16 -> 560360 | AI16: =R16+V16+W16+X16+AA16+AB16+AC16+AD16 -> 560360 | AJ16: =R16+W16+V16+X16+AA16 -> 560360 | AK16: =AI16-AJ16 -> 0 | AN16: 44841
A17: A0023 | B17: 艾莉 | C17: 419004196810131289 | D17: =B17&C17 -> 艾莉419004196810131289 | E17: 13839567500 | G17: 3 | I17: 8 | J17: 829 | K17: 57.45 | L17: 20000 | O17: 9823.53 | P17: =ROUND(O17*K17,0) -> 564362 | Q17: 一次性 | R17: 564362 | S17: / | W17: 3734 | X17: 550 | Y17: 签 | AG17: 43067 | AH17: =AI17 -> 568646 | AI17: =R17+V17+W17+X17+AA17+AB17+AC17+AD17 -> 568646 | AJ17: =R17+W17+V17+X17+AA17 -> 568646 | AK17: =AI17-AJ17 -> 0 | AN17: 44841
A18: A0024 | B18: 艾明磊 | C18: 411081197312111293 | D18: =B18&C18 -> 艾明磊411081197312111293 | E18: 18839778619 | G18: 3 | I18: 8 | J18: 807 | K18: 61.94 | L18: 20000 | O18: 9013.53 | P18: =ROUND(O18*K18,0) -> 558298 | Q18: 一次性 | R18: 558298 | S18: / | W18: 4026 | X18: 550 | Y18: 签 | AG18: 43067 | AH18: =AI18 -> 562874 | AI18: =R18+V18+W18+X18+AA18+AB18+AC18+AD18 -> 562874 | AJ18: =R18+W18+V18+X18+AA18 -> 562874 | AK18: =AI18-AJ18 -> 0 | AN18: 44841
A19: A0025 | B19: 艾艳秋 | C19: 410103196309083720 | D19: =B19&C19 -> 艾艳秋410103196309083720 | E19: 13607690334 | G19: 3 | I19: 8 | J19: 830 | K19: 57.33 | L19: 20000 | O19: 9599.65 | P19: =ROUND(O19*K19,0) -> 550348 | Q19: 一次性 | R19: 550348 | S19: / | W19: 3726 | X19: 550 | Y19: 签 | AG19: 43241 | AH19: =AI19 -> 554624 | AI19: =R19+V19+W19+X19+AA19+AB19+AC19+AD19 -> 554624 | AJ19: =R19+W19+V19+X19+AA19 -> 554624 | AK19: =AI19-AJ19 -> 0 | AN19: 44841
A20: A0028 | B20: 李菲 | C20: 410105198406030091 | D20: =B20&C20 -> 李菲410105198406030091 | E20: 15093099119 | G20: 10 | H20: 2 | I20: 19 | J20: 1905 | K20: 93.84 | L20: 9100 | O20: 9000 | P20: =ROUND(O20*K20,0) -> 844560 | Q20: 公积金 | R20: 444560 | T20: / | V20: 400000 | W20: 6099 | X20: 80 | Y20: 签 | AG20: 43091 | AH20: =AJ20 -> 850739 | AI20: =R20+V20+W20+X20+AA20+AB20+AC20+AD20 -> 850739 | AJ20: =R20+W20+V20+X20+AA20 -> 850739 | AK20: =AI20-AJ20 -> 0 | AN20: 44841
A21: A0029 | B21: 李晶晶 | C21: 411282198304052627 | D21: =B21&C21 -> 李晶晶411282198304052627 | E21: 13403711098 15738300204 | G21: 3 | I21: 11 | J21: 1106 | K21: 61.66 | L21: 20000 | O21: 14666.22 | P21: =ROUND(O21*K21,0) -> 904319 | Q21: 按揭 | R21: 454319 | T21: 450000 | W21: 4007 | X21: 550 | Y21: 签 | AB21: =1265 -> 1265 | AG21: 2018/620 | AH21: =X21+W21+R21-135000 -> 323876 | AI21: =R21+V21+W21+X21+AA21+AB21+AC21+AD21 -> 460141 | AJ21: =R21+W21+V21+X21+AA21 -> 458876 | AK21: =AI21-AJ21 -> 1265 | AN21: 44841
A22: A0032 | B22: 李宁 | C22: 410621196310100049 | D22: =B22&C22 -> 李宁410621196310100049 | E22: 13323926092 | G22: 9 | H22: 3 | I22: 19 | J22: 1902 | K22: 99.56 | L22: 19570 | O22: 19570 | P22: =ROUND(O22*K22,0) -> 1948389 | Q22: 一次性 | R22: 1948389 | T22: / | W22: 6471 | X22: 80 | Y22: 签 | AE22: POS | AF22: 恒祥实业兴业1290 | AG22: 43979 | AI22: =R22+V22+W22+X22+AA22+AB22+AC22+AD22 -> 1954940 | AJ22: =R22+W22+V22+X22+AA22 -> 1954940 | AK22: =AI22-AJ22 -> 0 | AN22: 44841
A23: A0034 | B23: 宋秀丽 | C23: 412724197710122942 | D23: =B23&C23 -> 宋秀丽412724197710122942 | E23: 13849091662 | G23: 9 | H23: 3 | I23: 21 | J23: 2103 | K23: 99.56 | L23: 8227 | O23: 8116.5 | P23: =ROUND(O23*K23,0) -> 808079 | Q23: 公积金 | R23: 333763 | T23: / | U23: 154316 | V23: 320000 | W23: 6471 | X23: 80 | Z23: 签 | AC23: 1160070.9 | AD23: =-5000+154316 -> 149316 | AG23: 43096 | AH23: =R23+W23+X23 -> 340314 | AI23: =R23+V23+W23+X23+AA23+AB23+AC23+AD23 -> 1969700.9 | AJ23: =R23+W23+V23+X23+AA23 -> 660314 | AK23: =AI23-AJ23 -> 1309386.9 | AL23: 收据房地产，发票808079元；维修基金少申报5千， | AN23: 44841
A24: A0036 | B24: 张国彬 | C24: 410105197001106110 | D24: =B24&C24 -> 张国彬410105197001106110 | E24: 13213222299 | F24: 郑州市管城回族区烟厂西街30号院1号楼3单元44号 | G24: 3 | I24: 15 | J24: 1523 | K24: 59.07 | L24: 20000 | O24: 11441.27 | P24: =ROUND(O24*K24,0) -> 675836 | Q24: 按揭 | R24: 345836 | T24: / | V24: 330000 | W24: 3839 | X24: 550 | Y24: 签 | AB24: 1253 | AG24: 43805 | AI24: =R24+V24+W24+X24+AA24+AB24+AC24+AD24 -> 681478 | AJ24: =R24+W24+V24+X24+AA24 -> 680225 | AK24: =AI24-AJ24 -> 1253 | AN24: 44841
A25: A0037 | B25: 李永喜 | C25: 410402198112151012 | D25: =B25&C25 -> 李永喜410402198112151012 | E25: 17737716683 | G25: 9 | H25: 3 | I25: 11 | J25: 1101 | K25: 93.4 | L25: 8718 | O25: 8617.61 | P25: =ROUND(O25*K25,0) -> 804885 | Q25: 公积金 | R25: 243885 | T25: 561000 | W25: 6071 | X25: 80 | Y25: 签 | AG25: 43971 | AI25: =R25+V25+W25+X25+AA25+AB25+AC25+AD25 -> 250036 | AJ25: =R25+W25+V25+X25+AA25 -> 250036 | AK25: =AI25-AJ25 -> 0 | AN25: 44841
A26: A0038 | B26: 张茹 | C26: 410103197012052426 | D26: =B26&C26 -> 张茹410103197012052426 | E26: 15981881534 | G26: 3 | I26: 17 | J26: 1732 | K26: 55.78 | L26: 20000 | O26: 13696.526 | P26: =ROUND(O26*K26,0) -> 763992 | Q26: 一次性 | R26: 763992 | T26: / | W26: 3625 | X26: 550 | Y26: 签 | AG26: 43975 | AI26: =R26+V26+W26+X26+AA26+AB26+AC26+AD26 -> 768167 | AJ26: =R26+W26+V26+X26+AA26 -> 768167 | AK26: =AI26-AJ26 -> 0 | AN26: 44841
A27: A0041 | B27: 郑肖雷 | C27: 410203198209160017 | D27: =B27&C27 -> 郑肖雷410203198209160017 | E27: 18530818660 | G27: 10 | H27: 2 | I27: 21 | J27: 2105 | K27: 93.84 | L27: 9100 | O27: 9000 | P27: =ROUND(O27*K27,0) -> 844560 | Q27: 公积金 | R27: 444560 | T27: / | V27: 400000 | W27: 6099 | X27: 80 | Y27: 签 | AC27: 279.63 | AG27: 44027 | AH27: =W27+X27 -> 6179 | AI27: =R27+V27+W27+X27+AA27+AB27+AC27+AD27 -> 851018.63 | AJ27: =R27+W27+V27+X27+AA27 -> 850739 | AK27: =AI27-AJ27 -> 279.63 | AL27: 申报利息：2021.1.1-2022.9.21 444560*629*0.01/10000=279.63 | AN27: 44841
A28: A0042 | B28: 李智瑞 | C28: 410522197810253741 | D28: =B28&C28 -> 李智瑞410522197810253741 | E28: 18537281111 | G28: 3 | I28: 16 | J28: 1602 | K28: 47.59 | L28: 20000 | O28: 12300 | P28: 585357 | Q28: 按揭 | R28: 295357 | T28: / | V28: 290000 | W28: 3093 | X28: 550 | Y28: 签 | AA28: 615 | AB28: =1579+460 -> 2039 | AG28: 43073 | AH28: =R28+W28+X28 -> 299000 | AI28: =R28+V28+W28+X28+AA28+AB28+AC28+AD28 -> 591654 | AJ28: =R28+W28+V28+X28+AA28 -> 589615 | AK28: =AI28-AJ28 -> 2039 | AL28: 多交预约保留金615元，未申报 | AN28: 44841
A29: A0043 | B29: 房书斌 | C29: 410503198012131518 | D29: =B29&C29 -> 房书斌410503198012131518 | E29: 13938691111 | G29: 3 | I29: 17 | J29: 1730 | K29: 57.33 | L29: 20000 | O29: 12300 | P29: 705159 | Q29: 按揭 | R29: 355159 | T29: / | V29: 350000 | W29: 3726 | X29: 550 | Y29: 签 | AA29: 1230 | AB29: =1585 -> 1585 | AG29: 43073 | AH29: =R29+W29+X29 -> 359435 | AI29: =R29+V29+W29+X29+AA29+AB29+AC29+AD29 -> 712250 | AJ29: =R29+W29+V29+X29+AA29 -> 710665 | AK29: =AI29-AJ29 -> 1585 | AL29: 多交预约保留金1230元，未申报 | AN29: 44841
A30: A0044 | B30: 王志勇 | C30: 410105196109231015 | D30: =B30&C30 -> 王志勇410105196109231015 | E30: 15137132351 | G30: 9 | H30: 3 | I30: 30 | J30: 3004 | K30: 94.65 | L30: 8830 | O30: 8729.61 | P30: 826257.73 | Q30: 一次性 | R30: 826258 | T30: 0 | W30: 6152 | X30: 80 | Z30: 签 | AG30: 42255 | AH30: =W30+X30 -> 6232 | AI30: =R30+V30+W30+X30+AA30+AB30+AC30+AD30 -> 832490 | AJ30: =R30+W30+V30+X30+AA30 -> 832490 | AK30: =AI30-AJ30 -> 0 | AN30: 44841
A31: A0047 | B31: 朱箫洁 | C31: 411121198005162027 | D31: =B31&C31 -> 朱箫洁411121198005162027 | E31: 13633812957 | G31: 3 | I31: 22 | J31: 2234 | K31: 55.51 | L31: 30000 | O31: 12500 | P31: =ROUND(O31*K31,0) -> 693875 | Q31: 一次性 | R31: 693875 | T31: / | W31: 3608 | X31: 550 | Y31: 签 | AF31: 恒祥实业 | AG31: 43075 | AI31: =R31+V31+W31+X31+AA31+AB31+AC31+AD31 -> 698033 | AJ31: =R31+W31+V31+X31+AA31 -> 698033 | AK31: =AI31-AJ31 -> 0 | AN31: 44841
A32: A0048 | B32: 付艳艳 | C32: 411081198407311567 | D32: =B32&C32 -> 付艳艳411081198407311567 | E32: 13598081312 | G32: 2 | I32: 11 | J32: 1111 | K32: 49.89 | L32: 30000 | O32: 14632.19 | P32: =ROUND(O32*K32,0) -> 730000 | Q32: 按揭 | R32: 370000 | T32: 360000 | W32: 3242 | X32: 550 | AF32: 恒祥实业兴业银行 | AG32: 43308 | AH32: =R32+W32+X32 -> 373792 | AI32: =R32+V32+W32+X32+AA32+AB32+AC32+AD32 -> 373792 | AJ32: =R32+W32+V32+X32+AA32 -> 373792 | AK32: =AI32-AJ32 -> 0 | AN32: 44841
A33: A0049 | B33: 刘艳 | C33: 412726198509225429 | D33: =B33&C33 -> 刘艳412726198509225429 | E33: 18339985252 | G33: 9 | H33: 3 | I33: 9 | J33: 901 | K33: 93.4 | L33: 8702 | O33: 8601.6 | P33: 803389 | Q33: 公积金 | R33: 483389 | T33: / | V33: 320000 | W33: 6071 | X33: 80 | Z33: 签 | AB33: 1140 | AG33: 43099 | AH33: =W33+X33 -> 6151 | AI33: =R33+V33+W33+X33+AA33+AB33+AC33+AD33 -> 810680 | AJ33: =R33+W33+V33+X33+AA33 -> 809540 | AK33: =AI33-AJ33 -> 1140 | AL33: 维修基金和登记费为房地产收据，房款为实业发票，无流水 | AN33: 44841
A34: A0053 | B34: 孔德丽 | C34: 41010519640414052x | D34: =B34&C34 -> 孔德丽41010519640414052x | E34: 15890610896 | G34: 10 | H34: 2 | I34: 12 | J34: 1206 | K34: 99.52 | L34: 8600 | O34: 8500 | P34: 845920 | Q34: 一次性 | R34: 876602 | S34: -30682 | T34: / | W34: 6468 | X34: 80 | Y34: 签 | AG34: 43976 | AH34: =W34+X34 -> 6548 | AI34: =R34+V34+W34+X34+AA34+AB34+AC34+AD34 -> 883150 | AJ34: =R34+W34+V34+X34+AA34 -> 883150 | AK34: =AI34-AJ34 -> 0 | AN34: 44841
A35: A0054 | B35: 奚合忠 | C35: 410504196411052013 | D35: =B35&C35 -> 奚合忠410504196411052013 | E35: 13643838108 | F35: 郑州市金水区经三路北99号 | G35: 6 | H35: 2 | I35: 6 | J35: 602 | K35: 86.33 | L35: 17900 | O35: 13400 | P35: 1156822 | Q35: 一次性 | R35: =1156822+32767 -> 1189589 | S35: -32767 | T35: / | W35: 5611 | X35: 80 | Y35: 签 | AG35: 44002 | AI35: =R35+V35+W35+X35+AA35+AB35+AC35+AD35 -> 1195280 | AJ35: =R35+W35+V35+X35+AA35 -> 1195280 | AK35: =AI35-AJ35 -> 0 | AL35: 无发票和流水 | AN35: 44841
A36: A0058 | B36: 孟云 | D36: =B36&C36 -> 孟云 | E36: 13903710159 | G36: 9 | H36: 3 | I36: 21 | J36: 2101 | K36: 93.4 | L36: 8998 | O36: 8697.61 | P36: =ROUND(O36*K36,0) -> 812357 | Q36: 按揭 | R36: 300000 | T36: 512356.67 | AG36: 42237 | AH36: =AJ36 -> 300000 | AI36: =R36+V36+W36+X36+AA36+AB36+AC36+AD36 -> 300000 | AJ36: =R36+W36+V36+X36+AA36 -> 300000 | AK36: =AI36-AJ36 -> 0 | AL36: 无发票和流水 | AN36: 44841
A37: A0059 | B37: 李薇 | C37: 410102197503311027 | D37: =B37&C37 -> 李薇410102197503311027 | E37: 13603990388 | G37: 3 | I37: 7 | J37: 701 | K37: 68.05 | L37: 20000 | O37: 8835.9742 | P37: =ROUND(O37*K37,0) -> 601288 | Q37: 按揭 | R37: 302260 | T37: 299028 | U37: =P37-R37 -> 299028 | AG37: 42747 | AI37: =R37+V37+W37+X37+AA37+AB37+AC37+AD37 -> 302260 | AJ37: =R37+W37+V37+X37+AA37 -> 302260 | AK37: =AI37-AJ37 -> 0 | AL37: 无发票和流水 | AN37: 44841
A38: A0061-1 | B38: 郭新战 | C38: 410202197409021010 | D38: =B38&C38 -> 郭新战410202197409021010 | E38: 13298365861 | G38: 3 | I38: 17 | J38: 1727 | K38: 58.41 | L38: 20000 | O38: 13654.61 | P38: 797566 | Q38: 一次性 | R38: 797566 | T38: / | W38: 3796 | X38: 550 | Y38: 签 | AB38: 3000 | AF38: 恒祥实业 | AG38: 42695 | AH38: =R38+W38+X38 -> 801912 | AI38: =R38+V38+W38+X38+AA38+AB38+AC38+AD38 -> 804912 | AJ38: =R38+W38+V38+X38+AA38 -> 801912 | AK38: =AI38-AJ38 -> 3000 | AN38: 44841
A39: A0061-2 | B39: 郭新战 | C39: 410202197409021010 | D39: =B39&C39 -> 郭新战410202197409021010 | E39: 13298365861 | G39: 3 | I39: 17 | J39: 1712 | K39: 65.94 | L39: 20000 | O39: 13013.35 | P39: 858100 | Q39: 一次性 | R39: 858100 | T39: / | W39: 4286 | X39: 550 | Y39: 签 | AB39: 3000 | AF39: 恒祥实业 | AG39: 42695 | AI39: =R39+V39+W39+X39+AA39+AB39+AC39+AD39 -> 865936 | AJ39: =R39+W39+V39+X39+AA39 -> 862936 | AK39: =AI39-AJ39 -> 3000 | AN39: 44841
A40: A0068 | B40: 李海鹏 | C40: 410103198610010079 | D40: =B40&C40 -> 李海鹏410103198610010079 | E40: 18638579566 | G40: 6 | H40: 1 | I40: 19 | J40: 1906 | K40: 86.33 | L40: 17900 | O40: 15000 | P40: 1294950 | Q40: 公积金 | R40: 894950 | T40: / | V40: 400000 | W40: 5611 | X40: 80 | Y40: 签 | AF40: 恒祥实业 | AG40: 43317 | AH40: =R40+W40+X40 -> 900641 | AI40: =R40+V40+W40+X40+AA40+AB40+AC40+AD40 -> 1300641 | AJ40: =R40+W40+V40+X40+AA40 -> 1300641 | AK40: =AI40-AJ40 -> 0 | AL40: 按揭款40万无收据和发票 | AN40: 44841
A41: A0070-1 | B41: 王明 | C41: 412727197507151501 | D41: =B41&C41 -> 王明412727197507151501 | E41: 13223071927 | G41: 2 | I41: 10 | J41: 1015 | K41: 49.74 | L41: 20000 | O41: 8920 | P41: 443681 | Q41: 一次性 | R41: 724338 | S41: -280657 | U41: 0 | W41: 3233 | X41: 550 | Y41: 签 | AF41: 恒祥实业 | AG41: 44049 | AI41: =R41+V41+W41+X41+AA41+AB41+AC41+AD41 -> 728121 | AJ41: =R41+W41+V41+X41+AA41 -> 728121 | AK41: =AI41-AJ41 -> 0 | AL41: 443681为实业发票，无收据 | AN41: 44841
A42: A0070-2 | B42: 王明 | C42: 412727197507151501 | D42: =B42&C42 -> 王明412727197507151501 | E42: 13223071927 13525504411 | G42: 3 | I42: 8 | J42: 827 | K42: 58.41 | L42: 20000 | O42: 9525.34 | P42: 556375 | Q42: 一次性 | R42: 556375 | T42: / | W42: 3796 | X42: 550 | Y42: 签 | AF42: 恒祥实业 | AG42: 44000 | AI42: =R42+V42+W42+X42+AA42+AB42+AC42+AD42 -> 560721 | AJ42: =R42+W42+V42+X42+AA42 -> 560721 | AK42: =AI42-AJ42 -> 0 | AL42: 556375为实业发票，无收据 | AN42: 44841
A43: A0070-3 | B43: 王明 | C43: 412727197507151501 | D43: =B43&C43 -> 王明412727197507151501 | E43: 13223071927 | G43: 2 | I43: 10 | J43: 1020 | K43: 58.79 | L43: 20000 | O43: 8900 | P43: 523231 | Q43: 一次性 | R43: 523231 | U43: 0 | W43: 3821 | X43: 550 | Y43: 签 | AF43: 恒祥实业 | AG43: 44049 | AI43: =R43+V43+W43+X43+AA43+AB43+AC43+AD43 -> 527602 | AJ43: =R43+W43+V43+X43+AA43 -> 527602 | AK43: =AI43-AJ43 -> 0 | AL43: 523231为实业发票，无收据 | AN43: 44841
A44: A0076 | B44: 黄莉 | C44: 413022197904293539 | D44: =B44&C44 -> 黄莉413022197904293539 | E44: 13083606812 | G44: 3 | I44: 12 | J44: 1204 | K44: 56.57 | L44: 20000 | O44: 9605.6 | P44: =ROUND(O44*K44,0) -> 543389 | Q44: 按揭 | R44: 273389 | T44: 270000 | W44: 3677 | X44: 550 | Y44: 签 | AB44: 3000 | AG44: 43839 | AI44: =R44+V44+W44+X44+AA44+AB44+AC44+AD44 -> 280616 | AJ44: =R44+W44+V44+X44+AA44 -> 277616 | AK44: =AI44-AJ44 -> 3000 | AN44: 44841
A45: A0077 | B45: 曹海良 | C45: 410481199012130521 | D45: =B45&C45 -> 曹海良410481199012130521 | E45: 13323821702 | G45: 6 | H45: 1 | I45: 29 | J45: 2906 | K45: 86.33 | L45: 19460 | O45: 19437.04 | P45: 1678000 | Q45: 按揭 | R45: 508000 | T45: 1170000 | W45: 5611 | X45: 80 | AE45: 转账 | AF45: 恒祥实业 | AG45: 43279 | AH45: 513691 | AI45: =R45+V45+W45+X45+AA45+AB45+AC45+AD45 -> 513691 | AJ45: =R45+W45+V45+X45+AA45 -> 513691 | AK45: =AI45-AJ45 -> 0 | AL45: 413691元没有在账套上找到对应凭证 | AN45: 44841
A46: A0078 | B46: 陈杰 | C46: 362501197111070853 | D46: =B46&C46 -> 陈杰362501197111070853 | E46: 18837153292 | G46: 3 | I46: 13 | J46: 1331 | K46: 56.44 | L46: 20000 | O46: 8473.99 | P46: =ROUND(O46*K46,0) -> 478272 | Q46: 按揭 | R46: 248272 | T46: / | V46: 230000 | W46: 3668 | X46: 550 | Y46: 签 | AB46: 1573 | AG46: 43069 | AH46: =AJ46 -> 482490 | AI46: =R46+V46+W46+X46+AA46+AB46+AC46+AD46 -> 484063 | AJ46: =R46+W46+V46+X46+AA46 -> 482490 | AK46: =AI46-AJ46 -> 1573 | AN46: 44841
A47: A0079 | B47: 马二霞 | C47: 412722197904086529 | D47: =B47&C47 -> 马二霞412722197904086529 | E47: 13137128976 | G47: 2 | I47: 7 | J47: 713 | K47: 49.44 | L47: 20000 | O47: 9395.01 | P47: =ROUND(O47*K47,0) -> 464489 | Q47: 一次性 | R47: 464489 | U47: 0 | W47: 3213 | X47: 550 | Y47: 签 | Z47: =P47-R47-U47-V47-T47 -> 0 | AG47: 43393 | AI47: =R47+V47+W47+X47+AA47+AB47+AC47+AD47 -> 468252 | AJ47: =R47+W47+V47+X47+AA47 -> 468252 | AK47: =AI47-AJ47 -> 0 | AN47: 44841
A48: A0080 | B48: 周敏 | C48: 413024198208282622 | D48: =B48&C48 -> 周敏413024198208282622 | E48: 15903616631 | G48: 3 | I48: 15 | J48: 1501 | K48: 68.05 | L48: 20000 | O48: 11116.41 | P48: =ROUND(O48*K48,0) -> 756472 | Q48: 按揭 | R48: 386472 | T48: / | V48: 370000 | W48: 4423 | X48: 550 | Y48: 签 | AB48: 3000 | AG48: 43070 | AI48: =R48+V48+W48+X48+AA48+AB48+AC48+AD48 -> 764445 | AJ48: =R48+W48+V48+X48+AA48 -> 761445 | AK48: =AI48-AJ48 -> 3000 | AN48: 44841
A49: A0082 | B49: 段雪敏 | D49: =B49&C49 -> 段雪敏 | E49: 13937177212 15503719790 | G49: 9 | H49: 3 | I49: 14 | J49: 1401 | K49: 93.4 | L49: 9100 | O49: 9000 | P49: 840600 | Q49: 按揭 | R49: 256900 | T49: 583700 | AG49: 42158 | AH49: =AJ49 -> 256900 | AI49: =R49+V49+W49+X49+AA49+AB49+AC49+AD49 -> 256900 | AJ49: =R49+W49+V49+X49+AA49 -> 256900 | AK49: =AI49-AJ49 -> 0 | AN49: 44841
A50: A0083 | B50: 侯尚君 | D50: =B50&C50 -> 侯尚君 | E50: 18237196555 13613719060 | G50: 3 | I50: 21 | J50: 2135 | K50: 55.18 | L50: 20000 | O50: 10500 | P50: 579390 | Q50: 一次性 | R50: 580020 | S50: -630 | AE50: POS | AF50: 恒祥实业 | AG50: 42866 | AH50: =AJ50 -> 580020 | AI50: =R50+V50+W50+X50+AA50+AB50+AC50+AD50 -> 580020 | AJ50: =R50+W50+V50+X50+AA50 -> 580020 | AK50: =AI50-AJ50 -> 0 | AN50: 44841
A51: A0086 | B51: 冯大伟、赵敏 | C51: 410823198604140057、410823198909200022 | D51: =B51&C51 -> 冯大伟、赵敏410823198604140057、410823198909200022 | E51: 18135678391 | G51: 2 | I51: 24 | J51: 2405 | K51: 47.97 | L51: 30000 | O51: 14732.83 | P51: 706734 | Q51: 按揭 | R51: 356734 | U51: 350000 | W51: 3118 | X51: 560 | Y51: 签 | AB51: 1255 | AE51: POS | AG51: 43806 | AI51: =R51+V51+W51+X51+AA51+AB51+AC51+AD51 -> 361667 | AJ51: =R51+W51+V51+X51+AA51 -> 360412 | AK51: =AI51-AJ51 -> 1255 | AN51: 44841
A52: A0087 | B52: 张璐 | C52: 410105198505230259 | D52: =B52&C52 -> 张璐410105198505230259 | E52: 18137708561 | G52: 9 | H52: 3 | I52: 26 | J52: 2604 | K52: 94.65 | L52: 8798 | O52: 8697.6 | P52: 823228 | Q52: 按揭 | R52: 663228 | T52: / | V52: 160000 | W52: 6152 | X52: 80 | Z52: 签 | AB52: 1107 | AG52: 43093 | AH52: =W52+X52 -> 6232 | AI52: =R52+V52+W52+X52+AA52+AB52+AC52+AD52 -> 830567 | AJ52: =R52+W52+V52+X52+AA52 -> 829460 | AK52: =AI52-AJ52 -> 1107 | AL52: 663228元+按揭款16万无收据，均为实业发票 | AN52: 44841
A53: A0090 | B53: 张利群 | C53: 413026197912067860 | D53: =B53&C53 -> 张利群413026197912067860 | E53: 13253672626 | G53: 3 | I53: 22 | J53: 2235 | K53: 55.18 | L53: 30000 | O53: 14769.84 | P53: 815000 | Q53: 按揭 | R53: 415000 | T53: 400000 | W53: 3586 | X53: 550 | Y53: 签 | AB53: 1260 | AE53: pos | AF53: 恒祥实业 | AG53: 43280 | AH53: 299136 | AI53: =R53+V53+W53+X53+AA53+AB53+AC53+AD53 -> 420396 | AJ53: =R53+W53+V53+X53+AA53 -> 419136 | AK53: =AI53-AJ53 -> 1260 | AN53: 44841
A54: A0091 | B54: 刘磊 | C54: 410102197609112026 | D54: =B54&C54 -> 刘磊410102197609112026 | E54: 13653979882 | G54: 10 | H54: 2 | I54: 24 | J54: 2405 | K54: 93.84 | L54: 12700 | O54: 12600 | P54: 1182384 | Q54: 一次性 | R54: 1237441 | S54: -55057 | T54: / | W54: 6099 | X54: 80 | Y54: 签 | AG54: 42723 | AI54: =R54+V54+W54+X54+AA54+AB54+AC54+AD54 -> 1243620 | AJ54: =R54+W54+V54+X54+AA54 -> 1243620 | AK54: =AI54-AJ54 -> 0 | AN54: 44841
A55: A0098 | B55: 李军辉 | C55: 410105197401171640 | D55: =B55&C55 -> 李军辉410105197401171640 | E55: 18638555069 | G55: 3 | I55: 8 | J55: 801 | K55: 68.05 | L55: 20000 | O55: 8855.5919 | P55: 602623 | Q55: 按揭 | R55: 303597 | T55: 299026 | AG55: 42747 | AI55: =R55+V55+W55+X55+AA55+AB55+AC55+AD55 -> 303597 | AJ55: =R55+W55+V55+X55+AA55 -> 303597 | AK55: =AI55-AJ55 -> 0 | AN55: 44841
A56: A0099 | B56: 梁明磊 | C56: 411422199002253991 | D56: =B56&C56 -> 梁明磊411422199002253991 | E56: 18838907100 | F56: 郑州市管城回族区未来路888号院2号楼35号 | G56: 11 | H56: 3 | I56: 28 | J56: 2803 | K56: 151.44 | L56: 8900 | O56: 8800 | P56: 1332672 | Q56: 一次性 | R56: 1337269 | S56: -4597 | T56: / | W56: 9843 | X56: 80 | Y56: 签 | AG56: 44020 | AH56: 1347192 | AI56: =R56+V56+W56+X56+AA56+AB56+AC56+AD56 -> 1347192 | AJ56: =R56+W56+V56+X56+AA56 -> 1347192 | AK56: =AI56-AJ56 -> 0 | AL56: 2015.8.28交订金1347192元，收据恒祥房地产开具，2020年恒祥实业出具发票 | AN56: 44841
A57: A0101 | B57: 张丹丹 | C57: 410104198006120024 | D57: =B57&C57 -> 张丹丹410104198006120024 | E57: 13613858223 | G57: 3 | H57: 3 | I57: 14 | J57: 1418 | K57: 69.11 | L57: 20000 | O57: 8968.66 | P57: 619824 | Q57: 按揭 | R57: 310824 | T57: / | V57: 309000 | W57: 4492 | X57: 550 | Y57: 签 | AB57: 1581 | AG57: 43068 | AH57: =W57+X57+R57 -> 315866 | AI57: =R57+V57+W57+X57+AA57+AB57+AC57+AD57 -> 626447 | AJ57: =R57+W57+V57+X57+AA57 -> 624866 | AK57: =AI57-AJ57 -> 1581 | AN57: 44841
A58: A0103 | B58: 韦彩梨 | C58: 410329198009153022 | D58: =B58&C58 -> 韦彩梨410329198009153022 | E58: 13783715007 | G58: 6 | H58: 1 | I58: 21 | J58: 2105 | K58: 93.07 | L58: 17900 | O58: 15000 | P58: 1396050 | Q58: 按揭 | R58: 714750 | T58: 681300 | AE58: pos | AF58: 恒祥实业兴业银行 | AG58: 42853 | AH58: 714750 | AI58: =R58+V58+W58+X58+AA58+AB58+AC58+AD58 -> 714750 | AJ58: =R58+W58+V58+X58+AA58 -> 714750 | AK58: =AI58-AJ58 -> 0 | AN58: 44841
A59: A0106 | B59: 赵娟 | C59: 130531198503172021 | D59: =B59&C59 -> 赵娟130531198503172021 | E59: 13633848488/13513719711 | G59: 9 | H59: 3 | I59: 15 | J59: 1503 | K59: 99.56 | L59: 8386 | O59: 8285.6 | P59: 824914 | Q59: 按揭 | R59: 260874 | T59: 564040.49 | AG59: 42163 | AH59: 260874 | AI59: =R59+V59+W59+X59+AA59+AB59+AC59+AD59 -> 260874 | AJ59: =R59+W59+V59+X59+AA59 -> 260874 | AK59: =AI59-AJ59 -> 0 | AN59: 44841
A60: A0107-1 | B60: 张洪丽 | C60: 410622197212220507 | D60: =B60&C60 -> 张洪丽410622197212220507 | E60: 18503827366 | G60: 3 | I60: 11 | J60: 1133 | K60: 55.05 | L60: 20000 | O60: 10062.52 | P60: 553942 | Q60: 按揭 | R60: 283942 | T60: 270000 | W60: 3578 | X60: 550 | AB60: 1248 | AG60: 43092 | AH60: =AJ60 -> 288070 | AI60: =R60+V60+W60+X60+AA60+AB60+AC60+AD60 -> 289318 | AJ60: =R60+W60+V60+X60+AA60 -> 288070 | AK60: =AI60-AJ60 -> 1248 | AN60: 44841
A61: A0107-2 | B61: 张洪丽 | C61: 410622197212220507 | D61: =B61&C61 -> 张洪丽410622197212220507 | E61: 18503827366 | G61: 3 | I61: 11 | J61: 1132 | K61: 55.78 | L61: 20000 | O61: 10013.03 | P61: 558527 | Q61: 按揭 | R61: 288527 | T61: 270000 | W61: 3625 | X61: 550 | AB61: 1248 | AG61: 43092 | AH61: =AJ61 -> 292702 | AI61: =R61+V61+W61+X61+AA61+AB61+AC61+AD61 -> 293950 | AJ61: =R61+W61+V61+X61+AA61 -> 292702 | AK61: =AI61-AJ61 -> 1248 | AN61: 44841
A62: A0114 | B62: 李晶磊、胡晓燕 | C62: 412722198008050143/412722197903170032 | D62: =B62&C62 -> 李晶磊、胡晓燕412722198008050143/412722197903170032 | E62: 15138278333 | G62: 3 | I62: 13 | J62: 1328 | K62: 64.13 | L62: 20000 | O62: 9477.03 | P62: 607762 | Q62: 按揭 | R62: 307762 | S62: / | V62: 300000 | W62: 4168 | X62: 560 | Y62: 签 | AG62: 43067 | AH62: =AJ62 -> 612490 | AI62: =R62+V62+W62+X62+AA62+AB62+AC62+AD62 -> 612490 | AJ62: =R62+W62+V62+X62+AA62 -> 612490 | AK62: =AI62-AJ62 -> 0 | AN62: 44841
A63: A0115 | B63: 王建霞 | C63: 41010519801128162x | D63: =B63&C63 -> 王建霞41010519801128162x | E63: 13526680081 | G63: 9 | H63: 3 | I63: 23 | J63: 2302 | K63: 99.56 | L63: 8750 | O63: 8649.61 | P63: 861155 | Q63: 按揭 | R63: 361155 | T63: 500000 | W63: 6471 | X63: 80 | AB63: 1136 | AG63: 43094 | AH63: =W63+X63 -> 6551 | AI63: =R63+V63+W63+X63+AA63+AB63+AC63+AD63 -> 368842 | AJ63: =R63+W63+V63+X63+AA63 -> 367706 | AK63: =AI63-AJ63 -> 1136 | AN63: 44841
A64: A0117 | B64: 李瑞娟 | C64: 410105193610032729 | D64: =B64&C64 -> 李瑞娟410105193610032729 | E64: 13901891583/86546630 | G64: 11 | H64: 3 | I64: 20 | J64: 2001 | K64: 149.28 | L64: 12700 | O64: 12600 | P64: 1880928 | Q64: 一次性 | R64: 1880928 | S64: / | W64: 9703 | X64: 80 | Y64: 签 | AG64: 43973 | AI64: =R64+V64+W64+X64+AA64+AB64+AC64+AD64 -> 1890711 | AJ64: =R64+W64+V64+X64+AA64 -> 1890711 | AK64: =AI64-AJ64 -> 0 | AN64: 44841
A65: A0120 | B65: 李雅莉 | C65: 412724199401091862 | D65: =B65&C65 -> 李雅莉412724199401091862 | E65: 13676972576 | F65: 郑州市金水区沙口路3号院6号楼14号 | G65: 11 | H65: 3 | I65: 16 | J65: 1602 | K65: 95.81 | L65: 19970 | O65: 19965 | P65: =ROUND(K65*O65,0) -> 1912847 | Q65: 按揭 | R65: 1082847 | S65: / | V65: 830000 | W65: 6227 | X65: 80 | Y65: 签 | AD65: -830000 | AG65: 43984 | AI65: =R65+V65+W65+X65+AA65+AB65+AC65+AD65 -> 1089154 | AJ65: =R65+W65+V65+X65+AA65 -> 1919154 | AK65: =AI65-AJ65 -> -830000 | AL65: 未申报按揭回款83万，联系债权人核实情况 | AN65: 44841
A66: A0126 | B66: 吕翔 | C66: 410104197303062516 | D66: =B66&C66 -> 吕翔410104197303062516 | E66: 18639551801 | G66: 11 | H66: 3 | I66: 16 | J66: 1603 | K66: 151.44 | L66: 8300 | O66: 8200 | P66: =ROUND(K66*O66,0) -> 1241808 | Q66: 一次性 | R66: 1245415 | S66: -3607 | T66: / | W66: 9843 | X66: 80 | Y66: 签 | AE66: pos | AF66: 恒祥实业兴业银行 | AG66: 42166 | AI66: =R66+V66+W66+X66+AA66+AB66+AC66+AD66 -> 1255338 | AJ66: =R66+W66+V66+X66+AA66 -> 1255338 | AK66: =AI66-AJ66 -> 0 | AN66: 44841
A67: A0128 | B67: 贾丹丹 | C67: 412728198903171521 | D67: =B67&C67 -> 贾丹丹412728198903171521 | E67: 13523029259 | G67: 9 | H67: 3 | I67: 14 | J67: 1403 | K67: 99.56 | L67: 10822 | O67: 10722 | P67: =ROUND(O67*K67,0) -> 1067482 | Q67: 按揭 | R67: 327482 | T67: 740000 | W67: 6471 | X67: 80 | AE67: pos | AF67: 恒祥实业中国银行30万 | AG67: 41628 | AH67: 300000 | AI67: =R67+V67+W67+X67+AA67+AB67+AC67+AD67 -> 334033 | AJ67: =R67+W67+V67+X67+AA67 -> 334033 | AK67: =AI67-AJ67 -> 0 | AL67: 房地产收据2019年换成恒祥实业 | AN67: 44841
A68: A0130-1 | B68: 邓继锋 | C68: 410304197504151030 | D68: =B68&C68 -> 邓继锋410304197504151030 | E68: 17703885766 13653796669 | G68: 9 | H68: 3 | I68: 4 | J68: 403 | K68: 98.96 | L68: 9100 | O68: 9000 | P68: 890640 | Q68: 公积金 | R68: 690640 | T68: / | V68: 200000 | W68: 6432 | X68: 80 | Z68: 签 | AG68: 43135 | AH68: =W68+X68 -> 6512 | AI68: =R68+V68+W68+X68+AA68+AB68+AC68+AD68 -> 897152 | AJ68: =R68+W68+V68+X68+AA68 -> 897152 | AK68: =AI68-AJ68 -> 0 | AL68: 房款890640有发票，无收据 | AN68: 44841
A69: A0130-2 | B69: 邓继锋 张媛媛 | C69: 410302197712011048 | D69: =B69&C69 -> 邓继锋 张媛媛410302197712011048 | E69: 13623883388 13653796669 | G69: 2 | I69: 10 | J69: 1006 | K69: 49.74 | L69: 20000 | O69: 8824.99 | P69: 438955 | Q69: 一次性 | R69: 438955 | U69: 0 | W69: 3233 | X69: 560 | Y69: 签 | AG69: 43090 | AH69: =W69+X69 -> 3793 | AI69: =R69+V69+W69+X69+AA69+AB69+AC69+AD69 -> 442748 | AJ69: =R69+W69+V69+X69+AA69 -> 442748 | AK69: =AI69-AJ69 -> 0 | AL69: 房款438955有发票，无收据 | AN69: 44841
A70: A0132 | B70: 徐进 | C70: 410126196508010043 | D70: =B70&C70 -> 徐进410126196508010043 | E70: 15837187649 | G70: 9 | H70: 3 | I70: 24 | J70: 2401 | K70: 93.4 | L70: 9100 | O70: 9000 | P70: 840600 | Q70: 按揭 | R70: 590600 | T70: 250000 | W70: 6071 | X70: 80 | Z70: 签 | AB70: 1305 | AG70: 44077 | AI70: =R70+V70+W70+X70+AA70+AB70+AC70+AD70 -> 598056 | AJ70: =R70+W70+V70+X70+AA70 -> 596751 | AK70: =AI70-AJ70 -> 1305 | AL70: 无发票和流水 | AN70: 44841
A71: A0140 | B71: 赵付安 | C71: 412932196407170016 | D71: =B71&C71 -> 赵付安412932196407170016 | E71: 15737167187/18538448696 | G71: 3 | I71: 16 | J71: 1633 | K71: 55.05 | L71: 20000 | O71: 13000 | P71: =ROUND(O71*K71,0) -> 715650 | Q71: 按揭 | R71: 366430 | T71: 349220 | AE71: pos | AF71: 恒祥实业 | AG71: 42812 | AI71: =R71+V71+W71+X71+AA71+AB71+AC71+AD71 -> 366430 | AJ71: =R71+W71+V71+X71+AA71 -> 366430 | AK71: =AI71-AJ71 -> 0 | AN71: 44841
A72: A0146 | B72: 高婉予 | C72: 410105199107080027 | D72: =B72&C72 -> 高婉予410105199107080027 | E72: 15738861887 | G72: 3 | I72: 7 | J72: 731 | K72: 56.44 | L72: 20000 | O72: 12470 | P72: =ROUND(O72*K72,0) -> 703807 | Q72: 按揭 | R72: 503807 | T72: 200000 | W72: 3668 | X72: 550 | Y72: 签 | AB72: 1000 | AG72: 43082 | AI72: =R72+V72+W72+X72+AA72+AB72+AC72+AD72 -> 509025 | AJ72: =R72+W72+V72+X72+AA72 -> 508025 | AK72: =AI72-AJ72 -> 1000 | AN72: 44841
A73: A0152 | B73: 陈军 | C73: 410105196610220520 | D73: =B73&C73 -> 陈军410105196610220520 | E73: 18603869007 | G73: 3 | I73: 7 | J73: 724 | K73: 58.01 | L73: 20000 | O73: 9215.65 | P73: =ROUND(O73*K73,0) -> 534600 | Q73: 一次性 | R73: 534600 | T73: / | W73: 3770 | X73: 550 | Y73: 签 | AG73: 43068 | AH73: =R73+W73+X73 -> 538920 | AI73: =R73+V73+W73+X73+AA73+AB73+AC73+AD73 -> 538920 | AJ73: =R73+W73+V73+X73+AA73 -> 538920 | AK73: =AI73-AJ73 -> 0 | AN73: 44841
A74: A0157 | B74: 邢素娟 | C74: 410727198209162045 | D74: =B74&C74 -> 邢素娟410727198209162045 | E74: 15516578201 15537318529 | G74: 3 | I74: 19 | J74: 1927 | K74: 58.41 | L74: 20000 | O74: 12000 | P74: =ROUND(O74*K74,0) -> 700920 | Q74: 一次性 | R74: 700920 | T74: / | W74: 3796 | X74: 550 | Y74: 签 | AE74: pos | AF74: 恒祥实业兴业银行 | AG74: 43157 | AH74: 705266 | AI74: =R74+V74+W74+X74+AA74+AB74+AC74+AD74 -> 705266 | AJ74: =R74+W74+V74+X74+AA74 -> 705266 | AK74: =AI74-AJ74 -> 0 | AN74: 44841
A75: A0168 | B75: 杨子江 | C75: 410105194906053312 | D75: =B75&C75 -> 杨子江410105194906053312 | E75: 17737160299 | G75: 10 | H75: 2 | I75: 6 | J75: 605 | K75: 93.84 | L75: 12700 | O75: 12600 | P75: 1182384 | Q75: 一次性 | R75: 1237441 | S75: -55057 | T75: / | W75: 6099 | X75: 80 | Y75: 签 | AG75: 43975 | AI75: =R75+V75+W75+X75+AA75+AB75+AC75+AD75 -> 1243620 | AJ75: =R75+W75+V75+X75+AA75 -> 1243620 | AK75: =AI75-AJ75 -> 0 | AN75: 44841
A76: A0170 | B76: 张跃武 | C76: 410105197302136153 | D76: =B76&C76 -> 张跃武410105197302136153 | E76: 13557598427 | G76: 9 | H76: 3 | I76: 4 | J76: 404 | K76: 93.85 | L76: 19980 | O76: 14000 | P76: =ROUND(O76*K76,0) -> 1313900 | Q76: 一次性 | R76: 1405600 | S76: -91700 | T76: / | AG76: 43059 | AH76: 1405600 | AI76: =R76+V76+W76+X76+AA76+AB76+AC76+AD76 -> 1405600 | AJ76: =R76+W76+V76+X76+AA76 -> 1405600 | AK76: =AI76-AJ76 -> 0 | AN76: 44841
A77: A0172 | B77: 靳慧文 | C77: 410522198511292841 | D77: =B77&C77 -> 靳慧文410522198511292841 | E77: 18530856855/13592687869 | G77: 3 | H77: 3 | I77: 14 | J77: 1419 | K77: 70.67 | L77: 20000 | O77: 8735.52 | P77: =ROUND(O77*K77,0) -> 617339 | Q77: 按揭 | R77: 317339 | V77: 300000 | W77: 4593 | X77: 550 | Y77: 签 | AD77: =-(4593+550) -> -5143 | AG77: 43284 | AI77: =R77+V77+W77+X77+AA77+AB77+AC77+AD77 -> 617339 | AJ77: =R77+W77+V77+X77+AA77 -> 622482 | AK77: =AI77-AJ77 -> -5143 | AL77: 未提供收据，未申报维修基金和产权登记费，联系债权人核实缴纳情况 | AN77: 44841
A78: A0173 | B78: 肖学功 | C78: 41010519810220841x | D78: =B78&C78 -> 肖学功41010519810220841x | E78: 13526679746 | G78: 11 | H78: 3 | I78: 29 | J78: 2901 | K78: 149.28 | L78: 17900 | O78: 15000 | P78: =ROUND(K78*O78,0) -> 2239200 | Q78: 按揭 | R78: 689200 | S78: / | V78: 1550000 | W78: 9703 | X78: 80 | Y78: 签 | AB78: =1435+230+33588 -> 35253 | AG78: 42635 | AH78: 698983 | AI78: =R78+V78+W78+X78+AA78+AB78+AC78+AD78 -> 2284236 | AJ78: =R78+W78+V78+X78+AA78 -> 2248983 | AK78: =AI78-AJ78 -> 35253 | AL78: 其他金额恒祥实业已开发票 | AN78: 44841
A79: A0174 | B79: 孙继才 | C79: 41022119710914021x | D79: =B79&C79 -> 孙继才41022119710914021x | E79: 17603829287 | G79: 11 | H79: 3 | I79: 17 | J79: 1701 | K79: 149.28 | L79: 11223 | O79: 11123.001 | P79: 1660442 | Q79: 按揭 | R79: 397459.2 | T79: 1262982.7 | U79: 1262982.7 | AG79: 42041 | AH79: =AJ79 -> 397459.2 | AI79: =R79+V79+W79+X79+AA79+AB79+AC79+AD79 -> 397459.2 | AJ79: =R79+W79+V79+X79+AA79 -> 397459.2 | AK79: =AI79-AJ79 -> 0 | AL79: 原销控表已交房款397459元，孙继才附收据397459.2元 | AN79: 44841
A80: A0175 | B80: 相爱伦 | C80: 410412196910260022 | D80: =B80&C80 -> 相爱伦410412196910260022 | E80: 13837560897 | G80: 3 | H80: 3 | I80: 12 | J80: 1209 | K80: 62.31 | L80: 20000 | O80: 8976.7 | P80: =ROUND(O80*K80,0) -> 559338 | Q80: 一次性 | R80: 559338 | T80: / | W80: 4050 | X80: 550 | Y80: 签 | AG80: 42724 | AH80: 563938 | AI80: =R80+V80+W80+X80+AA80+AB80+AC80+AD80 -> 563938 | AJ80: =R80+W80+V80+X80+AA80 -> 563938 | AK80: =AI80-AJ80 -> 0 | AN80: 44841
A81: A0177 | B81: 姜勃 | C81: 410105198904270119 | D81: =B81&C81 -> 姜勃410105198904270119 | E81: 13643714702/13683803219 | G81: 11 | H81: 3 | I81: 25 | J81: 2501 | K81: 149.28 | L81: 17900 | O81: 13800 | P81: 2060064 | Q81: 一次性 | R81: 2060064 | S81: / | W81: 9703 | X81: 80 | Y81: 签 | AG81: 43156 | AH81: =AI81 -> 2069847 | AI81: =R81+V81+W81+X81+AA81+AB81+AC81+AD81 -> 2069847 | AJ81: =R81+W81+V81+X81+AA81 -> 2069847 | AK81: =AI81-AJ81 -> 0 | AN81: 44841
A82: A0178 | B82: 任梅 | C82: 412701197211112024 | D82: =B82&C82 -> 任梅412701197211112024 | E82: 18738865162 | G82: 3 | I82: 8 | J82: 823 | K82: 59.07 | L82: 20000 | O82: 9376.21 | P82: 553853 | Q82: 按揭 | R82: 283853 | T82: / | V82: 270000 | W82: 3839 | X82: 550 | Y82: 签 | AB82: 3000 | AG82: 43068 | AI82: =R82+V82+W82+X82+AA82+AB82+AC82+AD82 -> 561242 | AJ82: =R82+W82+V82+X82+AA82 -> 558242 | AK82: =AI82-AJ82 -> 3000 | AN82: 44841
A83: A0179 | B83: 王静 | C83: 410103198006089024 | D83: =B83&C83 -> 王静410103198006089024 | E83: 13837190125/18638622899 | G83: 9 | H83: 3 | I83: 29 | J83: 2904 | K83: 94.65 | L83: 17900 | O83: 13800 | P83: 1306170 | Q83: 一次性 | R83: 1379288 | S83: -73118 | T83: / | W83: 6152 | X83: 80 | Y83: 签 | AI83: =R83+V83+W83+X83+AA83+AB83+AC83+AD83 -> 1385520 | AJ83: =R83+W83+V83+X83+AA83 -> 1385520 | AK83: =AI83-AJ83 -> 0 | AN83: 44841
A84: A0180-1 | B84: 李新雨 | C84: 412725198911121162 | D84: =B84&C84 -> 李新雨412725198911121162 | E84: 13619846934 | G84: 3 | I84: 11 | J84: 1109 | K84: 62.31 | L84: 20000 | O84: 8950.65 | P84: =ROUND(O84*K84,0) -> 557715 | Q84: 按揭 | R84: 287715 | T84: / | V84: 270000 | W84: 4050 | X84: 550 | Y84: 签 | AB84: =3000+1877 -> 4877 | AE84: pos | AF84: 恒祥实业 | AG84: 43068 | AH84: =R84+W84+X84 -> 292315 | AI84: =R84+V84+W84+X84+AA84+AB84+AC84+AD84 -> 567192 | AJ84: =R84+W84+V84+X84+AA84 -> 562315 | AK84: =AI84-AJ84 -> 4877 | AN84: 44841
A85: A0180-2 | B85: 李新雨 | C85: 412725198911121162 | D85: =B85&C85 -> 李新雨412725198911121162 | E85: 13619846934 | G85: 3 | I85: 11 | J85: 1108 | K85: 61.98 | L85: 20000 | O85: 9103.45 | P85: =ROUND(O85*K85,0) -> 564232 | Q85: 按揭 | R85: 284232 | T85: 280000 | W85: 4028 | X85: 550 | Y85: 签 | AB85: 4877 | AE85: pos | AG85: 43190 | AH85: =R85+W85+X85 -> 288810 | AI85: =R85+V85+W85+X85+AA85+AB85+AC85+AD85 -> 293687 | AJ85: =R85+W85+V85+X85+AA85 -> 288810 | AK85: =AI85-AJ85 -> 4877 | AN85: 44841
A86: A0184 | B86: 党培 | C86: 410102197108045523 | D86: =B86&C86 -> 党培410102197108045523 | E86: 18537145160 | G86: 6 | H86: 1 | I86: 22 | J86: 2207 | K86: 86.33 | L86: 17900 | O86: 15000 | P86: =ROUND(O86*K86,0) -> 1294950 | Q86: 公积金 | R86: 894950 | T86: / | V86: 400000 | W86: 5611 | X86: 80 | Y86: 签 | AG86: 43312 | AH86: 900641 | AI86: =R86+V86+W86+X86+AA86+AB86+AC86+AD86 -> 1300641 | AJ86: =R86+W86+V86+X86+AA86 -> 1300641 | AK86: =AI86-AJ86 -> 0 | AN86: 44841
A87: A0186 | B87: 李贵州 | C87: 410725198201223031 | D87: =B87&C87 -> 李贵州410725198201223031 | E87: 13523581098/13598631604、13353717211 | G87: 9 | H87: 3 | I87: 25 | J87: 2501 | K87: 93.4 | L87: 11012 | O87: 8729.6 | P87: 815345 | Q87: 按揭 | R87: 495345 | T87: / | V87: 320000 | W87: 6071 | X87: 80 | Y87: 签 | AB87: =1116+1252 -> 2368 | AG87: 43088 | AH87: 421496 | AI87: =R87+V87+W87+X87+AA87+AB87+AC87+AD87 -> 823864 | AJ87: =R87+W87+V87+X87+AA87 -> 821496 | AK87: =AI87-AJ87 -> 2368 | AN87: 44841
A88: A0187 | B88: 张美平/张保平 | C88: 410402197208303522/410402196706113540 | D88: =B88&C88 -> 张美平/张保平410402197208303522/410402196706113540 | E88: 15637118919/15637565601、15637513755 | G88: 3 | H88: 3 | I88: 14 | J88: 1410 | K88: 63 | L88: 20000 | O88: 9132.86 | P88: =ROUND(O88*K88,0) -> 575370 | Q88: 一次性 | R88: 575370 | S88: / | W88: 4095 | X88: 560 | Y88: 签 | AG88: 44022 | AI88: =R88+V88+W88+X88+AA88+AB88+AC88+AD88 -> 580025 | AJ88: =R88+W88+V88+X88+AA88 -> 580025 | AK88: =AI88-AJ88 -> 0 | AN88: 44841
A89: A0190 | B89: 杨保强 | C89: 412928197106083234 | D89: =B89&C89 -> 杨保强412928197106083234 | E89: 13598032957 | G89: 9 | H89: 3 | I89: 17 | J89: 1702 | K89: 99.56 | L89: 19570 | O89: 18591.5 | P89: 1850970 | Q89: 按揭 | R89: 560970 | T89: 1290000 | AG89: 43135 | AH89: =AJ89 -> 560970 | AI89: =R89+V89+W89+X89+AA89+AB89+AC89+AD89 -> 560970 | AJ89: =R89+W89+V89+X89+AA89 -> 560970 | AK89: =AI89-AJ89 -> 0 | AN89: 44841
A90: A0192 | B90: 李强 | C90: 320311198203216430 | D90: =B90&C90 -> 李强320311198203216430 | E90: 15333808699 | G90: 9 | H90: 3 | I90: 20 | J90: 2004 | K90: 94.65 | L90: 8750 | O90: 8649.6 | P90: 818685 | Q90: 公积金 | R90: 418685 | T90: / | V90: 400000 | W90: 6152 | X90: 80 | Z90: 签 | AG90: 43095 | AH90: =W90+X90 -> 6232 | AI90: =R90+V90+W90+X90+AA90+AB90+AC90+AD90 -> 824917 | AJ90: =R90+W90+V90+X90+AA90 -> 824917 | AK90: =AI90-AJ90 -> 0 | AL90: 房款818685有发票无收据 | AN90: 44841
A91: A0193 | B91: 刘梅 | C91: 410526196902183040 | D91: =B91&C91 -> 刘梅410526196902183040 | E91: 18638608764 | G91: 3 | I91: 7 | J91: 712 | K91: 65.94 | L91: 20000 | O91: 8842.71 | P91: 583088 | Q91: 按揭 | R91: 295088 | T91: 288000 | W91: 4286 | X91: 550 | Y91: 签 | AG91: 43189 | AH91: =AJ91 -> 299924 | AI91: =R91+V91+W91+X91+AA91+AB91+AC91+AD91 -> 299924 | AJ91: =R91+W91+V91+X91+AA91 -> 299924 | AK91: =AI91-AJ91 -> 0 | AN91: 44841
A92: A0199 | B92: 冯秋霞 | D92: =B92&C92 -> 冯秋霞 | E92: 13783461920、17788133362 | G92: 10 | H92: 2 | I92: 7 | J92: 706 | K92: 99.52 | L92: 9100 | O92: 9000 | P92: 895680 | Q92: 按揭 | R92: 285100 | T92: 610580 | AE92: POS | AF92: 恒祥实业 | AG92: 42159 | AH92: =AJ92 -> 285100 | AI92: =R92+V92+W92+X92+AA92+AB92+AC92+AD92 -> 285100 | AJ92: =R92+W92+V92+X92+AA92 -> 285100 | AK92: =AI92-AJ92 -> 0 | AN92: 44841
A93: A0201-1 | B93: 韩云辉 | C93: 410105195803250027 | D93: =B93&C93 -> 韩云辉410105195803250027 | E93: 13526786655 | G93: 10 | H93: 2 | I93: 15 | J93: 1505 | K93: 93.84 | L93: 8900 | O93: 8800 | P93: 825792 | Q93: 一次性 | R93: 825792 | T93: / | W93: 6099 | X93: 80 | Y93: 签 | AG93: 43092 | AH93: =AJ93 -> 831971 | AI93: =R93+V93+W93+X93+AA93+AB93+AC93+AD93 -> 831971 | AJ93: =R93+W93+V93+X93+AA93 -> 831971 | AK93: =AI93-AJ93 -> 0 | AL93: 已开实业发票 | AN93: 44841
A94: A0201-2 | B94: 韩云辉 | C94: 410105195803050027 | D94: =B94&C94 -> 韩云辉410105195803050027 | E94: 13526786655 | G94: 3 | I94: 5 | J94: 506 | K94: 61.69 | L94: 20000 | O94: 8721.77 | P94: 538046 | Q94: 一次性 | R94: 538046 | T94: 0 | W94: 4009 | X94: 550 | Y94: 签 | AG94: 43189 | AH94: =AJ94 -> 542605 | AI94: =R94+V94+W94+X94+AA94+AB94+AC94+AD94 -> 542605 | AJ94: =R94+W94+V94+X94+AA94 -> 542605 | AK94: =AI94-AJ94 -> 0 | AL94: 已开实业发票 | AN94: 44841
A95: A0202 | B95: 申颖 | C95: 41010919750204244X | D95: =B95&C95 -> 申颖41010919750204244X | E95: 13598055393/13503814664 | G95: 3 | I95: 22 | J95: 2225 | K95: 66.94 | L95: 30000 | O95: 15177.59 | P95: 1015988 | Q95: 按揭 | R95: 515988 | S95: / | V95: 500000 | W95: 4351 | X95: 550 | Y95: 签 | AG95: 43325 | AH95: =R95-150000 -> 365988 | AI95: =R95+V95+W95+X95+AA95+AB95+AC95+AD95 -> 1020889 | AJ95: =R95+W95+V95+X95+AA95 -> 1020889 | AK95: =AI95-AJ95 -> 0 | AN95: 44841
A96: A0204 | B96: 桑香珍 | D96: =B96&C96 -> 桑香珍 | G96: 10 | H96: 中 | J96: 2508 | K96: 94.61 | P96: 1797590 | R96: 1797590 | AI96: =R96+V96+W96+X96+AA96+AB96+AC96+AD96 -> 1797590 | AJ96: =R96+W96+V96+X96+AA96 -> 1797590 | AK96: =AI96-AJ96 -> 0 | AL96: 吴新芳债务抵房，仅提房地产盖章收据和认购协议。但吴新芳的所对应的债权主体是实业还是房地产或其他并不明确；;11月20号补充资料：吴新芳与桑香珍的债权转让协议；吴新芳给恒祥实业送酒的送货单及白恒签字的收据 | AN96: 44841
A97: A0205 | B97: 康志霞 | D97: =B97&C97 -> 康志霞 | G97: 10 | H97: 中 | J97: 1508 | K97: 94.61 | P97: 1797590 | R97: 1797590 | AI97: =R97+V97+W97+X97+AA97+AB97+AC97+AD97 -> 1797590 | AJ97: =R97+W97+V97+X97+AA97 -> 1797590 | AK97: =AI97-AJ97 -> 0 | AL97: 吴新芳债务抵房，仅提房地产盖章收据和认购协议。但吴新芳的所对应的债权主体是实业还是房地产或其他并不明确； 11月20号补充资料：吴新芳与康志霞的债权转让协议；吴新芳给恒祥实业送酒的送货单及白恒签字的收据 | AN97: 44841
A98: A0206 | B98: 杨斐 | C98: 410882198610117523 | D98: =B98&C98 -> 杨斐410882198610117523 | E98: 15225105599 | G98: 11 | H98: 3 | I98: 21 | J98: 2102 | K98: 95.81 | L98: 19970 | O98: 16000 | P98: 1532960 | Q98: 一次性 | R98: 1532960 | S98: / | W98: 6227 | X98: 80 | Y98: 签 | AG98: 43218 | AH98: 6307 | AI98: =R98+V98+W98+X98+AA98+AB98+AC98+AD98 -> 1539267 | AJ98: =R98+W98+V98+X98+AA98 -> 1539267 | AK98: =AI98-AJ98 -> 0 | AN98: 44841
A99: A0208 | B99: 李利晖 | C99: 410381198205010542 | D99: =B99&C99 -> 李利晖410381198205010542 | E99: 13838883533 | G99: 3 | H99: 3 | I99: 14 | J99: 1401 | K99: 68.05 | L99: 20000 | O99: 9217.38 | P99: 627243 | Q99: 按揭 | R99: 314243 | T99: 313000 | W99: 4423 | X99: 550 | Y99: 签 | AG99: 43068 | AH99: 319216 | AI99: =R99+V99+W99+X99+AA99+AB99+AC99+AD99 -> 319216 | AJ99: =R99+W99+V99+X99+AA99 -> 319216 | AK99: =AI99-AJ99 -> 0 | AL99: 资料邮寄给贾律师 | AN99: 44841
A100: A0216 | B100: 安世红 | C100: 412323196507120033 | D100: =B100&C100 -> 安世红412323196507120033 | E100: 15538311519 | G100: 3 | H100: 3 | I100: 15 | J100: 1524 | K100: 58.01 | L100: 20000 | O100: 11489.95 | P100: 666532 | Q100: 按揭 | R100: 336532 | T100: / | V100: 330000 | W100: 3770 | X100: 550 | Y100: 签 | AB100: 1583 | AG100: 43067 | AH100: 340852 | AI100: =R100+V100+W100+X100+AA100+AB100+AC100+AD100 -> 672435 | AJ100: =R100+W100+V100+X100+AA100 -> 670852 | AK100: =AI100-AJ100 -> 1583 | AN100: 44841
...

Sheet 车位
A1: 材料编号 | B1: 姓名 | C1: 电话 | D1: 身份证 | E1: 层次 | F1: 车位号 | G1: 新编号 | H1: 已交款 | I1: 利息/违约金 | J1: 债权发生时间 | K1: 房地产收据金额 | L1: 申报金额 | M1: 核定金额 | N1: 差异 | O1: 备注 | P1: 登记人 | Q1: 登记日期 | T1: 申报金额合计 | U1: =SUM(L:L) -> 16667358 | V1: 核定金额合计 | W1: =SUM(M:M) -> 16667358 | X1: 累计登记数量 | Y1: =COUNTA(A:A)-1 -> 69
A2: A0004 | B2: 孙晓佳 | C2: 13526699667 | E2: -4 | F2: 1573 | G2: 111 | H2: 160000 | J2: 42748 | L2: =H2+I2 -> 160000 | M2: =L2 -> 160000 | N2: =L2-M2 -> 0 | Q2: 44841 | R2: =H2-L2 -> 0
A3: A0005 | B3: 李甲 | C3: 18530021611 | E3: -4 | F3: 1519 | G3: 226 | H3: 160000 | J3: 42748 | L3: =H3+I3 -> 160000 | M3: =L3 -> 160000 | N3: =L3-M3 -> 0 | Q3: 44841 | R3: =H3-L3 -> 0
A4: A0034 | B4: 宋秀丽 | C4: 13849091662 | E4: -4 | F4: 1587 | G4: 125 | H4: 100000 | J4: 43033 | L4: =H4+I4 -> 100000 | M4: =L4 -> 100000 | N4: =L4-M4 -> 0 | Q4: 44841 | R4: =H4-L4 -> 0
A5: A0054 | B5: 奚迅 | C5: 13643838108 | E5: -4 | F5: 1482 | G5: 104 | H5: 160000 | J5: 42738 | L5: =H5+I5 -> 160000 | M5: =L5 -> 160000 | N5: =L5-M5 -> 0 | Q5: 44841 | R5: =H5-L5 -> 0
A6: A0068 | B6: 李海鹏 | C6: 18638579566 | D6: 410103198610010079 | E6: -4 | F6: 1657 | G6: 86 | H6: 170000 | J6: 43211 | K6: =M6 -> 170000 | L6: =H6+I6 -> 170000 | M6: =L6 -> 170000 | N6: =L6-M6 -> 0 | Q6: 44841 | R6: =H6-L6 -> 0
A7: A0087 | B7: 张璐 | C7: 18137708561 | D7: 410105198505230259 | E7: -4 | F7: 1488 | G7: 101 | H7: 160000 | J7: 43093 | L7: =H7+I7 -> 160000 | M7: =L7 -> 160000 | N7: =L7-M7 -> 0 | Q7: 44841 | R7: =H7-L7 -> 0
A8: A0117 | B8: 胡冬梅 | C8: 13901891583 | E8: -4 | F8: 1395 | G8: 278 | H8: 160000 | J8: 42755 | L8: =H8+I8 -> 160000 | M8: =L8 -> 160000 | N8: =L8-M8 -> 0 | Q8: 44841 | R8: =H8-L8 -> 0
A9: A0130-1 | B9: 邓继锋 | C9: 13653796669 | E9: -4 | F9: 1590 | G9: 128 | H9: 160000 | J9: 42748 | L9: =H9+I9 -> 160000 | M9: 160000 | N9: =L9-M9 -> 0 | Q9: 44841 | R9: =H9-L9 -> 0
A10: A0211 | B10: 邢华锋 | C10: 13949015016 | D10: 410105197411306174 | E10: -3 | F10: B262-294 | H10: 5610000 | J10: 43272 | L10: =H10+I10 -> 5610000 | M10: =L10 -> 5610000 | N10: =L10-M10 -> 0 | O10: 需要再补充资料，仅有车位，无住宅 | Q10: 44841 | R10: =H10-L10 -> 0
A11: A0223 | B11: 王晨 | C11: 13838692716 | D11: 412721199802140021 | E11: -4 | F11: 1578 | G11: 116 | H11: 160000 | J11: 42997 | L11: =H11+I11 -> 160000 | M11: 160000 | N11: =L11-M11 -> 0 | Q11: 44841 | R11: =H11-L11 -> 0
A12: A0287 | B12: 晏淑珍 | C12: 13733197018 | D12: 210403196312111824 | F12: 3FD036 | H12: 160000 | J12: 43675 | K12: 160000 | L12: =H12+I12 -> 160000 | M12: 160000 | N12: =L12-M12 -> 0 | Q12: 44841 | R12: =H12-L12 -> 0
A13: A0309 | B13: 朱文静 | C13: 13838290722 | E13: -4 | F13: 1464 | G13: 266 | H13: 160000 | J13: 42748 | L13: =H13+I13 -> 160000 | M13: =L13 -> 160000 | N13: =L13-M13 -> 0 | Q13: 44841 | R13: =H13-L13 -> 0
A14: A0448 | B14: 张茜 | C14: 15290436059 | D14: 410603199005190026 | E14: -4 | F14: 1468 | H14: 160000 | J14: 42749 | K14: 160000 | L14: =H14+I14 -> 160000 | M14: 160000 | N14: =L14-M14 -> 0 | Q14: 44841 | R14: =H14-L14 -> 0
A15: A0461 | B15: 刘洪英 | C15: 15515190999 | D15: 410511196607110688 | E15: -4 | F15: 1399 | H15: 160000 | J15: 42748 | K15: 160000 | L15: =H15+I15 -> 160000 | M15: 160000 | N15: =L15-M15 -> 0 | Q15: 44841 | R15: =H15-L15 -> 0
A16: A0461 | B16: 刘洪英 | C16: 15515190999 | D16: 410511196607110688 | E16: -4 | F16: 1401 | H16: 160000 | J16: 42748 | K16: 160000 | L16: =H16+I16 -> 160000 | M16: 160000 | N16: =L16-M16 -> 0 | Q16: 44841 | R16: =H16-L16 -> 0
A17: A0539 | B17: 王品 | C17: 18739948799 | D17: 412326198706232140 | E17: -4 | F17: 1635 | G17: 173 | H17: 190000 | J17: 43112 | K17: 190000 | L17: =H17+I17 -> 190000 | M17: 190000 | N17: =L17-M17 -> 0 | Q17: 44841 | R17: =H17-L17 -> 0
A18: A0567 | B18: 刘孝刚 | C18: 13607610265 | D18: 413026196811146952 | E18: -4 | F18: 1462 | G18: 268 | H18: 160000 | J18: 42748 | L18: =H18+I18 -> 160000 | M18: 160000 | N18: =L18-M18 -> 0 | O18: 未签协议 | Q18: 44841 | R18: =H18-L18 -> 0
A19: A0571 | B19: 高晨瀚 | C19: 13839421861 | E19: -4 | F19: 1516 | G19: 217 | H19: 185000 | J19: 43128 | K19: =M19 -> 185000 | L19: =H19+I19 -> 185000 | M19: =L19 -> 185000 | N19: =L19-M19 -> 0 | Q19: 44841 | R19: =H19-L19 -> 0
A20: A0572 | B20: 田晓礼 | C20: 15617830016 | D20: 412725198209160321 | E20: -4 | F20: 1518 | G20: 216 | H20: 185000 | J20: 43128 | K20: 1850000 | L20: =H20+I20 -> 185000 | M20: =L20 -> 185000 | N20: =L20-M20 -> 0 | Q20: 44841 | R20: =H20-L20 -> 0
A21: A0579 | B21: 张丹 | C21: 15837191888 | D21: 41010319780525372X | E21: -4 | F21: 1398 | G21: 275 | H21: 180000 | J21: 42959 | L21: =H21+I21 -> 180000 | M21: 180000 | N21: =L21-M21 -> 0 | Q21: 44841 | R21: =H21-L21 -> 0
A22: A0598 | B22: 李琳 | C22: 17737177879 | D22: 412301197906014541 | E22: -4 | F22: 1571 | G22: 109 | H22: 160000 | J22: 42758 | L22: =H22+I22 -> 160000 | M22: 160000 | N22: =L22-M22 -> 0 | Q22: 44841 | R22: =H22-L22 -> 0
A23: A0622 | B23: 付亚杰 | C23: 13526435083 | D23: 412825198807064984 | E23: -4 | F23: 1467 | G23: 261 | H23: 160000 | I23: 5394.4 | J23: 43948 | L23: =H23+I23 -> 165394.4 | M23: 165394.4 | N23: =L23-M23 -> 0 | O23: 付亚杰代恒祥支付，附原业主出具的收据 | Q23: 44841 | R23: =H23-L23 -> -5394.4
A24: A0622 | B24: 付亚杰 | C24: 13526435083 | D24: 412825198807064984 | E24: -4 | F24: 1577 | G24: 115 | H24: 160000 | I24: 6963.4 | J24: 43945 | L24: =H24+I24 -> 166963.4 | M24: 166963.4 | N24: =L24-M24 -> 0 | O24: 付亚杰代恒祥支付，附原业主出具的收据 | Q24: 44841 | R24: =H24-L24 -> -6963.4
A25: A0676 | B25: 董世 | C25: 15981991266 | D25: 410422197502112212 | E25: -4 | F25: 1517 | G25: 225 | H25: 160000 | J25: 42838 | K25: =M25 -> 160000 | L25: =H25+I25 -> 160000 | M25: 160000 | N25: =L25-M25 -> 0 | O25: 王朝杰申报 | P25: GS | Q25: 44842 | R25: =H25-L25 -> 0
A26: A0691 | B26: 赵建武 | C26: 18638566949 | E26: -4 | F26: 1538 | G26: 206 | H26: 160000 | J26: 42748 | L26: =H26+I26 -> 160000 | M26: 160000 | N26: =L26-M26 -> 0 | P26: GXN | Q26: 44842 | R26: =H26-L26 -> 0
A27: A0691 | B27: 赵建武 | C27: 18638566949 | E27: -4 | F27: 1540 | G27: 205 | H27: 160000 | J27: 42748 | L27: =H27+I27 -> 160000 | M27: 160000 | N27: =L27-M27 -> 0 | P27: GXN | Q27: 44842 | R27: =H27-L27 -> 0
A28: A0693 | B28: 王水平 | C28: 18638796362 | E28: -4 | F28: 1636 | G28: 174 | H28: 160000 | J28: 42748 | L28: =H28+I28 -> 160000 | M28: 160000 | N28: =L28-M28 -> 0 | P28: GXN | Q28: 44842 | R28: =H28-L28 -> 0
A29: A0703 | B29: 金现英 | C29: 13949071031 | E29: -4 | F29: 1660 | G29: 82 | H29: 160000 | J29: 42748 | L29: =H29+I29 -> 160000 | M29: 160000 | N29: =L29-M29 -> 0 | P29: NK | Q29: 44842 | R29: =H29-L29 -> 0
A30: A0715 | B30: 贾西林 | C30: 15937180093 | E30: -4 | F30: 1662 | G30: 83 | H30: 160000 | J30: 42748 | L30: =H30+I30 -> 160000 | M30: 160000 | N30: =L30-M30 -> 0 | P30: GXN | Q30: 44842 | R30: =H30-L30 -> 0
A31: A0729 | B31: 黄美玲 | C31: 15544080000 | E31: -4 | F31: 1574 | G31: 112 | H31: 160000 | L31: =H31+I31 -> 160000 | M31: 160000 | N31: =L31-M31 -> 0 | P31: GXN | Q31: 44843 | R31: =H31-L31 -> 0
A32: A0751 | B32: 曾嘉华 | C32: 18638163724/18503859230 | D32: 410105198511050270 | E32: -4 | F32: 1570 | G32: 108 | H32: 160000 | J32: 收据日期不清晰 | L32: =H32+I32 -> 160000 | M32: 160000 | N32: =L32-M32 -> 0 | P32: GS | Q32: 44843 | R32: =H32-L32 -> 0
A33: A0754 | B33: 仉杨 | C33: 13526180562 | D33: 410504198006051024 | E33: -4 | F33: 1470 | G33: 258 | H33: 170000 | J33: 43225 | K33: =H33 -> 170000 | L33: =H33+I33 -> 170000 | M33: =H33 -> 170000 | N33: =L33-M33 -> 0 | P33: NK | Q33: 44842 | R33: =H33-L33 -> 0
A34: A0796 | B34: 魏玉霞 | C34: 18603869007 | E34: -4 | F34: 1481 | G34: 103 | H34: 160000 | J34: 42748 | L34: =H34+I34 -> 160000 | M34: =H34 -> 160000 | N34: =L34-M34 -> 0 | P34: NK | Q34: 44842 | R34: =H34-L34 -> 0
A35: A0796 | B35: 魏玉霞 | C35: 18603869007 | E35: -4 | F35: 1483 | G35: 105 | H35: 160000 | J35: 42748 | L35: =H35+I35 -> 160000 | M35: =H35 -> 160000 | N35: =L35-M35 -> 0 | P35: NK | Q35: 44842 | R35: =H35-L35 -> 0
A36: A0826 | B36: 李雪娜 | C36: 18638572827 | E36: -4 | F36: 1396 | G36: 277 | H36: 160000 | J36: 42749 | L36: =H36+I36 -> 160000 | M36: =H36 -> 160000 | N36: =L36-M36 -> 0 | P36: QYX | Q36: 44844 | R36: =H36-L36 -> 0
A37: A0826 | B37: 李雪娜 | C37: 18638572827 | E37: -4 | F37: 1397 | G37: 276 | H37: 160000 | J37: 42749 | L37: =H37+I37 -> 160000 | M37: =H37 -> 160000 | N37: =L37-M37 -> 0 | P37: QYX | Q37: 44844 | R37: =H37-L37 -> 0
A38: A0858 | B38: 张景慧 | C38: 13782192996 | D38: 412931196505140404 | E38: -4 | F38: 1490 | G38: 100 | H38: 160000 | J38: 42983 | K38: =M38 -> 160000 | L38: =H38+I38 -> 160000 | M38: 160000 | N38: =L38-M38 -> 0 | P38: GS | Q38: 44844 | R38: =H38-L38 -> 0
A39: A0880 | B39: 赵梅芝、周子晔 | C39: 13838111759 | D39: 410105198911170132 | E39: -4 | F39: 1009 | G39: C227 | H39: 150000 | J39: 43473 | L39: =H39+I39 -> 150000 | M39: 150000 | N39: =L39-M39 -> 0 | P39: GS | Q39: 44844 | R39: =H39-L39 -> 0
A40: A0880 | B40: 赵梅芝、任慧婷 | C40: 13838111759 | D40: 410105196506191029 | E40: -4 | F40: 1010 | G40: C228 | H40: 150000 | J40: 43473 | L40: =H40+I40 -> 150000 | M40: 150000 | N40: =L40-M40 -> 0 | P40: GS | Q40: 44844 | R40: =H40-L40 -> 0
A41: A0899 | B41: 李学军 | C41: 13203721236 | D41: 41010319661230133X | E41: -4 | F41: 0567 | H41: 100000 | J41: 42748 | L41: =H41+I41 -> 100000 | M41: 100000 | N41: =L41-M41 -> 0 | P41: GS | Q41: 44845 | R41: =H41-L41 -> 0
A42: A0992 | B42: 刘冰 | C42: 18537196331 | D42: 410105197510150523 | E42: -4 | F42: 1515 | G42: 224 | H42: 170000 | J42: 43130 | K42: =M42 -> 170000 | L42: =H42+I42 -> 170000 | M42: 170000 | N42: =L42-M42 -> 0 | P42: GS | Q42: 44846 | R42: =H42-L42 -> 0
A43: A1007 | B43: 孙君芳 | C43: 18137823633 | D43: 41108219940605124X | E43: -4 | F43: 1479 | G43: 60 | H43: 130000 | J43: 43032 | L43: =H43+I43 -> 130000 | M43: =H43 -> 130000 | N43: =L43-M43 -> 0 | P43: QYX | Q43: 44846 | R43: =H43-L43 -> 0
A44: A1020 | B44: 段磊 | C44: 13849198281 | E44: -4 | F44: 1406 | G44: 289 | H44: 160000 | J44: 43093 | L44: =H44+I44 -> 160000 | M44: =H44 -> 160000 | N44: =L44-M44 -> 0 | P44: QYX | Q44: 44846 | R44: =H44-L44 -> 0
A45: A1020 | B45: 曹海良 | C45: 13849198281 | E45: -4 | F45: 1407 | G45: 290 | H45: 160000 | J45: 43093 | L45: =H45+I45 -> 160000 | M45: =H45 -> 160000 | N45: =L45-M45 -> 0 | P45: QYX | Q45: 44846 | R45: =H45-L45 -> 0
A46: A1048 | B46: 千运蕊 | E46: -4 | F46: 1491 | G46: 66 | H46: 50000 | J46: 43130 | L46: =H46+I46 -> 50000 | M46: 50000 | N46: =L46-M46 -> 0 | O46: 贷17万未签车位协议 | P46: GXN | Q46: 44864 | R46: =H46-L46 -> 0
A47: A1055 | B47: 孟哲 | C47: 13663715039 18637179611 | E47: -4 | F47: 1579 | G47: 117 | H47: 190000 | J47: 43100 | K47: =H47 -> 190000 | L47: =H47+I47 -> 190000 | M47: 190000 | N47: =L47-M47 -> 0 | P47: GXN | Q47: 44864 | R47: =H47-L47 -> 0
A48: A1060 | B48: 申保安 | C48: 13838381885 | E48: -4 | F48: 1525 | G48: 229 | H48: 160000 | J48: 42751 | L48: =H48+I48 -> 160000 | M48: 160000 | N48: =L48-M48 -> 0 | P48: GXN | Q48: 44865 | R48: =H48-L48 -> 0
A49: A1110 | B49: 王均华 魏鹏 | C49: 13592611139 | D49: 41292219720613298X | E49: -4 | F49: 1494 | G49: 98 | H49: 160000 | J49: 43642 | K49: 施小娅更 | L49: =H49+I49 -> 160000 | M49: =H49 -> 160000 | N49: =L49-M49 -> 0 | P49: GS | Q49: 44864 | R49: =H49-L49 -> 0
A50: A1118 | B50: 刘炜 | C50: 15137193275 | E50: -4 | F50: 598 | G50: 264 | H50: 160000 | J50: 42749 | L50: =H50+I50 -> 160000 | M50: 160000 | N50: =L50-M50 -> 0 | P50: GXN | Q50: 44865 | R50: =H50-L50 -> 0
A51: A1140 | B51: 杨艳 | C51: 15837230037 | D51: 410503197401271042 | E51: -4 | F51: 1630 | G51: 168 | H51: 160000 | J51: 43250 | K51: 160000 | L51: =H51+I51 -> 160000 | M51: 160000 | N51: =L51-M51 -> 0 | P51: GXN | Q51: 44865 | R51: =H51-L51 -> 0
A52: A1180 | B52: 司玲新 | C52: 13838238233 | E52: -4 | F52: 1405 | G52: 288 | H52: 160000 | J52: 42748 | L52: =H52+I52 -> 160000 | M52: 160000 | N52: =L52-M52 -> 0 | P52: GXN | Q52: 44866 | R52: =H52-L52 -> 0
A53: A1220 | B53: 陈晓霞 | C53: 13213151172 | E53: -4 | F53: 1639 | G53: 177 | H53: 160000 | J53: 42749 | L53: =H53+I53 -> 160000 | M53: 160000 | N53: =L53-M53 -> 0 | P53: GXN | Q53: 44867 | R53: =H53-L53 -> 0
A54: A1229 | B54: 吴佳康 | F54: 位置未选 | H54: 250000 | J54: 43971 | K54: 250000 | L54: =H54+I54 -> 250000 | M54: 250000 | N54: =L54-M54 -> 0 | O54: 收据：负四层车位一个（送2个车位） | P54: GXN | Q54: 44867 | R54: =H54-L54 -> 0
A55: A1237 | B55: 贾艳琴 | C55: 18790259976 | E55: -4 | F55: 1632 | G55: 170 | H55: 170000 | J55: 43276 | K55: 170000 | L55: =H55+I55 -> 170000 | M55: 170000 | N55: =L55-M55 -> 0 | P55: GXN | Q55: 44867 | R55: =H55-L55 -> 0
A56: A1334 | B56: 陈莹 | C56: 18003712277 | D56: 230227198204130123 | E56: -4 | F56: 1404 | G56: 287 | H56: 150000 | J56: 42857 | L56: =H56+I56 -> 150000 | M56: =H56 -> 150000 | N56: =L56-M56 -> 0 | P56: GS | Q56: 44868 | R56: =H56-L56 -> 0
A57: A1358 | B57: 曾斌 | C57: 15890104080 | E57: -4 | F57: 1400 | G57: 283 | H57: 160000 | J57: 42748 | L57: =H57+I57 -> 160000 | M57: 160000 | N57: =L57-M57 -> 0 | P57: GXN | Q57: 44868 | R57: =H57-L57 -> 0
A58: A1375 | B58: 吴新芳 | C58: 13193505777 | D58: 410526197402059099 | E58: -4 | H58: 250000 | J58: 43971 | K58: 250000 | L58: =H58+I58 -> 250000 | M58: 250000 | N58: =L58-M58 -> 0 | P58: GXN | Q58: 44868 | R58: =H58-L58 -> 0
A59: A1375 | B59: 吴新芳 | C59: 13193505777 | D59: 410526197402059099 | E59: -4 | H59: 250000 | J59: 43971 | K59: 250000 | L59: =H59+I59 -> 250000 | M59: 250000 | N59: =L59-M59 -> 0 | P59: GXN | Q59: 44868 | R59: =H59-L59 -> 0
A60: A1375 | B60: 吴新芳 | C60: 13193505777 | D60: 410526197402059099 | E60: -4 | H60: 250000 | J60: 43971 | K60: 250000 | L60: =H60+I60 -> 250000 | M60: 250000 | N60: =L60-M60 -> 0 | P60: GXN | Q60: 44868 | R60: =H60-L60 -> 0
A61: A1425 | B61: 孙芮芳 | C61: 18530801315 | D61: 411082199208091240 | E61: -4 | F61: 1478 | G61: 59 | H61: 130000 | J61: 43032 | L61: =H61+I61 -> 130000 | M61: =H61 -> 130000 | N61: =L61-M61 -> 0 | P61: QYX | Q61: 44886 | R61: =H61-L61 -> 0
A62: A1456 | B62: 李瑞敏、张炜 | C62: 15038123680 | D62: 410123196809250041 | E62: -4 | F62: 1500 | G62: 95 | H62: 185000 | J62: 43980 | K62: 185000 | L62: =H62+I62 -> 185000 | M62: 185000 | N62: =L62-M62 -> 0 | P62: GXN | Q62: 44886 | R62: =H62-L62 -> 0
A63: A1457 | B63: 梁风枝 | C63: 13703771872 | D63: 411329196008110102 | E63: -4 | F63: 1492 | H63: 160000 | J63: 42819 | L63: =H63+I63 -> 160000 | M63: 160000 | N63: =L63-M63 -> 0 | O63: 销控表登记为梁凤枝 | P63: GXN | Q63: 44886 | R63: =H63-L63 -> 0
A64: A1576 | B64: 王姿涵 | C64: 13838117794 | E64: -4 | F64: 1465 | G64: 263 | H64: 160000 | J64: 42748 | L64: =H64+I64 -> 160000 | M64: =H64 -> 160000 | N64: =L64-M64 -> 0 | P64: QYX | Q64: 44886 | R64: =H64-L64 -> 0
A65: A1586 | B65: 来关顺 | C65: 15803805828 | D65: 410503195711190513 | E65: -4 | F65: 1589 | G65: 127 | H65: 100000 | J65: 43033 | K65: 100000 | L65: =H65+I65 -> 100000 | M65: 100000 | N65: =L65-M65 -> 0 | P65: GXN | Q65: 44886 | R65: =H65-L65 -> 0
A66: A1600 | B66: 马国威 | C66: 13783632444 | E66: -4 | F66: 1460 | G66: 270 | H66: 160000 | J66: 42752 | L66: =H66+I66 -> 160000 | M66: =H66 -> 160000 | N66: =L66-M66 -> 0 | P66: QYX | Q66: 44866 | R66: =H66-L66 -> 0
A67: A1600 | B67: 马国威 | C67: 13783632444 | E67: -4 | F67: 1461 | G67: 269 | H67: 160000 | J67: 42752 | L67: =H67+I67 -> 160000 | M67: =H67 -> 160000 | N67: =L67-M67 -> 0 | P67: QYX | Q67: 44866 | R67: =H67-L67 -> 0
A68: A1642 | B68: 陈嘉宾 | C68: 18838960815 | D68: 411303199609271016 | F68: 4FD062 | H68: 150000 | J68: 43489 | L68: =H68+I68 -> 150000 | M68: =H68 -> 150000 | N68: =L68-M68 -> 0 | P68: QYX | Q68: 44867 | R68: =H68-L68 -> 0
A69: A1665 | B69: 张建莉 | C69: 18239937999 | E69: -4 | F69: 1569 | G69: 107 | H69: 160000 | J69: 42749 | L69: =H69+I69 -> 160000 | M69: =H69 -> 160000 | N69: =L69-M69 -> 0 | P69: QYX | Q69: 44868 | R69: =H69-L69 -> 0
A70: A1673 | B70: 桑永华 | C70: 18603825012 | D70: 410402197501042528 | E70: -4 | F70: 1572 | G70: 110 | H70: 160000 | J70: 42781 | L70: =H70+I70 -> 160000 | M70: =H70 -> 160000 | N70: =L70-M70 -> 0 | P70: QYX | Q70: 44868 | R70: =H70-L70 -> 0

Sheet 商业盒子
A1: 材料编号 | B1: 姓名 | C1: 身份证 | D1: 地址 | E1: 手机号 | F1: 楼 层 | G1: 户室 号 | H1: 房屋建 筑面积 | I1: 销售 | J1: 房号 | K1: 销售 面积 | L1: 定房日期 | M1: 实交首 付日期 | N1: 付款方式 （按揭/公积金/一次性） | O1: 预估 单价 | P1: 预估 总价 | Q1: 优惠后单价 | R1: 优惠后 总房款 | S1: 总付款 | T1: 预计按揭款 | U1: 按揭回款 | V1: 维修 基金 | W1: 产权 登记费 | X1: 需退款 | Y1: j | Z1: 签 | AA1: 网签日期 | AB1: 备注 | AC1: 中介费 及其他 | AD1: 申报利息违约金 | AE1: 其他 | AF1: 收款方式 | AG1: 收款账号 | AH1: 房地产 收据金额 | AI1: 申报金额 | AJ1: 核定金额 | AK1: 差异 | AL1: 备注 | AM1: 登记人 | AN1: 登记日期 | AP1: 申报金额合计 | AQ1: =SUM(AI:AI) -> 5.9575266e+08 | AR1: 核定金额合计 | AS1: =SUM(AJ:AJ) -> 577342190 | AT1: 累计登记数量 | AU1: =COUNTA(A:A)-1 -> 1280
A2: A0001 | B2: 赵黎 | C2: 41010419590408202X | D2: 郑州市管城回族区晋王庙108号院3号楼10号 | E2: 13526559300 | F2: 3 | G2: 3239 | H2: 14.17 | I2: 问道 | J2: 3F6-049 | K2: 13.63 | L2: 2019-4-21 | M2: 2019-4-21 | N2: 一次性 | Q2: 31112.84 | R2: 424068 | S2: 424068 | T2: 0 | AI2: =S2+U2+V2+W2+X2+AC2+AD2+AE2 -> 424068 | AJ2: =S2+U2+V2+W2+X2 -> 424068 | AK2: =AI2-AJ2 -> 0 | AN2: 44841
A3: A0003 | B3: 薛芳 | C3: 132522198208143821 | D3: 郑州市中原区须贾路4号院 | E3: 15638512306 15003712511 | F3: 3 | G3: 3644 | H3: 16.72 | I3: 21世纪 | J3: 3FB-154 | K3: 24.45 | L3: 2019-2-23 | M3: 2020-7-29 | N3: 一次性 | Q3: 26584.87 | R3: 444499 | S3: 444499 | T3: =R3-S3 -> 0 | V3: 1086 | W3: 550 | Y3: 已 | Z3: 签 | AA3: 44103 | AI3: =S3+U3+V3+W3+X3+AC3+AD3+AE3 -> 446135 | AJ3: =S3+U3+V3+W3+X3 -> 446135 | AK3: =AI3-AJ3 -> 0 | AN3: 44841
A4: A0007 | B4: 王冉冉 | C4: 410523198905167564 | D4: 河南省汤阴县宜沟镇王军庄村280号 | E4: 18530051051 | F4: 3 | G4: 3478 | H4: 17.03 | I4: 问道 | J4: 3F4-057 | K4: 15.03 | L4: 2019-8-25 | M4: 2019-8-31 | N4: 一次性分期 | Q4: 31936.13 | R4: 480000 | S4: 240000 | T4: =R4-S4 -> 240000 | AF4: pos | AG4: 河北问道70839，恒祥实业159161 | AI4: =S4+U4+V4+W4+X4+AC4+AD4+AE4 -> 240000 | AJ4: =S4+U4+V4+W4+X4 -> 240000 | AK4: =AI4-AJ4 -> 0
A5: A0010 | B5: 马赛 侯凌艳 | C5: 412728198905252544 | D5: 河南省沈丘县纸店镇丘庄行政村侯庄148号 | F5: 4 | G5: 4151 | H5: 36.5 | I5: 21世纪 | J5: 4FA-141 | K5: 41.78 | L5: 2018-11-18 | M5: 2020-5-31 | N5: 一次性 | Q5: 21302.058 | R5: 777525 | S5: 777525 | T5: =R5-S5 -> 0 | V5: 2372 | W5: 560 | X5: 109543 | Y5: 已 | AI5: =S5+U5+V5+W5+X5+AC5+AD5+AE5 -> 890000 | AJ5: =S5+U5+V5+W5+X5 -> 890000 | AK5: =AI5-AJ5 -> 0 | AN5: 44841
A6: A0011 | B6: 张宣堂 | C6: 320926196512010419 | D6: 郑州市中原区伏牛路197号 | E6: 15890680307 | F6: 4 | G6: 4396 | H6: 18.16 | I6: 问道 | J6: 4F9-002 | K6: 14.88 | L6: 2019-5-11 | M6: 2019-5-14 | N6: 按揭 | Q6: 27307.06 | R6: 406329 | S6: 216329 | T6: =R6-S6 -> 190000 | AI6: =S6+U6+V6+W6+X6+AC6+AD6+AE6 -> 216329 | AJ6: =S6+U6+V6+W6+X6 -> 216329 | AK6: =AI6-AJ6 -> 0 | AN6: 44841
A7: A0022 | B7: 皇甫秋艳 | C7: 410822198808074526 | D7: 河南省中牟县大孟乡大庙李村168号附1号 | E7: 13526512566 | F7: 1 | G7: 1313 | H7: 22.95 | I7: 问道 | J7: 1F5-039 | K7: 20.75 | L7: 2019-10-30 | M7: 2020-6-20 | N7: 一次性 | Q7: 48125.32 | R7: 1104476 | S7: 1104476 | T7: =R7-S7 -> 0 | V7: 1491 | W7: 550 | Y7: 已 | Z7: 签 | AA7: 44052 | AF7: pos | AG7: 恒祥实业 | AI7: =S7+U7+V7+W7+X7+AC7+AD7+AE7 -> 1106517 | AJ7: =S7+U7+V7+W7+X7 -> 1106517 | AK7: =AI7-AJ7 -> 0 | AN7: 44841
A8: A0026 | B8: 胡洋 | C8: 410105198311153830 | D8: 郑州市金水区沙口路108号院9号 | E8: 18638737345 | F8: 4 | G8: 466 | H8: 21.34 | I8: 问道 | J8: 4F1-083 | K8: 15.76 | L8: 2019-4-13 | M8: 2019-4-13 | N8: 一次性 | Q8: 25253.36 | R8: 397993 | S8: 397993 | T8: =R8-S8 -> 0 | AI8: =S8+U8+V8+W8+X8+AC8+AD8+AE8 -> 397993 | AJ8: =S8+U8+V8+W8+X8 -> 397993 | AK8: =AI8-AJ8 -> 0 | AN8: 44841
A9: A0027 | B9: 孟丹 | C9: 411424198506153327 | D9: 郑州市金水区商务外环路8号楼2201号 | E9: 18768869327 | F9: 2 | G9: 242 | H9: 27.2 | I9: 21世纪 | J9: 2FA-013 | K9: 22.73 | L9: 2018-11-14 | M9: 2018-11-27 | N9: 按揭 | Q9: 31148.92 | R9: 708015 | S9: 358015 | T9: =R9-S9 -> 350000 | AI9: =S9+U9+V9+W9+X9+AC9+AD9+AE9 -> 358015 | AJ9: =S9+U9+V9+W9+X9 -> 358015 | AK9: =AI9-AJ9 -> 0 | AN9: 44841
A10: A0030 | B10: 杨建军 | C10: 412028197407110015 | D10: 郑州市金水区国基路102号院7号楼18号 | E10: 18603819017 | F10: 4 | G10: 4442 | H10: 10.72 | I10: 问道 | J10: 4F5-053 | K10: 8.61 | L10: 2019-10-13 | M10: 2019-10-13 | N10: 一次性 | Q10: 27677.93 | R10: 238307 | S10: 238307 | T10: =R10-S10 -> 0 | AF10: 转账 | AI10: =S10+U10+V10+W10+X10+AC10+AD10+AE10 -> 238307 | AJ10: =S10+U10+V10+W10+X10 -> 238307 | AK10: =AI10-AJ10 -> 0 | AN10: 44841
A11: A0031 | B11: 张洋 | C11: 410102198310302524 | D11: 北京市西城区三里河二区南一巷一号 | E11: 17601640655 17601648376 | F11: 2 | G11: 261 | H11: 27.8 | I11: 21世纪 | J11: 2FA-031 | K11: 28 | L11: 2018-11-27 | M11: 2020-6-11 | N11: 一次性 | Q11: 31407 | R11: 873115 | S11: 873115 | T11: =R11-S11 -> 0 | V11: 1807 | W11: 550 | X11: 3924 | Y11: 已 | Z11: 签 | AA11: 44065 | AF11: pos | AG11: 恒祥实业 | AI11: =S11+U11+V11+W11+X11+AC11+AD11+AE11 -> 879396 | AJ11: =S11+U11+V11+W11+X11 -> 879396 | AK11: =AI11-AJ11 -> 0 | AN11: 44841
A12: A0033 | B12: 张健 朱美菊 | C12: 410105197911171616/410105195311090047 | D12: 郑州市金水区纬五路16号院 | E12: 18137828819 18137785053 | F12: 1 | G12: 1145 | H12: 28.5 | I12: 21世纪 | J12: 1FA-041 | K12: 23.1 | L12: 2018-11-13 | M12: 2018-12-17 | N12: 一次性 | Q12: 53124.372 | R12: 1227173 | S12: 1227173 | T12: =R12-S12 -> 0 | AG12: 恒祥实业 | AI12: =S12+U12+V12+W12+X12+AC12+AD12+AE12 -> 1227173 | AJ12: =S12+U12+V12+W12+X12 -> 1227173 | AK12: =AI12-AJ12 -> 0 | AN12: 44841
A13: A0035 | B13: 芦强 | C13: 410802199512280012 | D13: 河南省焦作市解放区民主中路统建71号楼2单元5号 | E13: 13939178811 15112490829 | F13: 1 | G13: 1753 | H13: 24.38 | I13: 问道 | J13: 1F8-118 | K13: 24.38 | L13: 2019-7-2 | M13: 2019-7-19 | N13: 按揭 | Q13: 47826.09 | R13: 1166000 | S13: 586000 | T13: =R13-S13 -> 580000 | AI13: =S13+U13+V13+W13+X13+AC13+AD13+AE13 -> 586000 | AJ13: =S13+U13+V13+W13+X13 -> 586000 | AK13: =AI13-AJ13 -> 0 | AN13: 44841
A14: A0039 | B14: 文丽英 | C14: 412702197201060028 | D14: 郑州市金水区生产路7号4号楼64号 | E14: 15638827743 | F14: 3 | G14: 3318 | H14: 16.74 | I14: 问道 | J14: 3F6-117 | K14: 16.16 | L14: 2019-5-15 | M14: 2019-8-4 | N14: 按揭 | Q14: 32416.4 | R14: 523849 | S14: 263849 | T14: 260000 | AB14: 韩润更 | AF14: 无付款凭证 | AI14: =S14+U14+V14+W14+X14+AC14+AD14+AE14 -> 263849 | AJ14: =S14+U14+V14+W14+X14 -> 263849 | AK14: =AI14-AJ14 -> 0 | AN14: 44841
A15: A0040-1 | B15: 郑可垚 刘春平 | C15: 410503200103060014 410503197610042027 | E15: 13703727381 | F15: 3 | G15: 3964 | H15: 29.47 | I15: 问道 | J15: 3F10-044 | K15: 26.42 | L15: 2019-12-21 | M15: 2019-12-21 | N15: 一次性 | Q15: 31292.24 | R15: 826741 | S15: 826741 | AF15: pos | AG15: 恒祥实业 | AI15: =S15+U15+V15+W15+X15+AC15+AD15+AE15 -> 826741 | AJ15: =S15+U15+V15+W15+X15 -> 826741 | AK15: =AI15-AJ15 -> 0 | AN15: 44841
A16: A0040-2 | B16: 郑可垚 刘春平 | C16: 410503200103060014 410503197610042027 | E16: 13703727381 | F16: 4 | G16: 4327 | H16: 54.05 | I16: 问道 | J16: 4F3-015 | K16: 54.05 | L16: 2019-12-21 | M16: 2019-12-21 | N16: 一次性 | Q16: 24791.86 | R16: 1340000 | S16: 1340000 | AF16: pos | AG16: 恒祥实业 | AI16: =S16+U16+V16+W16+X16+AC16+AD16+AE16 -> 1340000 | AJ16: =S16+U16+V16+W16+X16 -> 1340000 | AK16: =AI16-AJ16 -> 0 | AN16: 44841
A17: A0045 | B17: 魏方正 | C17: 410526199202012017 | D17: 河南省滑县四间房乡南呼村85号 | E17: 13071093832 | F17: 3 | G17: 3738 | H17: 15.45 | I17: 问道 | J17: 3F8-049 | K17: 15.03 | L17: 2019-5-19 | M17: 2020-5-30 | N17: 按揭 | Q17: 32167.33 | R17: 496985 | S17: 256985 | T17: 240000 | V17: 1004 | W17: 550 | Y17: 已 | AB17: 合同面积15.03平米，后续增加至15.45平米 | AC17: 1244.8 | AI17: =S17+U17+V17+W17+X17+AC17+AD17+AE17 -> 259783.8 | AJ17: =S17+U17+V17+W17+X17 -> 258539 | AK17: =AI17-AJ17 -> 1244.8 | AN17: 44841
A18: A0046 | B18: 张健 | C18: 412702199201057418 | D18: 郑州市金水区国基路56号院8号楼2单元1302号 | E18: 18737121868 | F18: 1 | G18: 1105 | H18: 23.57 | I18: 问道 | J18: 1F2-103 | K18: 21.09 | L18: 2019-4-21 | M18: 2019-4-24 | N18: 按揭 | Q18: 47267.24 | R18: 996866 | S18: 506866 | T18: =R18-S18 -> 490000 | AF18: pos、转账 | AG18: 恒祥实业407180元、河北问道99686元 | AI18: =S18+U18+V18+W18+X18+AC18+AD18+AE18 -> 506866 | AJ18: =S18+U18+V18+W18+X18 -> 506866 | AK18: =AI18-AJ18 -> 0 | AN18: 44841
A19: A0050 | B19: 樊朝彩 | C19: 410526196603189127 | D19: 河南省滑县王庄镇堤南村18号 | E19: 13838009360 | F19: 3 | G19: 3988 | H19: 20.04 | I19: 问道 | J19: 3F10-003 | K19: 16.48 | L19: 2019-12-21 | M19: 2019-12-27 | N19: 按揭 | Q19: 32160.19 | R19: 530000 | S19: 270000 | T19: =R19-S19 -> 260000 | AF19: POS | AG19: 恒祥实业 | AI19: =S19+U19+V19+W19+X19+AC19+AD19+AE19 -> 270000 | AJ19: =S19+U19+V19+W19+X19 -> 270000 | AK19: =AI19-AJ19 -> 0 | AN19: 44841
A20: A0051 | B20: 关伟伟 | C20: 411224199002251410 | D20: 郑州市高新技术开发区石佛镇石佛村南二街58号 | E20: 15617800113 | F20: 3 | G20: 3372 | H20: 19.42 | I20: 问道 | J20: 3F5-102 | K20: 19.01 | L20: 2019-7-12 | M20: 2019-7-17 | N20: 按揭 | Q20: 30504.68 | R20: 579894 | S20: 299894 | T20: =R20-S20 -> 280000 | AB20: 转账记录比收据多16元 | AF20: 转账 | AG20: 河北问道57989元 恒祥实业241921元 | AI20: =S20+U20+V20+W20+X20+AC20+AD20+AE20 -> 299894 | AJ20: =S20+U20+V20+W20+X20 -> 299894 | AK20: =AI20-AJ20 -> 0 | AN20: 44841
A21: A0052 | B21: 张娟 | C21: 411122197901023000 | D21: 郑州市金水区丰庆路126号院24号楼302室 | E21: 13700862021 | F21: 4 | G21: 436 | H21: 30.77 | I21: 21世纪 | J21: 4FA-109 | K21: 36.75 | L21: 2018-11-15 | N21: 按揭 | Q21: 22197.306 | R21: 815751 | S21: 415751 | T21: 400000 | AI21: =S21+U21+V21+W21+X21+AC21+AD21+AE21 -> 415751 | AJ21: =S21+U21+V21+W21+X21 -> 415751 | AK21: =AI21-AJ21 -> 0
A22: A0055 | B22: 马策军 | C22: 65432519860727031X | D22: 郑州市金水区文化路75号 | E22: 18736059572 | F22: 4 | G22: 419 | H22: 30.01 | I22: 21世纪 | J22: 4FA-022 | K22: 31.83 | L22: 2018-11-14 | M22: 2018-11-17 | N22: 按揭 | Q22: 20236.789 | R22: 644137 | S22: 344137 | T22: =R22-S22 -> 300000 | AF22: POS小票144137元 | AG22: 恒祥实业 | AI22: =S22+U22+V22+W22+X22+AC22+AD22+AE22 -> 344137 | AJ22: =S22+U22+V22+W22+X22 -> 344137 | AK22: =AI22-AJ22 -> 0
A23: A0056 | B23: 黄艳 | C23: 410103198404190160 | D23: 郑州市管城回族区布厂街135号21号楼2单元23号 | E23: 13937171992 | F23: 3 | G23: 3133 | H23: 16.38 | I23: 问道 | J23: 3F2-009 | K23: 14.27 | L23: 2019-4-15 | M23: 2019-4-30 | N23: 按揭 | Q23: 32085.07 | R23: 457854 | S23: 237854 | T23: 220000 | AF23: pos | AI23: =S23+U23+V23+W23+X23+AC23+AD23+AE23 -> 237854 | AJ23: =S23+U23+V23+W23+X23 -> 237854 | AK23: =AI23-AJ23 -> 0 | AN23: 44841
A24: A0057 | B24: 岳腊梅 | C24: 412827198007152380 | D24: 河南省平舆县高杨店镇中高村委小李庄 | E24: 13461804688 | F24: 4 | G24: 4157 | H24: 53.31 | I24: 21世纪 | J24: 4FA-146 | K24: 60.6 | L24: 2018-11-25 | M24: 2020-5-21 | N24: 一次性 | Q24: 21660.01 | R24: 1154695 | S24: 1154695 | T24: 0 | V24: 3465 | W24: 550 | X24: 153886 | Y24: 已 | Z24: 签 | AA24: 44025 | AI24: =S24+U24+V24+W24+X24+AC24+AD24+AE24 -> 1312596 | AJ24: =S24+U24+V24+W24+X24 -> 1312596 | AK24: =AI24-AJ24 -> 0 | AN24: 44841
A25: A0060 | B25: 段春来 李娜 | C25: 411121198201077030 411121198204152024 | D25: 河南省舞阳县保和乡段庄村56号 | E25: 15639927118 | F25: 1 | G25: 1345 | H25: 23.14 | I25: 问道 | J25: 1F5-081 | K25: 20.78 | L25: 2019-8-29 | M25: 2019-8-29 | N25: 一次性 | Q25: 47160.73 | R25: 980000 | S25: 980000 | AF25: POS | AI25: =S25+U25+V25+W25+X25+AC25+AD25+AE25 -> 980000 | AJ25: =S25+U25+V25+W25+X25 -> 980000 | AK25: =AI25-AJ25 -> 0 | AN25: 44841
A26: A0062 | B26: 张菊 | C26: 412725197001130348 | D26: 郑州市金水区红旗路134号院6号楼7号 | E26: 15346083889 18539755559 | F26: 3 | G26: 377 | H26: 35.23 | I26: 21世纪 | J26: 3FA-052 | K26: 39.05 | L26: 2018-11-14 | M26: 2018-11-17 | N26: 一次性 | Q26: 22415.493 | R26: 875325 | S26: 875325 | T26: =R26-S26 -> 0 | AF26: POS小票825325元 | AI26: =S26+U26+V26+W26+X26+AC26+AD26+AE26 -> 875325 | AJ26: =S26+U26+V26+W26+X26 -> 875325 | AK26: =AI26-AJ26 -> 0 | AN26: 44841
A27: A0063 | B27: 聂玉萍 | C27: 41010319661007062X | D27: 郑州市管城回族区城南路199号附3号 | E27: 15537110287 18503898929 | F27: 1 | G27: 1707 | H27: 28.5 | I27: 问道 | J27: 1F8-075 | K27: 28.11 | L27: 2019-6-24 | M27: 2020-6-5 | N27: 按揭 | Q27: 48068.59 | R27: 1369955 | S27: 689955 | T27: 680000 | V27: 1852 | W27: 550 | AB27: 合同总房款13551208元 | AC27: 1288 | AI27: =S27+U27+V27+W27+X27+AC27+AD27+AE27 -> 693645 | AJ27: =S27+U27+V27+W27+X27 -> 692357 | AK27: =AI27-AJ27 -> 1288 | AN27: 44841
A28: A0064 | B28: 李存兵 | C28: 411403198610026035 | D28: 河南省商丘市睢阳区毛固堆乡后张楼村关庄53号 | E28: 15890151976 | F28: 4 | G28: 4440 | H28: 16.88 | I28: 问道 | J28: 4F5-073 | K28: 14.16 | L28: 2019-10-7 | M28: 2019-10-13 | N28: 按揭 | Q28: 26928.46 | R28: 381307 | S28: 191307 | T28: 190000 | AI28: =S28+U28+V28+W28+X28+AC28+AD28+AE28 -> 191307 | AJ28: =S28+U28+V28+W28+X28 -> 191307 | AK28: =AI28-AJ28 -> 0 | AN28: 44841
A29: A0065 | B29: 葛保玲 | C29: 410223199003130525 | D29: 河南省尉氏县邢庄乡屈楼村二组 | E29: 18703653175 | F29: 1 | G29: 173 | H29: 22.98 | I29: 问道 | J29: 1F2-052 | K29: 25.4 | L29: 2019-4-13 | M29: 2019-4-19 | N29: 按揭 | Q29: 47276.61 | R29: 1200826 | S29: 600826 | T29: 600000 | AF29: POS | AG29: 恒祥实业 | AI29: =S29+U29+V29+W29+X29+AC29+AD29+AE29 -> 600826 | AJ29: =S29+U29+V29+W29+X29 -> 600826 | AK29: =AI29-AJ29 -> 0 | AN29: 44841
A30: A0066 | B30: 赵兴英 | C30: 411323198901292149 | D30: 郑州市管城回族区腾飞路4号院2号楼165号 | E30: 18600961644 | F30: 3 | G30: 3732 | H30: 15.45 | I30: 问道 | J30: 3F8-046 | K30: 15.03 | L30: 2019-5-19 | M30: 2019-5-23 | N30: 按揭 | Q30: 32495.54 | R30: 488408 | S30: 248408 | T30: 240000 | AB30: 3F8-047定金转入 | AI30: =S30+U30+V30+W30+X30+AC30+AD30+AE30 -> 248408 | AJ30: =S30+U30+V30+W30+X30 -> 248408 | AK30: =AI30-AJ30 -> 0 | AN30: 44841
A31: A0067 | B31: 李翠玲 | C31: 410504197309041523 | D31: 河南省安阳市殷都区水铁路1号院3区11号楼501号 | E31: 13703722958 | F31: 1 | G31: 1343 | H31: 15.32 | I31: 问道 | J31: 1F5-057 | K31: 18.41 | L31: 2019-9-25 | M31: 2020-5-30 | N31: 按揭 | Q31: 48178.54 | R31: 738095 | S31: 448095 | U31: 290000 | V31: 995 | W31: 550 | Y31: 已 | Z31: 签 | AA31: 44023 | AC31: 1249 | AI31: =S31+U31+V31+W31+X31+AC31+AD31+AE31 -> 740889 | AJ31: =S31+U31+V31+W31+X31 -> 739640 | AK31: =AI31-AJ31 -> 1249 | AN31: 44841
A32: A0069 | B32: 孙红梅 | C32: 412723197511193848 | D32: 河南省上蔡县小岳寺乡双河村41-1 | E32: 15139697011/15617966987 | F32: 3 | G32: 3780 | H32: 15.99 | I32: 问道 | J32: 3F8-097 | K32: 15.99 | L32: 2019-5-26 | M32: 2020-7-10 | N32: 一次性 | Q32: 30551.47 | R32: 488518 | S32: 488518 | T32: 0 | V32: 1039 | W32: 550 | Y32: 已 | Z32: 签 | AA32: 44054 | AF32: pos | AG32: 恒祥实业 | AI32: =S32+U32+V32+W32+X32+AC32+AD32+AE32 -> 490107 | AJ32: =S32+U32+V32+W32+X32 -> 490107 | AK32: =AI32-AJ32 -> 0 | AN32: 44841
A33: A0071 | B33: 杨西利 | C33: 372524197607116612 | D33: 北京市朝阳区方舟苑3号楼310号 | E33: 15867931888 | F33: 1 | G33: 1546 | H33: 32.54 | I33: 问道 | J33: 1F7-015 | K33: 36.67 | L33: 2019-7-30 | M33: 2020-8-30 | N33: 一次性 | Q33: 46126.78 | R33: 1500965 | S33: 1500965 | T33: 0 | V33: 2115 | W33: 550 | Y33: 已 | Z33: 签 | AA33: 44187 | AF33: POS | AG33: 恒祥实业 | AI33: =S33+U33+V33+W33+X33+AC33+AD33+AE33 -> 1503630 | AJ33: =S33+U33+V33+W33+X33 -> 1503630 | AK33: =AI33-AJ33 -> 0 | AN33: 44841
A34: A0072 | B34: 葛凤玲 | C34: 412327197702099225 | D34: 河南省柘城县大许乡张小村关庄西组013号 | E34: 15993712310 | F34: 3 | G34: 392 | H34: 21.64 | I34: 问道 | J34: 3F1-087 | K34: 21.57 | L34: 2019-9-17 | M34: 2020-8-1 | N34: 一次性 | Q34: 30625.08 | R34: 662727 | S34: 662727 | T34: 0 | V34: 1406 | W34: 550 | Y34: 已 | Z34: 签 | AA34: 44079 | AB34: 2019.8.14提交退款申请 | AF34: POS | AG34: 恒祥实业 | AI34: =S34+U34+V34+W34+X34+AC34+AD34+AE34 -> 664683 | AJ34: =S34+U34+V34+W34+X34 -> 664683 | AK34: =AI34-AJ34 -> 0 | AN34: 44841
A35: A0073 | B35: 郭春淼 | C35: 410107197002050510 | D35: 郑州市金水区三全路90号院7号楼1单元27号 | E35: 13323819165 | F35: 1 | G35: 1625 | H35: 26.65 | I35: 问道 | J35: 1F7-077 | K35: 25 | L35: 2019-5-3 | M35: 2019-5-20 | N35: 按揭 | Q35: 47510.64 | R35: 1187766 | S35: 597766 | T35: 590000 | AI35: =S35+U35+V35+W35+X35+AC35+AD35+AE35 -> 597766 | AJ35: =S35+U35+V35+W35+X35 -> 597766 | AK35: =AI35-AJ35 -> 0 | AN35: 44841
A36: A0074 | B36: 史兴燕 | C36: 410123197906164023 | D36: 河南省中牟县青年西路41号院2号楼17号 | E36: 13849029903 | F36: 4 | G36: 4201 | H36: 14.06 | I36: 问道 | J36: 4F9-024 | K36: 11.84 | L36: 2019-5-11 | M36: 2019-5-13 | N36: 一次性 | Q36: 27434.29 | R36: 324822 | S36: 324822 | T36: 0 | AF36: pos | AG36: 张艳144822元；恒祥实业8万元 | AI36: =S36+U36+V36+W36+X36+AC36+AD36+AE36 -> 324822 | AJ36: =S36+U36+V36+W36+X36 -> 324822 | AK36: =AI36-AJ36 -> 0 | AN36: 44841
A37: A0075 | B37: 姜飞 | C37: 410711198009140043 | D37: 郑州市中原区董寨路38号2单元2602室 | E37: 16696133178 | F37: 3 | G37: 3849 | H37: 20.09 | I37: 问道 | J37: 3F9-034 | K37: 18.04 | L37: 2019-8-22 | M37: 2020-8-7 | N37: 按揭 | Q37: 31596.62 | R37: 634776 | S37: 354776 | T37: =R37-S37 -> 280000 | V37: 1305 | W37: 550 | Y37: 已 | AB37: 2019.8.23申请退款 | AI37: =S37+U37+V37+W37+X37+AC37+AD37+AE37 -> 356631 | AJ37: =S37+U37+V37+W37+X37 -> 356631 | AK37: =AI37-AJ37 -> 0 | AN37: 44841
A38: A0081 | B38: 赵菊梅、郜玲玉 | C38: 411121199009195541/410521198712085543 | D38: 河南省漯河市源汇区丁湾村384号 | E38: 18676896152 | F38: 4 | G38: 4429 | H38: 27.1 | I38: 21世纪 | J38: 4FC-068 | K38: 29.6 | L38: 2019-1-12 | M38: 2019-1-15 | N38: 按揭 | Q38: 26629.32 | R38: 788228 | S38: 598228 | T38: =R38-S38 -> 190000 | AD38: 190000 | AF38: POS | AG38: 恒祥实业 | AI38: =S38+U38+V38+W38+X38+AC38+AD38+AE38 -> 788228 | AJ38: =S38+U38+V38+W38+X38 -> 598228 | AK38: =AI38-AJ38 -> 190000 | AN38: 44841
A39: A0084 | B39: 苏海波 | C39: 140524198803194917 | D39: 山西陵川县崇文镇仕图苑居委杂居122号 | E39: 15927543791 | F39: 1 | G39: 1659 | H39: 20.25 | I39: 问道 | J39: 1F8-024 | K39: 19.18 | L39: 2019-8-17 | M39: 2020-6-5 | N39: 按揭 | Q39: 45881.13 | R39: 929093 | S39: 469093 | T39: / | U39: 460000 | V39: 1316 | W39: 550 | Y39: 已 | Z39: 签 | AA39: 44059 | AC39: 1266 | AF39: POS | AG39: 恒实业 | AI39: =S39+U39+V39+W39+X39+AC39+AD39+AE39 -> 932225 | AJ39: =S39+U39+V39+W39+X39 -> 930959 | AK39: =AI39-AJ39 -> 1266 | AN39: 44841
A40: A0085 | B40: 岳慧丽 | C40: 410122198103168049 | D40: 河南省中牟县城关镇商都大街35号院 | E40: 13783450222 | F40: 1 | G40: 1788 | H40: 15.32 | I40: 问道 | J40: 1F8-153 | K40: 16.84 | L40: 2019-10-28 | M40: 2020-7-9 | N40: 按揭 | Q40: 47515.14 | R40: 727932 | S40: 407932 | U40: 320000 | V40: 995 | W40: 550 | Y40: 已 | Z40: 签 | AA40: 44021 | AC40: 1252 | AI40: =S40+U40+V40+W40+X40+AC40+AD40+AE40 -> 730729 | AJ40: =S40+U40+V40+W40+X40 -> 729477 | AK40: =AI40-AJ40 -> 1252 | AN40: 44841
A41: A0088 | B41: 唐李果 | C41: 411081198406292587 | D41: 郑州市金水区晨旭路10号院3号楼10号 | E41: 18703826992 | F41: 3 | G41: 3366 | H41: 17.87 | I41: 问道 | J41: 3F5-019 | K41: 17.67 | L41: 43660 | M41: 44218 | N41: 按揭 | Q41: 31766.82 | R41: 567673 | S41: 287673 | T41: 280000 | V41: 1161 | W41: 550 | AB41: 原3F5-019调至此 | AI41: =S41+U41+V41+W41+X41+AC41+AD41+AE41 -> 289384 | AJ41: =S41+U41+V41+W41+X41 -> 289384 | AK41: =AI41-AJ41 -> 0 | AN41: 44841
A42: A0089 | B42: 杨扬、白云波 | C42: 413024197502100418/410105197611021632 | D42: 河南省潢川县定城办事处环城东路88号 | E42: 18625571523 | F42: 4 | G42: 438 | H42: 22 | I42: 21世纪 | J42: 4FA-107 | K42: 25.73 | L42: 2018-11-14 | M42: 2020-5-22 | N42: 一次性 | Q42: 19693.63 | R42: 433260 | S42: 433260 | T42: 0 | V42: 1430 | W42: 560 | X42: 71467 | Y42: 已 | Z42: 签 | AA42: 44020 | AI42: =S42+U42+V42+W42+X42+AC42+AD42+AE42 -> 506717 | AJ42: =S42+U42+V42+W42+X42 -> 506717 | AK42: =AI42-AJ42 -> 0 | AN42: 44841
A43: A0092 | B43: 牛杰 | C43: 410726198810010011 | D43: 河南省新乡市红旗区华兰大道81号10号楼1单元1单元1602室 | E43: 16696007370 | F43: 1 | G43: 1218 | H43: 19.93 | I43: 21世纪 | J43: 1FA-108 | K43: 19.7 | L43: 2019-2-12 | M43: 2020-5-22 | N43: 一次性 | Q43: 41624.37 | R43: 829574 | S43: 829574 | T43: 0 | V43: 1295 | W43: 550 | Y43: 已 | Z43: 签 | AA43: 44027 | AF43: pos | AI43: =S43+U43+V43+W43+X43+AC43+AD43+AE43 -> 831419 | AJ43: =S43+U43+V43+W43+X43 -> 831419 | AK43: =AI43-AJ43 -> 0 | AN43: 44841
A44: A0093 | B44: 贾岭 | C44: 410102196611247056 | D44: 郑州市中原区陇海西路306号院12号楼2单元301号 | E44: 15003712968 | F44: 4 | G44: 4400 | H44: 11.2 | I44: 问道 | J44: 4F9-009 | K44: 10.69 | L44: 2019-5-12 | M44: 2019-5-16 | N44: 按揭 | Q44: 27779.05 | R44: 296958 | S44: 156958 | T44: 140000 | AI44: =S44+U44+V44+W44+X44+AC44+AD44+AE44 -> 156958 | AJ44: =S44+U44+V44+W44+X44 -> 156958 | AK44: =AI44-AJ44 -> 0 | AN44: 44841
A45: A0094 | B45: 曹海良 | C45: 411381198907105352 | D45: 郑州市金水区经二路北11号 | E45: 13598800216 | F45: 3 | G45: 3250 | H45: 21.64 | I45: 问道 | J45: 3F6-070 | K45: 21.25 | L45: 2019-4-29 | M45: 2019-5-1 | N45: 按揭 | Q45: 31468.09 | R45: 668697 | S45: 338697 | T45: 330000 | AF45: pos | AG45: 恒祥实业2万元； 河北问道66869元 | AI45: =S45+U45+V45+W45+X45+AC45+AD45+AE45 -> 338697 | AJ45: =S45+U45+V45+W45+X45 -> 338697 | AK45: =AI45-AJ45 -> 0 | AN45: 44841
A46: A0095 | B46: 李亚冰 | C46: 410108198812140025 | D46: 郑州市惠济区花园口镇李拐村89号 | E46: 18737126925 | F46: 4 | G46: 4364 | H46: 10.02 | I46: 问道 | J46: 3F5-065 | K46: 17.08 | L46: 2019-6-29 | M46: 2020-5-21 | N46: 一次性 | Q46: 27785.63 | R46: 278412 | S46: 278412 | T46: 0 | V46: 651 | W46: 550 | Y46: 已 | Z46: 签 | AA46: 44022 | AI46: =S46+U46+V46+W46+X46+AC46+AD46+AE46 -> 279613 | AJ46: =S46+U46+V46+W46+X46 -> 279613 | AK46: =AI46-AJ46 -> 0 | AN46: 44841
A47: A0096-1 | B47: 朱萧帆 张普润 理傲冰 | C47: 411422198909290673 | D47: 河南省雎县潮庄镇火楼村46号 | E47: 15093078388 | F47: 4 | G47: 4452 | H47: 15.86 | I47: 问道 | J47: 4F5-036 | K47: 11.84 | L47: 2019-10-17 | M47: 2019-10-20 | N47: 按揭 | Q47: 27153.21 | R47: 321494 | S47: 161494 | T47: 160000 | AB47: 2019.10.17提交退款申请 | AI47: =S47+U47+V47+W47+X47+AC47+AD47+AE47 -> 161494 | AJ47: =S47+U47+V47+W47+X47 -> 161494 | AK47: =AI47-AJ47 -> 0 | AN47: 44841
A48: A0096-2 | B48: 朱萧帆 魏凤 | C48: 411422198908290673 | D48: 河南省雎县潮庄火楼村46号 | E48: 15039078388 | F48: 3 | G48: 3614 | H48: 17.44 | I48: 问道 | J48: 3F7-105 | K48: 15.73 | L48: 2019-6-24 | M48: 2019-6-27 | N48: 按揭 | Q48: 32756.33 | R48: 515257 | S48: 265257 | T48: 250000 | AB48: 李群已退款完 | AI48: =S48+U48+V48+W48+X48+AC48+AD48+AE48 -> 265257 | AJ48: =S48+U48+V48+W48+X48 -> 265257 | AK48: =AI48-AJ48 -> 0 | AN48: 44841
A49: A0097 | B49: 闫雪 | C49: 411527199211183042 | D49: 河南省淮滨县三空桥乡郝元村闫庄组 | E49: 15037133342 | F49: 1 | G49: 1791 | H49: 15.32 | I49: 问道 | J49: 1F8-156 | K49: 17.33 | L49: 2019-10-20 | M49: 2019-10-25 | N49: 按揭 | Q49: 47316.79 | R49: 820000 | S49: 410000 | T49: 410000 | AF49: pos | AG49: 恒祥实业 | AI49: =S49+U49+V49+W49+X49+AC49+AD49+AE49 -> 410000 | AJ49: =S49+U49+V49+W49+X49 -> 410000 | AK49: =AI49-AJ49 -> 0 | AN49: 44841
A50: A0100 | B50: 魏丽 | C50: 410184198909292523 | D50: 河南省新郑市龙湖镇魏庄480号 | E50: 18738193923 | F50: 3 | G50: 3235 | H50: 13.52 | I50: 问道 | J50: 3F6-047 | K50: 17.29 | L50: 2019-5-12 | M50: 2020-11-14 | N50: 按揭 | Q50: 32388.66 | R50: 437895 | S50: 287895 | T50: 150000 | V50: 878 | W50: 550 | AI50: =S50+U50+V50+W50+X50+AC50+AD50+AE50 -> 289323 | AJ50: =S50+U50+V50+W50+X50 -> 289323 | AK50: =AI50-AJ50 -> 0 | AN50: 44841
A51: A0102 | B51: 胡育华 | C51: 432522197908300361 | D51: 河南省双峰县永丰镇洋荆村松山村民组 | E51: 15286811381 | F51: 3 | G51: 3740 | H51: 11 | I51: 问道 | J51: 3F8-050 | K51: 8.32 | L51: 2019-5-15 | M51: 2019-5-17 | N51: 按揭 | Q51: 33173.8 | R51: 276006 | S51: 146006 | T51: 130000 | AB51: 从3F8-044调至此 | AI51: =S51+U51+V51+W51+X51+AC51+AD51+AE51 -> 146006 | AJ51: =S51+U51+V51+W51+X51 -> 146006 | AK51: =AI51-AJ51 -> 0 | AN51: 44841
A52: A0104 | B52: 王春燕 | C52: 411222198904046021 | D52: 郑州市二七区大学北路75号院21号楼1单元11号 | E52: 15837125592 | F52: 3 | G52: 3752 | H52: 12.36 | I52: 问道 | J52: 3F8-086 | K52: 10.42 | L52: 2019-6-2 | M52: 2019-6-3 | N52: 按揭 | Q52: 33668.52 | R52: 350826 | S52: 180826 | T52: 170000 | AF52: pos | AG52: 恒祥实业145864元； 河北问道35082元 | AI52: =S52+U52+V52+W52+X52+AC52+AD52+AE52 -> 180826 | AJ52: =S52+U52+V52+W52+X52 -> 180826 | AK52: =AI52-AJ52 -> 0 | AN52: 44841
A53: A0105 | B53: 周磊 | C53: 411523198610290478 | D53: 郑州市金水区郑花路59号院达观58号楼368单元14号 | E53: 15093109979 | F53: 1 | G53: 1159 | H53: 11.7 | I53: 问道 | J53: 1F6-025 | K53: 14.07 | L53: 2019-4-25 | M53: 2020-5-27 | N53: 按揭 | Q53: 48212.72 | R53: 564089 | S53: 354089 | U53: 210000 | V53: 760 | W53: 550 | Y53: 已 | Z53: 签 | AA53: 44022 | AC53: 1241.5 | AI53: =S53+U53+V53+W53+X53+AC53+AD53+AE53 -> 566640.5 | AJ53: =S53+U53+V53+W53+X53 -> 565399 | AK53: =AI53-AJ53 -> 1241.5 | AN53: 44841
A54: A0108 | B54: 唐永昌 李艳 | C54: 410703195608139518 41070319651030206X | D54: 河南省新乡市卫滨区人民中路514号10号楼5单元11号 | E54: 13653903360 | F54: 1 | G54: 1547 | H54: 18.27 | I54: 问道 | J54: 1F7-016 | K54: 19.18 | L54: 2019-5-11 | M54: 2019-6-28 | N54: 一次性 | Q54: 46923.31 | R54: 899989 | S54: 899989 | AI54: =S54+U54+V54+W54+X54+AC54+AD54+AE54 -> 899989 | AJ54: =S54+U54+V54+W54+X54 -> 899989 | AK54: =AI54-AJ54 -> 0 | AN54: 44841
A55: A0109 | B55: 李莉 | C55: 410703197003012046 | D55: 郑州市金水区北环路61号院8号楼3单元86号 | E55: 13838550007 | F55: 1 | G55: 1548 | H55: 16.58 | I55: 问道 | J55: 1F7-017 | K55: 16.78 | L55: 2019-5-11 | M55: 2019-7-4 | N55: 按揭 | Q55: 48271.75 | R55: 810000 | S55: 410000 | T55: 400000 | AI55: =S55+U55+V55+W55+X55+AC55+AD55+AE55 -> 410000 | AJ55: =S55+U55+V55+W55+X55 -> 410000 | AK55: =AI55-AJ55 -> 0 | AN55: 44841
A56: A0110 | B56: 弋宗桥 | C56: 410107197208150613 | D56: 郑州市高新技术开发区桂花西街5号院1号楼1单元1号 | E56: 13526780018 | F56: 4 | G56: 431 | H56: 20.36 | I56: 问道 | J56: 4F1-118 | K56: 18.48 | L56: 2019-6-22 | M56: 2019-6-28 | N56: 按揭 | Q56: 26705.03 | R56: 493509 | S56: 253509 | T56: 240000 | AB56: 2019.6.20申请退款 | AI56: =S56+U56+V56+W56+X56+AC56+AD56+AE56 -> 253509 | AJ56: =S56+U56+V56+W56+X56 -> 253509 | AK56: =AI56-AJ56 -> 0 | AN56: 44841
A57: A0111 | B57: 王冲冲 | C57: 410182198710292470 | D57: 河南省辉县市峪河镇姬庄村 | E57: 13525076912 | F57: 1 | G57: 1775 | H57: 15.32 | I57: 问道 | J57: 1F8-140 | K57: 16.01 | L57: 2019-7-21 | M57: 2019-7-21 | N57: 按揭 | Q57: 46582.07 | R57: 745779 | S57: 375779 | T57: 370000 | AF57: pos | AI57: =S57+U57+V57+W57+X57+AC57+AD57+AE57 -> 375779 | AJ57: =S57+U57+V57+W57+X57 -> 375779 | AK57: =AI57-AJ57 -> 0 | AN57: 44841
A58: A0112 | B58: 张淑霞 闫琛 | C58: 410107197012271544 410101199607222515 | D58: 郑州市金水区纬五路12号院11号楼20号 | E58: 15516952706 | F58: 3 | G58: 3328 | H58: 13.81 | I58: 问道 | J58: 3F5-004 | K58: 14.71 | L58: 2019-6-15 | M58: 2019-6-16 | N58: 按揭 | Q58: 32758.4 | R58: 481876 | S58: 241876 | T58: 240000 | AI58: =S58+U58+V58+W58+X58+AC58+AD58+AE58 -> 241876 | AJ58: =S58+U58+V58+W58+X58 -> 241876 | AK58: =AI58-AJ58 -> 0 | AN58: 44841
A59: A0113 | B59: 张晓飞 | C59: 4104821987062661093 | D59: 河南省汝州市临汝镇北村12号院485号 | E59: 13525076912 | F59: 1 | G59: 1774 | H59: 15.32 | I59: 问道 | J59: 1F8-139 | K59: 16.01 | L59: 2019-7-21 | M59: 2019-8-5 | N59: 按揭 | Q59: 46582.07 | R59: 745779 | S59: 375779 | T59: 370000 | AF59: pos | AI59: =S59+U59+V59+W59+X59+AC59+AD59+AE59 -> 375779 | AJ59: =S59+U59+V59+W59+X59 -> 375779 | AK59: =AI59-AJ59 -> 0 | AN59: 44841
A60: A0116 | B60: 郭琦 | C60: 410103199301272013 | D60: 河南省新乡市卫滨区建国路65号加单元10号 | E60: 15903732018 | F60: 4 | G60: 4139 | H60: 25.21 | I60: 问道 | J60: 4F7-010 | K60: 29.62 | L60: 2019-4-27 | M60: 2019-5-10 | N60: 按揭 | Q60: 26176.67 | R60: 775353 | S60: 625353 | T60: 150000 | AI60: =S60+U60+V60+W60+X60+AC60+AD60+AE60 -> 625353 | AJ60: =S60+U60+V60+W60+X60 -> 625353 | AK60: =AI60-AJ60 -> 0 | AN60: 44841
A61: A0118 | B61: 刘芳翡 | C61: 420106198209071220 | D61: 郑州市金水区红旗路26号院2号楼2单元907号 | E61: 13733181519 | F61: 1 | G61: 1276 | H61: 13.93 | I61: 问道 | J61: 1F6-097 | K61: 15.15 | L61: 2019-6-15 | M61: 2020-6-19 | N61: 按揭 | Q61: 48507.33 | R61: 675707 | S61: 375707 | T61: =R61-S61 -> 300000 | V61: 905 | W61: 550 | Y61: 已 | AC61: 1250 | AI61: =S61+U61+V61+W61+X61+AC61+AD61+AE61 -> 378412 | AJ61: =S61+U61+V61+W61+X61 -> 377162 | AK61: =AI61-AJ61 -> 1250 | AN61: 44841
A62: A0119 | B62: 吴瑞锋 | C62: 410182198807083779 | D62: 河南省新密市牛店镇土门村常家沟47号 | E62: 13676938679 | F62: 4 | G62: 4209 | H62: 20.16 | I62: 问道 | J62: 4F10-006 | K62: 17.6 | L62: 2019-5-4 | M62: 2019-5-7 | N62: 按揭 | Q62: 26297.9 | R62: 462843 | S62: 232843 | T62: =R62-S62 -> 230000 | AF62: POS机 | AG62: 看不清 | AI62: =S62+U62+V62+W62+X62+AC62+AD62+AE62 -> 232843 | AJ62: =S62+U62+V62+W62+X62 -> 232843 | AK62: =AI62-AJ62 -> 0 | AN62: 44841
A63: A0121 | B63: 梁丹 | C63: 410104198306150516 | D63: 郑州市管城回族区郑汴路72号院1号楼附15号 | E63: 13523455771 | F63: 4 | G63: 4146 | H63: 53.31 | I63: 21世纪 | J63: 4FA-148 | K63: 53.9 | L63: 2018-11-14 | M63: 2020-5-22 | N63: 一次性 | Q63: 19556.38 | R63: 1042551 | S63: 1042551 | T63: =R63-S63 -> 0 | V63: 3465 | W63: 550 | X63: 7523 | Y63: 已 | Z63: 签 | AA63: 44019 | AF63: pos | AG63: 恒祥实业854089元 | AI63: =S63+U63+V63+W63+X63+AC63+AD63+AE63 -> 1054089 | AJ63: =S63+U63+V63+W63+X63 -> 1054089 | AK63: =AI63-AJ63 -> 0 | AN63: 44841
A64: A0122 | B64: 潘越 | C64: 320323198903317319 | D64: 江苏省徐州市经济开发区徐庄镇尤家村7队85号 | E64: 15290838010/13838393318 | F64: 4 | G64: 4428 | H64: 31.29 | I64: 21世纪 | J64: 4FC-069 | K64: 38.3 | L64: 2019-1-27 | M64: 2019-1-28 | N64: 一次性 | Q64: 21222.43 | R64: 812819 | S64: 812819 | T64: =R64-S64 -> 0 | AI64: =S64+U64+V64+W64+X64+AC64+AD64+AE64 -> 812819 | AJ64: =S64+U64+V64+W64+X64 -> 812819 | AK64: =AI64-AJ64 -> 0 | AN64: 44841
A65: A0123 | B65: 牛爱霞 | C65: 410105197711187525 | D65: 郑州市金水区姚桥乡后牛岗村205号 | E65: 13937138233 | F65: 4 | G65: 4532 | H65: 15.53 | I65: 问道 | J65: 4F6-023 | K65: 14.18 | L65: 2019-4-7 | M65: 2020-7-10 | N65: 一次性 | Q65: 25314.29 | R65: 393131 | S65: 393131 | T65: =R65-S65 -> 0 | V65: 1009 | W65: 550 | Y65: 已 | Z65: 签 | AA65: 44051 | AF65: pos | AG65: 恒祥实业 | AI65: =S65+U65+V65+W65+X65+AC65+AD65+AE65 -> 394690 | AJ65: =S65+U65+V65+W65+X65 -> 394690 | AK65: =AI65-AJ65 -> 0 | AN65: 44841
A66: A0124 | B66: 甄若琳、师鑫 | C66: 41040319950602552X、410105199008090130 | D66: 郑州市金水区姚桥乡刘江村27号 | E66: 13140128013/15538165881 | F66: 4 | G66: 4354 | H66: 17.85 | I66: 问道 | J66: 4F6-018 | K66: 15.4 | L66: 2019-4-7 | M66: 2020-7-10 | N66: 一次性 | Q66: 24300 | R66: 433755 | S66: 433755 | T66: =R66-S66 -> 0 | V66: 1160 | W66: 560 | Y66: 已 | Z66: 签 | AA66: 44021 | AF66: pos | AG66: 恒祥实业 | AI66: =S66+U66+V66+W66+X66+AC66+AD66+AE66 -> 435475 | AJ66: =S66+U66+V66+W66+X66 -> 435475 | AK66: =AI66-AJ66 -> 0 | AN66: 44841
A67: A0125 | B67: 张丽娟 | C67: 411123197905186524 | D67: 郑州市金水区福彩路2号院5号楼96号 | E67: 13007537699 | F67: 1 | G67: 1797 | H67: 13.77 | I67: 问道 | J67: 1F8-175 | K67: 12.04 | L67: 2019-11-2 | M67: 2020-1-19 | N67: 按揭 | Q67: 48376.08 | R67: 582448 | S67: 292448 | T67: =R67-S67 -> 290000 | AB67: 10.11.1李威挞定11.11从1F6-039调至此 | AF67: pos | AG67: 恒祥实业 | AI67: =S67+U67+V67+W67+X67+AC67+AD67+AE67 -> 292448 | AJ67: =S67+U67+V67+W67+X67 -> 292448 | AK67: =AI67-AJ67 -> 0 | AN67: 44841
A68: A0127 | B68: 李柏翰 | C68: 411621200810165033 | D68: 河南省扶沟县包屯镇肖庄行政村肖庄村 | E68: 15093405131 | F68: 3 | G68: 3891 | H68: 17.62 | I68: 问道 | J68: 3F9-058 | K68: 17.48 | L68: 2019-9-2 | M68: 2020-9-23 | N68: 一次性 | Q68: 30780.7 | R68: 542356 | S68: 542356 | T68: =R68-S68 -> 0 | V68: 1145 | W68: 550 | Y68: 已 | Z68: 签 | AA68: 44190 | AI68: =S68+U68+V68+W68+X68+AC68+AD68+AE68 -> 544051 | AJ68: =S68+U68+V68+W68+X68 -> 544051 | AK68: =AI68-AJ68 -> 0 | AN68: 44841
A69: A0129 | B69: 薛莲 | C69: 41072519850530042X | D69: 河南省通许县竖岗镇洼张村19号 | E69: 15936200737 | F69: 1 | G69: 1153 | H69: 41.7 | I69: 问道 | J69: 1F6-001 | K69: 36.11 | L69: 2019-8-26 | M69: 2019-8-30 | N69: 按揭 | Q69: 47030.07 | R69: 1698256 | S69: 858256 | T69: =R69-S69 -> 840000 | AF69: pos | AG69: 恒祥实业 | AI69: =S69+U69+V69+W69+X69+AC69+AD69+AE69 -> 858256 | AJ69: =S69+U69+V69+W69+X69 -> 858256 | AK69: =AI69-AJ69 -> 0 | AN69: 44841
A70: A0131 | B70: 徐宗甫 | C70: 410105197806126127 | D70: 郑州市金水区柳林镇徐庄172号 | E70: 13203803931 | F70: 3 | G70: 3171 | H70: 21.89 | I70: 问道 | J70: 3F6-071 | K70: 21.79 | L70: 2019-6-18 | M70: 2020-11-17 | N70: 按揭 | Q70: 31474.44 | R70: 688975 | S70: 348975 | T70: 340000 | V70: 1422 | W70: 550 | AB70: 原3F6-071调至此（原贺瑞兰更名） | AI70: =S70+U70+V70+W70+X70+AC70+AD70+AE70 -> 350947 | AJ70: =S70+U70+V70+W70+X70 -> 350947 | AK70: =AI70-AJ70 -> 0 | AN70: 44841
A71: A0133 | B71: 朱军辉 | C71: 410104197508042041 | D71: 郑州市金水区柳林镇路砦村284号 | E71: 13838397654 | F71: 3 | G71: 3256 | H71: 21.64 | I71: 问道 | J71: 3F6-067 | K71: 21.33 | L71: 2019-6-16 | M71: 2019-6-26 | N71: 按揭 | Q71: 31634.46 | R71: 674763 | S71: 344763 | T71: 330000 | AI71: =S71+U71+V71+W71+X71+AC71+AD71+AE71 -> 344763 | AJ71: =S71+U71+V71+W71+X71 -> 344763 | AK71: =AI71-AJ71 -> 0 | AN71: 44841
A72: A0134 | B72: 冯玉香 | C72: 411425198202037403 | D72: 郑州市中原区陇海西路169号附8号 | E72: 13783469663 | F72: 4 | G72: 434 | H72: 30.77 | I72: 21世纪 | J72: 4FA-110 | K72: 36.75 | L72: 2018-11-15 | M72: 2020-5-24 | N72: 按揭 | Q72: 21680.354 | R72: 667104 | S72: 405104 | T72: 262000 | V72: 2000 | W72: 550 | AC72: 1796.2 | AF72: POS | AI72: =S72+U72+V72+W72+X72+AC72+AD72+AE72 -> 409450.2 | AJ72: =S72+U72+V72+W72+X72 -> 407654 | AK72: =AI72-AJ72 -> 1796.2 | AN72: 44841
A73: A0135 | B73: 王德永 | C73: 412325196708071832 | D73: 河南省睢县西陵镇马河村107号 | E73: 13781186354 | F73: 1 | G73: 1808 | H73: 26.51 | I73: 问道 | J73: 1F8-161 | K73: 27.86 | L73: 2019-11-30 | M73: 2019-11-30 | N73: 一次性 | Q73: 45234.39 | R73: 1260230 | S73: 1260230 | T73: 0 | AI73: =S73+U73+V73+W73+X73+AC73+AD73+AE73 -> 1260230 | AJ73: =S73+U73+V73+W73+X73 -> 1260230 | AK73: =AI73-AJ73 -> 0 | AN73: 44841
A74: A0136 | B74: 赵芳 | C74: 41088319870601252X | D74: 河南省孟州市大定办新城村一号 | E74: 13598528889 | F74: 1 | G74: 1134 | H74: 33.26 | I74: 21世纪 | J74: 1FA-052 | K74: 35.78 | L74: 2018-11-14 | M74: 43420 | N74: 一次性 | Q74: 45082.588 | R74: 1613055 | S74: 1613055 | T74: 0 | AI74: =S74+U74+V74+W74+X74+AC74+AD74+AE74 -> 1613055 | AJ74: =S74+U74+V74+W74+X74 -> 1613055 | AK74: =AI74-AJ74 -> 0 | AN74: 44841
A75: A0137 | B75: 韩良峰 | C75: 410105196509141094 | D75: 郑州市金水区纬五路47号 | E75: 13803840312 | F75: 1 | G75: 1732 | H75: 18.85 | I75: 问道 | J75: 1F8-097 | K75: 19.55 | L75: 2019-11-6 | M75: 2020-7-5 | N75: 一次性 | Q75: 45398.73 | R75: 855766 | S75: 855766 | T75: 0 | V75: 1225 | W75: 550 | Y75: 已 | Z75: 签 | AA75: 44087 | AI75: =S75+U75+V75+W75+X75+AC75+AD75+AE75 -> 857541 | AJ75: =S75+U75+V75+W75+X75 -> 857541 | AK75: =AI75-AJ75 -> 0 | AN75: 44841
A76: A0138-1 | B76: 于红 | C76: '211022198003296906 | D76: 辽宁省灯塔市柳条寨镇北李大人村694号 | E76: 15038381797 | F76: 1 | G76: 1599 | H76: 20.92 | I76: 问道 | J76: 1F7-062 | K76: 22.66 | L76: 43769 | M76: 44017 | N76: 按揭 | Q76: 46455.78 | R76: 971855 | S76: 541855 | T76: 430000 | V76: 1559 | W76: 550 | AC76: 10060 | AF76: 转账 | AG76: 恒祥实业 | AI76: =S76+U76+V76+W76+X76+AC76+AD76+AE76 -> 554024 | AJ76: =S76+U76+V76+W76+X76 -> 543964 | AK76: =AI76-AJ76 -> 10060 | AL76: 八套房的中介费10060元 | AN76: 44841
A77: A0138-2 | B77: 于红 | C77: '211022198003296906 | D77: 辽宁省灯塔市柳条寨镇北李大人村694号 | E77: 15038381797 | F77: 1 | G77: 1728 | H77: 18.85 | I77: 问道 | J77: 1F8-093 | K77: 19.55 | L77: 43772 | M77: 44017 | N77: 按揭 | Q77: 46505.98 | R77: 876638 | S77: 586638 | T77: 290000 | V77: 1225 | W77: 550 | AF77: 转账 | AG77: 恒祥实业 | AI77: =S77+U77+V77+W77+X77+AC77+AD77+AE77 -> 588413 | AJ77: =S77+U77+V77+W77+X77 -> 588413 | AK77: =AI77-AJ77 -> 0 | AN77: 44841
A78: A0138-3 | B78: 于红 | C78: '211022198003296906 | D78: 辽宁省灯塔市柳条寨镇北李大人村694号 | E78: 15038381797 | F78: 1 | G78: 1759 | H78: 17.68 | I78: 问道 | J78: 1F8-124 | K78: 18.47 | L78: 43772 | M78: 44017 | N78: 按揭 | Q78: 46527.34 | R78: 822603 | S78: 442603 | T78: 380000 | V78: 1149 | W78: 550 | AF78: 转账 | AG78: 恒祥实业 | AI78: =S78+U78+V78+W78+X78+AC78+AD78+AE78 -> 444302 | AJ78: =S78+U78+V78+W78+X78 -> 444302 | AK78: =AI78-AJ78 -> 0 | AN78: 44841
A79: A0138-4 | B79: 于红 | C79: '211022198003296906 | D79: 辽宁省灯塔市柳条寨镇北李大人村694号 | E79: 15038381797 | F79: 1 | G79: 1760 | H79: 17.68 | I79: 问道 | J79: 1F8-125 | K79: 18.47 | L79: 43772 | M79: 44017 | N79: 按揭 | Q79: 46527.34 | R79: 822603 | S79: 442603 | T79: 380000 | V79: 1149 | W79: 550 | AF79: 转账 | AG79: 恒祥实业 | AI79: =S79+U79+V79+W79+X79+AC79+AD79+AE79 -> 444302 | AJ79: =S79+U79+V79+W79+X79 -> 444302 | AK79: =AI79-AJ79 -> 0 | AN79: 44841
A80: A0138-5 | B80: 于红 | C80: 211022198003296906 | D80: 辽宁省灯塔市柳条寨镇北李大人村694号 | E80: 15038381797 | F80: 1 | G80: 1761 | H80: 17.68 | I80: 问道 | J80: 1F8-126 | K80: 18.47 | L80: 2019-11-3 | M80: 2020-7-5 | N80: 按揭 | Q80: 46527.34 | R80: 822603 | S80: 442603 | T80: =R80-S80 -> 380000 | V80: 1149 | W80: 550 | AF80: pos | AG80: 恒祥实业；河北问道705084元 | AI80: =S80+U80+V80+W80+X80+AC80+AD80+AE80 -> 444302 | AJ80: =S80+U80+V80+W80+X80 -> 444302 | AK80: =AI80-AJ80 -> 0 | AN80: 44841
A81: A0138-6 | B81: 于红 | C81: 211022198003296906 | D81: 辽宁省灯塔市柳条寨镇北李大人村694号 | E81: 15038381797 | F81: 1 | G81: 1764 | H81: 17.68 | I81: 问道 | J81: 1F8-129 | K81: 18.47 | L81: 2019-11-3 | M81: 2020-7-5 | N81: 按揭 | Q81: 46527.34 | R81: 822603 | S81: 442603 | T81: =R81-S81 -> 380000 | V81: 1149 | W81: 550 | AF81: pos | AI81: =S81+U81+V81+W81+X81+AC81+AD81+AE81 -> 444302 | AJ81: =S81+U81+V81+W81+X81 -> 444302 | AK81: =AI81-AJ81 -> 0 | AN81: 44841
A82: A0138-7 | B82: 于红 | C82: 211022198003296906 | D82: 辽宁省灯塔市柳条寨镇北李大人村694号 | E82: 15038381797 | F82: 1 | G82: 1763 | H82: 17.68 | I82: 问道 | J82: 1F8-128 | K82: 18.47 | L82: 2019-11-3 | M82: 2020-7-5 | N82: 按揭 | Q82: 46527.34 | R82: 822603 | S82: 442603 | T82: =R82-S82 -> 380000 | V82: 1149 | W82: 550 | AF82: pos | AI82: =S82+U82+V82+W82+X82+AC82+AD82+AE82 -> 444302 | AJ82: =S82+U82+V82+W82+X82 -> 444302 | AK82: =AI82-AJ82 -> 0 | AN82: 44841
A83: A0138-8 | B83: 于红 | C83: 211022198003296906 | D83: 辽宁省灯塔市柳条寨镇北李大人村694号 | E83: 15038381797 | F83: 1 | G83: 1762 | H83: 17.68 | I83: 问道 | J83: 1F8-127 | K83: 18.47 | L83: 2019-11-3 | M83: 2020-7-5 | N83: 按揭 | Q83: 46527.34 | R83: 822603 | S83: 442603 | T83: =R83-S83 -> 380000 | V83: 1149 | W83: 550 | AF83: pos | AI83: =S83+U83+V83+W83+X83+AC83+AD83+AE83 -> 444302 | AJ83: =S83+U83+V83+W83+X83 -> 444302 | AK83: =AI83-AJ83 -> 0 | AN83: 44841
A84: A0139 | B84: 常宝 | C84: 411121197601250045 | D84: 郑州市金水区跃进路2号 | E84: 13837185996 | F84: 4 | G84: 4101 | H84: 23.66 | I84: 21世纪 | J84: 4FA-044 | K84: 24.55 | L84: 2018-11-15 | M84: 2020-7-24 | N84: 一次性 | Q84: 19762.26 | R84: 467575 | S84: 467575 | T84: =R84-S84 -> 0 | V84: 1537 | W84: 550 | X84: 15501 | Y84: 已 | Z84: 签 | AA84: 44089 | AI84: =S84+U84+V84+W84+X84+AC84+AD84+AE84 -> 485163 | AJ84: =S84+U84+V84+W84+X84 -> 485163 | AK84: =AI84-AJ84 -> 0 | AN84: 44841
A85: A0141 | B85: 牛松生 李艳艳 | C85: 412921197905152019 410323198905115544 | D85: 郑州市高新技术开发区国槐街6号付1号 | E85: 15238025218 | F85: 1 | G85: 1605 | H85: 17.38 | I85: 问道 | J85: 1F7-068 | K85: 17.76 | L85: 2019-5-1 | M85: 2019-5-1 | N85: 按揭 | Q85: 47297.3 | R85: 840000 | S85: 420000 | T85: =R85-S85 -> 420000 | AB85: 房款转给置业顾问，置业顾问帮忙刷卡付款 | AF85: pos | AG85: 恒祥实业（尾号1545）33.6万元，河北问道8.4万元 | AI85: =S85+U85+V85+W85+X85+AC85+AD85+AE85 -> 420000 | AJ85: =S85+U85+V85+W85+X85 -> 420000 | AK85: =AI85-AJ85 -> 0 | AN85: 44841
A86: A0142 | B86: 高小更 | C86: 410325197805050059 | D86: 河南嵩县田湖镇高屯村七组103号 | E86: 18839047815 | F86: 4 | G86: 4446 | H86: 7.42 | I86: 问道 | J86: 3F7-008 | K86: 7.95 | L86: 2019-6-30 | M86: 2020-5-21 | N86: 一次性 | Q86: 28198.79 | R86: 209235 | S86: 209235 | T86: =R86-S86 -> 0 | V86: 482 | W86: 550 | Y86: 已 | AI86: =S86+U86+V86+W86+X86+AC86+AD86+AE86 -> 210267 | AJ86: =S86+U86+V86+W86+X86 -> 210267 | AK86: =AI86-AJ86 -> 0 | AN86: 44841
A87: A0143 | B87: 李美玲 | C87: 410102198003150022 | D87: 郑州市中原区航海西路办事处段庄村北街51号付1号 | E87: 18003836380 | F87: 3 | G87: 3271 | H87: 17.39 | I87: 问道 | J87: 3F6-052 | K87: 17.24 | L87: 2019-4-27 | M87: 2020-5-29 | N87: 按揭 | Q87: 31622.33 | R87: 549912 | S87: 279912 | T87: =R87-S87 -> 270000 | V87: 1130 | W87: 550 | Y87: 已 | AB87: 签28托管 | AC87: =1000+220+27 -> 1247 | AI87: =S87+U87+V87+W87+X87+AC87+AD87+AE87 -> 282839 | AJ87: =S87+U87+V87+W87+X87 -> 281592 | AK87: =AI87-AJ87 -> 1247 | AN87: 44841
A88: A0144 | B88: 吴永英 | C88: 411425197801029021 | D88: 河南省虞城县稍岗乡前吴村 | E88: 18336915770 | F88: 4 | G88: 4487 | H88: 16.53 | I88: 问道 | J88: 4F5-017 | K88: 15.4 | L88: 2019-10-14 | M88: 2020-7-17 | N88: 按揭 | Q88: 27171.43 | R88: 449144 | S88: 229144 | T88: =R88-S88 -> 220000 | V88: 1074 | W88: 550 | AC88: 1242 | AI88: =S88+U88+V88+W88+X88+AC88+AD88+AE88 -> 232010 | AJ88: =S88+U88+V88+W88+X88 -> 230768 | AK88: =AI88-AJ88 -> 1242 | AN88: 44841
A89: A0145 | B89: 赵晓红 | C89: 411023196604047520 | D89: 河南省许昌市魏都区东大办事处东顺河街171号 | E89: 13937428886 | F89: 3 | G89: 3344 | H89: 24.16 | I89: 问道 | J89: 3F5-011 | K89: 23.32 | L89: 2019-6-18 | M89: 2019-7-21 | N89: 按揭 | Q89: 31690.82 | R89: 739030 | S89: 379030 | T89: =R89-S89 -> 360000 | AC89: 5000 | AI89: =S89+U89+V89+W89+X89+AC89+AD89+AE89 -> 384030 | AJ89: =S89+U89+V89+W89+X89 -> 379030 | AK89: =AI89-AJ89 -> 5000 | AN89: 44841
A90: A0147 | B90: 李均开 | C90: 412827197609033018 | D90: 河南省平舆县射桥镇古城村委后柴楼 | E90: 15890697866 | F90: 3 | G90: 3965 | H90: 20.01 | I90: 问道 | J90: 3F4-023 | K90: 22.89 | L90: 2019-10-5 | M90: 2020-6-28 | N90: 按揭 | Q90: 31376.58 | R90: 627845 | S90: 377845 | T90: =R90-S90 -> 250000 | V90: 1300 | W90: 550 | AI90: =S90+U90+V90+W90+X90+AC90+AD90+AE90 -> 379695 | AJ90: =S90+U90+V90+W90+X90 -> 379695 | AK90: =AI90-AJ90 -> 0 | AN90: 44841
A91: A0148 | B91: 刘嘉琴 | C91: 510923198411213749 | D91: 四川省大英县蓬莱镇铁鼓街2号 | E91: 18625579308 | F91: 4 | G91: 4399 | H91: 12.27 | I91: 问道 | J91: 3F8-079 | K91: 22.25 | L91: 2019-5-19 | M91: 2020-5-21 | N91: 一次性 | Q91: 29012.31 | R91: 355981 | S91: 355981 | T91: =R91-S91 -> 0 | V91: 797 | W91: 550 | Y91: 已 | Z91: 签 | AA91: 44023 | AF91: pos | AG91: 恒祥实业284849元；河北问道70538元 | AI91: =S91+U91+V91+W91+X91+AC91+AD91+AE91 -> 357328 | AJ91: =S91+U91+V91+W91+X91 -> 357328 | AK91: =AI91-AJ91 -> 0 | AN91: 44841
A92: A0149 | B92: 谷雪洋 | C92: 411425199605100053 | D92: 郑州市惠济区古荥镇黄河南岸86号95号楼1单元11号 | E92: 15617888298 | F92: 4 | G92: 4161 | H92: 20.09 | I92: 21世纪 | J92: 4FA-152 | K92: 27.15 | L92: 2018-12-11 | M92: 2018-12-16 | N92: 按揭 | Q92: 26083.2 | R92: 708159 | S92: 358159 | T92: =R92-S92 -> 350000 | AF92: pos | AG92: 恒祥实业（兴业银行20万） | AI92: =S92+U92+V92+W92+X92+AC92+AD92+AE92 -> 358159 | AJ92: =S92+U92+V92+W92+X92 -> 358159 | AK92: =AI92-AJ92 -> 0 | AN92: 44841
A93: A0150 | B93: 原琳颖 | C93: 410526198608188245 | D93: 郑州市金水区国基路168号院塞纳维斯一区2号楼25号 | E93: 13623718955 | F93: 3 | G93: 3201 | H93: 18.75 | I93: 21世纪 | J93: 3FB-151 | K93: 20.53 | L93: 2018-12-13 | M93: 2020-5-22 | N93: 按揭 | Q93: 31944.42 | R93: 598958 | S93: 334958 | T93: =R93-S93 -> 264000 | V93: 1218 | W93: 550 | AC93: 1246.4 | AF93: pos | AG93: 恒祥实业 | AI93: =S93+U93+V93+W93+X93+AC93+AD93+AE93 -> 337972.4 | AJ93: =S93+U93+V93+W93+X93 -> 336726 | AK93: =AI93-AJ93 -> 1246.4 | AN93: 44841
A94: A0151 | B94: 付文林 | C94: 510623198809171132 | D94: 河南省濮阳市华龙区巴黎街轻工小区5号楼2单元3号 | E94: 18739310787 | F94: 4 | G94: 4411 | H94: 13.79 | I94: 问道 | J94: 4F9-038 | K94: 11.19 | L94: 2019-5-20 | M94: 2019-5-21 | N94: 一次性 | Q94: 26629.49 | R94: 297984 | S94: 297984 | T94: =R94-S94 -> 0 | AF94: pos | AI94: =S94+U94+V94+W94+X94+AC94+AD94+AE94 -> 297984 | AJ94: =S94+U94+V94+W94+X94 -> 297984 | AK94: =AI94-AJ94 -> 0 | AN94: 44841
A95: A0153 | B95: 赵菊红 | C95: 410504197510081564 | D95: 郑州市金水区庙张街2号1号楼1单元48号 | E95: 17839968198 | F95: 1 | G95: 1344 | H95: 19.63 | I95: 问道 | J95: 1F5-056 | K95: 18.66 | L95: 2019-9-23 | M95: 2020-5-30 | N95: 按揭 | Q95: 48178.56 | R95: 945745 | S95: 475745 | U95: 470000 | V95: 1275 | W95: 550 | Y95: 已 | Z95: 签 | AA95: 44023 | AF95: pos | AG95: 恒祥实业 | AI95: =S95+U95+V95+W95+X95+AC95+AD95+AE95 -> 947570 | AJ95: =S95+U95+V95+W95+X95 -> 947570 | AK95: =AI95-AJ95 -> 0 | AN95: 44841
A96: A0154 | B96: 徐娜 | C96: 412823198009194845 | D96: 郑州市高新技术开发区五龙口南路9号院17号楼2单元17号 | E96: 17737192898 | F96: 4 | G96: 4303 | H96: 14.49 | I96: 问道 | J96: 4F4-016 | K96: 13.28 | L96: 2019-4-7 | M96: 2019-4-15 | N96: 按揭 | Q96: 26024.77 | R96: 345609 | S96: 175609 | T96: =R96-S96 -> 170000 | AF96: pos | AI96: =S96+U96+V96+W96+X96+AC96+AD96+AE96 -> 175609 | AJ96: =S96+U96+V96+W96+X96 -> 175609 | AK96: =AI96-AJ96 -> 0 | AN96: 44841
A97: A0155 | B97: 姜国胜 | C97: 41072119860817052X | D97: 河南省新乡市凤泉区大块镇小块村1090号 | E97: 13462287567 | F97: 3 | G97: 3926 | H97: 16.38 | I97: 问道 | J97: 3F9-045 | K97: 14.73 | L97: 43674 | M97: 43999 | N97: 按揭 | Q97: 30794.17 | R97: 504409 | S97: 254409 | T97: =R97-S97 -> 250000 | V97: 1064 | W97: 550 | AI97: =S97+U97+V97+W97+X97+AC97+AD97+AE97 -> 256023 | AJ97: =S97+U97+V97+W97+X97 -> 256023 | AK97: =AI97-AJ97 -> 0 | AN97: 44841
A98: A0156 | B98: 左建云 | C98: 410184198409085042 | D98: 河南省新郑市观音寺镇唐户498号 | E98: 13526780919、13838278799 | F98: 4 | G98: 449 | H98: 20.76 | I98: 问道 | J98: 4F1-100 | K98: 18.06 | L98: 2019-6-2 | M98: 2019-7-13 | N98: 按揭 | Q98: 26967.05 | R98: 487025 | S98: 247025 | T98: =R98-S98 -> 240000 | AB98: 2019.6.20申请退款从4F10-009调至此 | AI98: =S98+U98+V98+W98+X98+AC98+AD98+AE98 -> 247025 | AJ98: =S98+U98+V98+W98+X98 -> 247025 | AK98: =AI98-AJ98 -> 0 | AN98: 44841
A99: A0158 | B99: 郑艳 | C99: 410725198111032506 | D99: 郑州市二七区侯寨乡侯寨村188号 | E99: 15736718888、15515832808 | F99: 3 | G99: 3242 | H99: 25.16 | I99: 21世纪 | J99: 3FB-162 | K99: 24.8 | L99: 2019-1-31 | M99: 2019-2-21 | N99: 一次性 | Q99: 26774.19 | R99: 664000 | S99: 664000 | T99: =R99-S99 -> 0 | AF99: pos | AG99: 恒祥实业 | AI99: =S99+U99+V99+W99+X99+AC99+AD99+AE99 -> 664000 | AJ99: =S99+U99+V99+W99+X99 -> 664000 | AK99: =AI99-AJ99 -> 0 | AN99: 44841
A100: A0159 | B100: 李朵 | C100: 410103197807093723 | D100: 郑州市二七区中原东路78号院42号楼14号 | E100: 13837171662 | F100: 1 | G100: 1756 | H100: 17.68 | I100: 问道 | J100: 1F8-121 | K100: 18.47 | L100: 2019-7-26 | M100: 2020-7-28 | N100: 按揭 | Q100: 47644.83 | R100: 842361 | S100: 812361 | T100: 30000 | AF100: POS | AG100: 恒祥实业651361元，问道16.1万 | AI100: =S100+U100+V100+W100+X100+AC100+AD100+AE100 -> 812361 | AJ100: =S100+U100+V100+W100+X100 -> 812361 | AK100: =AI100-AJ100 -> 0 | AN100: 44841
...

Sheet 商铺
A1: 材料编号 | B1: 姓名 | C1: 身份证号 | D1: 电话 | E1: 地址 | F1: 楼号 | G1: 铺号 | H1: 结构 | I1: 面积 | J1: 预估单价 | K1: 预估总价 | L1: 单价 | M1: 表总价 | N1: 优惠后单价 | O1: 优惠后总价 | P1: 已交款 | Q1: 按揭款 | R1: 按揭回款 | S1: 维修基金 | T1: 产权登记费 | U1: 签约情况 | V1: 申报利息违约金 | W1: 债权发生时间 | X1: 收款方式 | Y1: 收款账号 | Z1: 房地产 收据金额 | AA1: 申报金额 | AB1: 核定金额 | AC1: 差异 | AD1: 备注 | AE1: 登记人 | AF1: 登记日期 | AI1: 申报金额合计 | AJ1: =SUM(AA:AA) -> 22166987 | AK1: 核定金额合计 | AL1: =SUM(AB:AB) -> 21668964 | AM1: 累计登记数量 | AN1: =COUNTA(A:A)-1 -> 9
A2: A0008 | B2: 余洋洋 | C2: 411503199005052315 | D2: 15038277767 | F2: 9 | G2: 109 | H2: 1层 | I2: 97.43 | N2: =O2/I2 -> 37999.631 | O2: 3702304 | P2: 3702304 | Q2: 0 | S2: 6332 | T2: 550 | U2: 签 | AA2: =P2+S2+T2+R2+V2 -> 3709186 | AB2: =P2+R2+S2+T2 -> 3709186 | AC2: =AA2-AB2 -> 0 | AF2: 44841
A3: A0344 | B3: 王苏君 | F3: 10 | G3: 117 | H3: 1-2层 | I3: 110.19 | N3: 31000 | O3: 3415890 | P3: 1715890 | Q3: =O3-P3 -> 1700000 | S3: 7162 | T3: 550 | W3: 43296 | X3: POS、转账 | AA3: =P3+S3+T3+R3+V3 -> 1723602 | AB3: =AA3 -> 1723602 | AC3: =AA3-AB3 -> 0 | AF3: 44841
A4: A0777-2 | B4: 付群芝 | C4: 412723197101208146 | D4: 13948310215 | E4: 河南省商水县黄寨镇王老村三组 | F4: 9 | G4: 105 | H4: 1层 | I4: 99.03 | N4: 40000 | O4: 3961200 | P4: 1981200 | Q4: 1980000 | W4: 43403 | AA4: =P4+S4+T4+R4+V4 -> 1981200 | AB4: =P4+R4+S4+T4 -> 1981200 | AC4: =AA4-AB4 -> 0 | AE4: NK | AF4: 44843
A5: A0838-1 | B5: 常燕 | C5: 41010519740725712X | D5: 13533712680 | F5: 9 | G5: 101 | H5: 1层 | I5: 99.03 | N5: 40500 | O5: =N5*I5 -> 4010715 | P5: 3312900 | Q5: =O5-P5 -> 697815 | W5: 42862 | AA5: =P5+S5+T5+R5+V5 -> 3312900 | AB5: =P5+R5+S5+T5 -> 3312900 | AC5: =AA5-AB5 -> 0 | AE5: QYX | AF5: 44844
A6: A0897 | B6: 郭秀云 | C6: 41128197603243027 | D6: 13523984666 | F6: 2 | G6: 065 | H6: 1层 | I6: 19.34 | N6: 45600 | O6: 881904 | P6: 705523 | V6: =210810.27+192546+94666.78 -> 498023.05 | W6: 42752 | AA6: =P6+S6+T6+R6+V6 -> 1203546.1 | AB6: =P6 -> 705523 | AC6: =AA6-AB6 -> 498023.05 | AD6: 该商铺2#一层065号在销售房源中不存在，销售单位为恒祥实业，委托经营单位为房地产，与正常的商铺委托经营管理单位河南百悦城商业运营管理公司不一致，二者运营合同条款和收益、租期约定也不一致。债权人曾起诉要求房地产支付第一年运营收益，法院判决房地产支付第一年收益56442及违约金 | AE6: QYX | AF6: 44845
A7: A1023 | B7: 河南启元教育有限公司 | D7: 13949021324 | F7: 9 | G7: 106 | H7: 1-2层 | I7: 302.93 | N7: 27082.39 | O7: 8204069 | P7: 8204069 | Q7: =O7-P7 -> 0 | S7: 19690 | T7: 550 | U7: 签 | W7: 43293 | AA7: =P7+S7+T7+R7+V7 -> 8224309 | AB7: =P7+R7+S7+T7 -> 8224309 | AC7: =AA7-AB7 -> 0 | AE7: GS | AF7: 44846
A8: A1127 | B8: 葛显红 | C8: 411503197202180712 | D8: 15737695038 | F8: 9 | G8: 107 | H8: 1-2层 | I8: 293.4 | N8: 45000 | O8: =N8*I8 -> 13203000 | P8: 1010500 | Q8: =O8-P8 -> 12192500 | AA8: =P8+S8+T8+R8 -> 1010500 | AB8: =P8+R8+S8+T8 -> 1010500 | AC8: =AA8-AB8 -> 0 | AE8: GXN | AF8: 44865
A9: A1284 | B9: 许铭浩 | C9: 410103198812080075 | D9: 13673686367 | F9: 9 | G9: 111 | H9: 1-2层 | I9: 237.91 | P9: 320000 | W9: 42838 | Z9: 300000 | AA9: =P9+S9+T9+R9 -> 320000 | AB9: =P9+R9+S9+T9 -> 320000 | AC9: =AA9-AB9 -> 0 | AD9: 收据注明订金9#-1-17，销售明细表无此房间 | AE9: GXN | AF9: 44868
A10: A1552 | B10: 宋方、张芒 | C10: 412326198608274232 | D10: 18638525022 | G10: 129 | H10: 3层 | I10: 40.58 | N10: 24000 | O10: =N10*I10 -> 973920 | P10: 681744 | W10: 43444 | AA10: =P10+S10+T10+R10 -> 681744 | AB10: =P10+R10+S10+T10 -> 681744 | AD10: 销控表无该房源和销售信息，已提交收据和认购协议 | AE10: QYX | AF10: 44886
B45: 曹海良

Sheet 地下商铺租赁 
A1: 材料编号 | B1: 姓名 | C1: 身份证号 | R1: 审核确认债权数额（元） | W1: 确认情况
D2: 电话 | E2: 房号 | F2: 面积 | G2: 债权发生时间 | H2: 收款账户 | I2: 租金总额 | J2: 收益金额 | K2: 违约金 | L2: 诉讼费 | M2: 其他 | N2: 申报债权总额 | O2: 核定债权总额 | P2: 审核情况 | Q2: 差异 | R2: 本金 | S2: 孳息 | T2: 迟延履行利息 | U2: 其他 | V2: 合计 | X2: 备注 | Y2: 房地产 收据金额 | Z2: 登记人 | AA2: 登记日期 | AB2: 账面情况 | AC2: 科目 | AD2: 金额 | AE2: 申报金额合计 | AF2: =SUM(N:N) -> 5063743.1 | AG2: 核定金额合计 | AH2: =SUM(O:O) -> 4539957 | AI2: 累计登记数量 | AJ2: =COUNTA(A:A)-1 -> 31
A3: A0545 | B3: 王雁丽 | C3: 410102196801291525 | D3: 15690857521 | E3: B1-15-119 | F3: 5.75 | G3: 43691 | I3: 147181 | N3: 147181 | O3: =N3 -> 147181 | P3: 确认 | Q3: =N3-O3 -> 0 | R3: 147181 | V3: 147181 | W3: 确认 | AA3: 44841 | AC3: 预收账款\商业房 | AD3: 525932
A4: A1298-1 | B4: 楚超 | C4: 410183198802190010 | D4: 13273028355 | E4: B1-15-120 | F4: 5.75 | G4: 43708 | I4: 150185 | N4: =SUM(I4:L4) -> 150185 | O4: =I4+L4 -> 150185 | P4: 确认 | Q4: =N4-O4 -> 0 | R4: 150185 | V4: 150185 | W4: 确认 | Z4: QYX | AA4: 44868 | AC4: 预收账款\商业房 | AD4: 218423
A5: A1675 | B5: 刘东兴 | C5: 410124196507082018 | D5: 15890688679 | E5: B1-15-002 | F5: 7.11 | G5: 43678 | I5: 172471 | N5: =SUM(I5:L5) -> 172471 | O5: =I5+L5 -> 172471 | P5: 确认 | Q5: =N5-O5 -> 0 | R5: 172471 | V5: 172471 | W5: 确认 | Z5: GS | AA5: 44867 | AC5: 预收账款\商业房 | AD5: 217979
A6: A1681 | B6: 张朝帅 | C6: 410181198707151619 | D6: 15890688679 | E6: B1-15-011 | F6: 7.11 | G6: 43678 | I6: 172471 | N6: =SUM(I6:L6) -> 172471 | O6: =I6+L6 -> 172471 | P6: 确认 | Q6: =N6-O6 -> 0 | R6: 172471 | V6: 172471 | W6: 确认 | Z6: GS | AA6: 44867
A7: A1693-2 | B7: 刘运动 | C7: 412725198009216933 | D7: 18703992655 | E7: B1-15-131 | F7: 5.11 | G7: 43670 | I7: 130799 | N7: =SUM(I7:L7) -> 130799 | O7: =I7+L7 -> 130799 | P7: 确认 | Q7: =N7-O7 -> 0 | R7: 130799 | V7: 130799 | W7: 确认 | Z7: GS | AA7: 44867 | AC7: 预收账款\商业房 | AD7: 151764
A8: D002 | B8: 唐李果 | D8: 18703826992 | E8: B1-15-001 | F8: 9.38 | G8: 43687 | I8: 229833 | N8: =I8 -> 229833 | O8: 229833 | P8: 确认 | Q8: =N8-O8 -> 0 | R8: 229833 | V8: 229833 | W8: 确认 | X8: 该债权人另购买有商业盒子，账面收款金额与收据金额不一致，需提供流水进一步确认。 | AA8: 44841 | AC8: 预收账款\商业房 | AD8: 297673
A9: D003-1 | B9: 杨建 | C9: 412321198104218710 | D9: 13526550755 | E9: B1-15-138 | F9: 6.2 | G9: 43802 | I9: 158699 | N9: =I9 -> 158699 | O9: 158699 | P9: 确认 | Q9: =N9-O9 -> 0 | R9: 158699 | V9: 158699 | W9: 确认 | X9: 租金收益暂缓确认；任花平个人账中摘要“收杨建房款（负一层，3套）问道代收365163元”，但金额为0，需提供流水进一步核实 | AA9: 44841 | AC9: 预收账款\商业房 | AD9: 270682
A10: D003-2 | B10: 杨建 | C10: 412321198104218710 | D10: 13526550755 | E10: B1-15-137 | F10: 6.2 | G10: 43802 | I10: 158699 | N10: =I10 -> 158699 | O10: 158699 | P10: 确认 | Q10: =N10-O10 -> 0 | R10: 158699 | V10: 158699 | W10: 确认 | X10: 租金收益暂缓确认；任花平个人账中摘要“收杨建房款（负一层，3套）问道代收365163元”，但金额为0，需提供流水进一步核实 | AA10: 44841 | AC10: 预收账款\商业房
A11: D003-3 | B11: 杨建 | C11: 412321198104218710 | D11: 13526550755 | E11: B1-15-136 | F11: 6.2 | G11: 43802 | I11: 158699 | J11: 171394.92 | N11: =I11+171394.92 -> 330093.92 | O11: 158699 | P11: 确认 | Q11: =N11-O11 -> 171394.92 | R11: 158699 | V11: 158699 | W11: 确认 | X11: 租金收益暂缓确认；任花平个人账中摘要“收杨建房款（负一层，3套）问道代收365163元”，但金额为0，需提供流水进一步核实 | AA11: 44841 | AC11: 预收账款\商业房
A12: D005 | B12: 封文炬 | C12: 410103196306272497 | D12: 13526730220 | E12: B1-15-029 | F12: 5.43 | G12: 43713 | I12: 133386 | N12: =I12 -> 133386 | O12: 110711 | P12: 确认 | Q12: =N12-O12 -> 22675 | R12: 133386 | V12: 133386 | W12: 确认 | X12: 仅查询到任花平卡收款110711 | Y12: =N12 -> 133386 | AA12: 44841
A13: D006 | B13: 孙兴梅 | C13: 511224197212277840 | D13: 13939078993 | E13: B1-15-065 | F13: 5.43 | G13: 43739 | I13: 135879 | N13: =I13 -> 135879 | O13: =I13 -> 135879 | P13: 确认 | Q13: =N13-O13 -> 0 | R13: 135879 | V13: 135879 | W13: 确认 | AA13: 44841 | AC13: 预收账款\商业房 | AD13: 271758
A14: D006 | B14: 孙兴梅 | C14: 511224197212277840 | D14: 13939078993 | E14: B1-15-066 | F14: 5.43 | G14: 43739 | I14: 135879 | N14: =I14 -> 135879 | O14: =I14 -> 135879 | P14: 确认 | Q14: =N14-O14 -> 0 | R14: 135879 | V14: 135879 | W14: 确认 | AA14: 44841 | AC14: 预收账款\商业房
A15: D007 | B15: 刘占峰 | C15: 411081198703214550 | D15: 13283895232 | E15: B1-15-075 | F15: 5.43 | G15: 43666 | I15: 135865 | N15: =I15 -> 135865 | O15: 135865 | P15: 确认 | Q15: =N15-O15 -> 0 | R15: 135865 | V15: 135865 | W15: 确认 | AA15: 44841 | AC15: 预收账款\商业房 | AD15: 10000
A16: D008 | B16: 魏星 | C16: 410105195909173824 | D16: 18937196171 | E16: B1-15-058 | F16: 5.43 | G16: 43722 | I16: 135879 | N16: =I16 -> 135879 | O16: 135879 | P16: 确认 | Q16: =N16-O16 -> 0 | R16: 135879 | V16: 135879 | W16: 确认 | AA16: 44841 | AC16: 预收账款\商业房 | AD16: 135879
A17: D009 | B17: 王燕 | C17: 410102196212071524 | D17: 15890046080 | E17: B1-15-118 | F17: 5.75 | G17: 43691 | I17: 145401 | N17: 145401 | O17: =N17 -> 145401 | P17: 确认 | Q17: =N17-O17 -> 0 | R17: 145401 | V17: 145401 | W17: 确认 | AA17: 44841 | AC17: 预收账款\商业房 | AD17: 10000
A18: D010 | B18: 张秀银 | C18: 412922197703294226 | D18: 15838192816 | E18: 2#-1-003 | F18: 12.01 | G18: 43541 | J18: =52071+57857 -> 109928 | K18: 75444 | L18: 1492 | N18: =SUM(I18:L18) -> 186864 | O18: 0 | P18: 不确认 | Q18: =N18-O18 -> 186864 | V18: 0 | W18: 不确认 | X18: 判决：第2期经营收益52071元自2019年3月17日计算，第3期收益57857元自2020年3月17日计算，利率日万分之三 | AA18: 44841 | AC18: 其他应付款\商铺\张秀银 | AD18: 528570
A19: D012 | B19: 田秀梅 | C19: 41010219770413301X | D19: 15038384346 | E19: B1-15-128 | F19: 5.75 | G19: 43713 | I19: 147181 | N19: 147181 | O19: 147181 | P19: 确认 | Q19: =N19-O19 -> 0 | R19: 147181 | V19: 147181 | W19: 确认 | Y19: 147181 | Z19: GXN | AA19: 44843
A20: D013 | B20: 何溪滢 | C20: 341322198803065829 | D20: 15090539666 | E20: B1-15-026 | F20: 7.11 | G20: 43729 | I20: 172453 | N20: =SUM(I20:L20) -> 172453 | O20: =I20+L20 -> 172453 | P20: 确认 | Q20: =N20-O20 -> 0 | R20: 172453 | V20: 172453 | W20: 确认 | Z20: NK | AA20: 44844
A21: D014 | B21: 聂香英 | C21: 412328196404041828 | D21: 15836843331 | E21: B1-15-016 | F21: 7.11 | G21: 43839 | I21: 172453 | N21: =SUM(I21:L21) -> 172453 | O21: =I21+L21 -> 172453 | P21: 确认 | Q21: =N21-O21 -> 0 | R21: 172453 | V21: 172453 | W21: 确认 | Y21: 10000 | Z21: NK | AA21: 44844 | AC21: 预收账款\商业房 | AD21: 162453
A22: D015 | B22: 张强 | C22: 412328197405231812 | D22: 13781658258 | E22: B1-15-025 | F22: 7.11 | G22: 43729 | I22: 172453 | N22: =SUM(I22:L22) -> 172453 | O22: =I22+L22 -> 172453 | P22: 确认 | Q22: =N22-O22 -> 0 | R22: 172453 | V22: 172453 | W22: 确认 | Z22: NK | AA22: 44844
A23: D016-1 | B23: 张杰 | C23: 11010619710712331X | D23: 13001210796 | E23: B1-15-031 | F23: 5.43 | G23: 43752 | I23: 133386 | N23: =SUM(I23:L23) -> 133386 | O23: =I23+L23 -> 133386 | P23: 确认 | Q23: =N23-O23 -> 0 | R23: 133386 | V23: 133386 | W23: 确认 | Z23: NK | AA23: 44844 | AC23: 预收账款\商业房 | AD23: 133386
A24: D016-2 | B24: 张杰 | C24: 11010619710712331X | D24: 13001210796 | E24: B1-15-032 | F24: 5.43 | G24: 43752 | I24: 133386 | N24: =SUM(I24:L24) -> 133386 | O24: =I24+L24 -> 133386 | P24: 确认 | Q24: =N24-O24 -> 0 | R24: 133386 | V24: 133386 | W24: 确认 | Z24: NK | AA24: 44844 | AC24: 预收账款\商业房
A25: D016-3 | B25: 张杰 | C25: 11010619710712331X | D25: 13001210796 | E25: B1-15-033 | F25: 5.43 | G25: 43752 | I25: 133386 | N25: =SUM(I25:L25) -> 133386 | O25: =I25+L25 -> 133386 | P25: 确认 | Q25: =N25-O25 -> 0 | R25: 133386 | V25: 133386 | W25: 确认 | Z25: NK | AA25: 44844 | AC25: 预收账款\商业房
A26: D016-4 | B26: 张杰 | C26: 11010619710712331X | D26: 13001210796 | E26: B1-15-034 | F26: 5.43 | G26: 43752 | I26: 133386 | N26: =SUM(I26:L26) -> 133386 | O26: =I26+L26 -> 133386 | P26: 确认 | Q26: =N26-O26 -> 0 | R26: 133386 | V26: 133386 | W26: 确认 | Z26: NK | AA26: 44844 | AC26: 预收账款\商业房
A27: D025 | B27: 宋冬玉 | C27: 410105197408223829 | D27: 13526762528 | E27: B1-15-030 | F27: 5.43 | G27: 43771 | H27: 恒祥2万问道117483 | I27: 137483 | N27: =SUM(I27:L27) -> 137483 | O27: =I27+L27 -> 137483 | P27: 确认 | Q27: =N27-O27 -> 0 | R27: 137483 | V27: 137483 | W27: 确认 | Z27: NK | AA27: 44874 | AC27: 预收账款\商业房 | AD27: 20000
A28: D027 | B28: 刘丽英 | C28: 410222197606266063 | D28: 15838117920 | E28: B1-15-005 | F28: 7.11 | G28: 43702 | I28: 172453 | N28: =SUM(I28:L28) -> 172453 | O28: =I28+L28 -> 172453 | P28: 确认 | Q28: =N28-O28 -> 0 | R28: 172453 | V28: 172453 | W28: 确认 | Z28: GXN | AA28: 44875
A29: D032 | B29: 郭素玲 | C29: 410928195706150161 | D29: 18203658102 | E29: B1-15-140 | F29: 5.34 | G29: 43775 | I29: 135035 | J29: 48612.14 | N29: =SUM(I29:L29) -> 183647.14 | O29: =I29+L29 -> 135035 | P29: 确认 | Q29: =N29-O29 -> 48612.14 | R29: 135035 | S29: 0 | V29: 135035 | W29: 确认 | X29: 48612.14租金收益暂缓确认 | Z29: GXN | AA29: 44878
A30: D045-1 | B30: 李红、刘舒宁 | C30: 410102195303250021 410102198005160021 | D30: 13803862759 13838541331 | E30: B1-15-134 | F30: 5.11 | G30: 43676 | I30: 131000 | N30: =SUM(I30:L30) -> 131000 | O30: =N30 -> 131000 | P30: 确认 | Q30: =N30-O30 -> 0 | R30: 131000 | V30: 131000 | W30: 确认 | Z30: GS | AA30: 44879 | AC30: 预收账款\商业房款\李红、刘舒宁 | AD30: 131000
A31: D045-2 | B31: 李红、刘舒宁 | C31: 410102195303250021 410102198005160021 | D31: 13803862759 13838541331 | E31: B1-15-135 | F31: 5.11 | G31: 43706 | I31: 131000 | N31: =SUM(I31:L31) -> 131000 | O31: =N31 -> 131000 | P31: 确认 | Q31: =N31-O31 -> 0 | R31: 131000 | V31: 131000 | W31: 确认 | Y31: =O31 -> 131000 | Z31: GS | AA31: 44879 | AC31: 预收账款\商业房款\李红、刘舒宁
A32: D051 | B32: 李保营 | C32: 412929197709151482 | D32: 18638016696/15981862318 | E32: B1-15-028 | F32: 5.11 | G32: 43671 | I32: 124000 | J32: 94240 | N32: =SUM(I32:L32) -> 218240 | O32: =I32 -> 124000 | P32: 确认 | Q32: =N32-O32 -> 94240 | R32: 124000 | S32: 44640 | V32: 168640 | W32: 确认 | X32: 商铺租赁合同书、收据，租金收益参考同类判例 | Z32: QYX | AA32: 44889
A33: T067 | B33: 王路航、杜歌菊 | D33: 13613829950/17630103427 | E33: B1-15-104 | G33: 43669 | I33: 230000 | L33: 2251 | N33: =SUM(I33:L33) -> 232251 | O33: =I33+L33 -> 232251 | Q33: =N33-O33 -> 0 | R33: 230000 | U33: 2251 | V33: 232251 | W33: 确认 | X33: 附民事判决书：恒祥实业还原告杜歌菊、王路航租金 230000 元；百悦城商业运营管理有限公司还租金收益 52900 元及违约金 1135.5 元；案件受理费减半收取 2780 元，由被告河南恒祥实业有限公司负担 2251 元，由被告河南百悦城商业运营管理有限公司负担 529 元 | Z33: GS | AA33: 44891

Sheet 表1-工程及经营费用类
A1: 表1
A2: 工程及经营费用《债权确认表》
A4: 序号 | B4: 材料 编号 | C4: 基本信息 | F4: 申报债权金额（元） | G4: 审核确认债权数额（元） | N4: 暂缓确认数额 | O4: 确认情况
C5: 债权人 | D5: 联系人 | E5: 联系方式 | G5: 本金 | H5: 保证金 | I5: 一般利息/违约金/滞纳金 | J5: 迟延履行利息 | K5: 其他 | L5: 诉讼费 | M5: 确认合计
A6: 1 | B6: D017 | C6: 李英存 | D6: 李英存 | E6: 138****8093 | F6: 500000 | N6: 500000 | O6: 待确认
A7: 2 | B7: D019 | C7: 河南臻威建筑工程有限公司 | D7: 王红 | E7: 187****9666 | F7: 1565000 | N7: 1402666.7 | O7: 待确认
A8: 3 | B8: D020 | C8: 魏建峰 | D8: 魏建峰 | E8: 139****5658/ 176****3099 | F8: 2073330 | H8: 655000 | I8: 24772.65 | M8: 679772.65 | O8: 确认
A9: 4 | B9: D021 | C9: 速捷电梯有限公司 | D9: 周业华 | E9: 186****6061 | F9: 1190000 | N9: 639380.56 | O9: 待确认
A10: 5 | B10: D029 | C10: 阿其埃尔（北京）建筑景观设计事务所有限公司 | D10: 段俊可 | E10: 151****6737 | F10: 5507568.6 | G10: 3733400 | I10: 1352748.9 | J10: 358700.65 | L10: 62719 | M10: =SUM(G10:L10) -> 5507568.6 | O10: 确认
A11: 6 | B11: D030 | C11: 河南容转商贸有限公司 | D11: 段书全 | E11: 155****6666 | F11: 500000 | N11: 500000 | O11: 待确认
A12: 7 | B12: D033 | C12: 江苏沪杭机电工程有限公司 | D12: 高乃马 | E12: 138****5520 | F12: 4337655.2 | N12: 4337655.2 | O12: 待确认
A13: 8 | B13: D034-1 | C13: 中外建华诚工程技术集团有限公司 | D13: 段俊可 | E13: 151****6737 | F13: 3902634.7 | G13: 3176600 | I13: 434144.8 | J13: 235703.72 | L13: 22077 | M13: 3868525.5 | O13: 确认
A14: 9 | B14: D034-2 | C14: 中外建华诚工程技术集团有限公司 | D14: 许浣玲 | E14: 133****3393/ 139****8392 | F14: 5007302.1 | G14: 3989262 | I14: 551031.75 | J14: 494967.68 | K14: -50000 | M14: 4985261.4 | O14: 确认
A15: 10 | B15: D044 | C15: 郑州市鑫成机电安装工程有限公司 | D15: 耿兴文 | E15: 137****6963 | F15: 640875 | M15: 0 | O15: 不确认
A16: 11 | B16: D046 | C16: 岩土科技股份有限公司 | D16: 尹武汉 | E16: 131****1972 | F16: 1000000 | N16: 1000000 | O16: 待确认
A17: 12 | B17: G001-1 | C17: 河南鸿梓建筑装饰工程有限公司 | D17: 刘光宇 | E17: 183****6222 | F17: 1110591 | N17: 690000 | O17: 待确认
A18: 13 | B18: G001-2 | C18: 河南鸿梓建筑装饰工程有限公司 | D18: 刘光宇 | E18: 183****6222 | F18: 8927220 | N18: 7457640 | O18: 待确认
A19: 14 | B19: G002 | C19: 福元鼎安装工程有限公司 | D19: 赵卫东 | E19: 132****6800 | F19: 8034480 | H19: 3000000 | I19: 3000000 | M19: 6000000 | O19: 确认
A20: 15 | B20: G003 | C20: 平顶山市庆祥和商贸有限公司 | D20: 姚京毫 | E20: 189****7188 | F20: 300000 | N20: 300000 | O20: 待确认
A21: 16 | B21: G004 | C21: 融纬勘测有限公司 | D21: 孟冬青 | E21: 187****1982 | F21: 105000 | G21: 105000 | M21: 105000 | O21: 确认
A22: 17 | B22: G005 | C22: 宁波宏旸劳务服务有限公司 | D22: 王臻龙 | E22: 158****5353 | F22: 33634302 | H22: 1000000 | M22: 1000000 | N22: 31057709 | O22: 确认+待确认
A23: 18 | B23: G006 | C23: 河南瑞恒建筑工程有限公司 | D23: 朱士杰 | E23: 139****8388 | F23: 39272312 | N23: 39272312 | O23: 待确认
A24: 19 | B24: G007 | C24: 河南省天地源劳务服务有限公司 | D24: 麻建春 | E24: 137****9188 | F24: 3072007 | N24: 3072007 | O24: 待确认
A25: 20 | B25: G008 | C25: 河南省天地源防水防腐工程有限公司 | D25: 麻建春 | E25: 137****9188 | F25: 3663229 | N25: 3663229 | O25: 待确认
A26: 21 | B26: G009 | C26: 兴建建设管理有限公司 | D26: 谢勇 | E26: 185****9898 | F26: 2720790 | N26: 2720790 | O26: 待确认
A27: 22 | B27: G010 | C27: 北京宇阳泽丽防水材料有限责任公司 | D27: 崔东民 | E27: 156****1113 | F27: 5737914.8 | N27: 5737914.8 | O27: 待确认
A28: 23 | B28: G011 | C28: 河南大鼎建筑工程有限公司 | D28: 汪爱民 | E28: 186****5678 | F28: 7668559.7 | N28: 7668559.7 | O28: 待确认
A29: 24 | B29: G012 | C29: 河南省建设基础工程有限公司 | D29: 黄国庆 | E29: 135****0765 | F29: 9830856.8 | N29: 9830856.8 | O29: 待确认
A30: 25 | B30: G013-1 | C30: 张坤杰 | D30: 张坤杰 | E30: 155****2000 | F30: 1793000 | G30: 1000000 | I30: 177375 | M30: 1177375 | O30: 确认
A31: 26 | B31: G013-2 | C31: 张坤杰 | D31: 张坤杰 | E31: 155****2000 | F31: 860000 | O31: 不确认
A32: 27 | B32: G014 | C32: 河南省建筑设计研究院有限公司 | D32: 柴宵 | E32: 139****9179 | F32: 13190907 | N32: 13190907 | O32: 待确认
A33: 28 | B33: G015 | C33: 河南华盛建设集团有限公司 | D33: 宋玉林 | E33: 186****8889 | F33: 1.3636072e+08 | N33: 1.3636072e+08 | O33: 待确认
A34: 29 | B34: G016 | C34: 河南航天建筑工程有限公司 | D34: 王遵梅、杨阳 | E34: 185****6545、139****6367 | F34: 1.2665771e+08 | G34: 58813026 | I34: 63301311 | L34: 391569.5 | M34: 1.2250591e+08 | O34: 确认
A35: 30 | B35: G017 | C35: 河南省有色工程勘察有限公司 | D35: 王天运 | E35: 139****6715 | F35: 2607300 | G35: 74319 | I35: 59565.85 | M35: 133884.85 | O35: 确认
A36: 31 | B36: G018 | C36: 河南瑞恒建筑工程有限公司 | D36: 杨海军 | E36: 139****4018 | F36: 759317.57 | G36: 696510.4 | I36: 0 | M36: 696510.4 | O36: 确认
A37: 32 | B37: G019 | C37: 河南城资建筑工程有限公司 | D37: 王少坤 | E37: 130****6736 | F37: 2940500 | G37: 0 | H37: 0 | M37: 0 | O37: 不确认
A38: 33 | B38: G020 | C38: 连吉星 | D38: 连吉星 | E38: 150****9707 | F38: 1100000 | M38: 0 | O38: 不确认
A39: 34 | B39: G021 | C39: 河南工程水文地质勘察院有限公司 | D39: 李水旺 | E39: 133****3886 | F39: 600000 | N39: 600000 | O39: 待确认
A40: 35 | B40: G022 | C40: 河南省创新工程质量检测有限公司 | D40: 赵小开 | E40: 132****6364 | F40: 4452810 | N40: 4452810 | O40: 待确认
A41: 36 | B41: G023 | C41: 郑州砼之升建材有限公司 | D41: 刘昭 | E41: 136****8833 | F41: 3543935 | G41: 3543935 | M41: 3543935 | O41: 确认
A42: 37 | B42: G024 | C42: 中核勘察设计研究有限公司 | D42: 李晓林 | E42: 183****7785 | F42: 32000 | G42: 32000 | M42: 32000 | O42: 确认
A43: 38 | B43: G025 | C43: 河南兆之铄实业有限公司 | D43: 胡攀龙 | E43: 185****5245 | F43: 1048290 | G43: 0 | M43: 0 | O43: 不确认
A44: 39 | B44: G026 | C44: 河南名匠实业有限公司 | D44: 吕佳妮 | E44: 185****5581 | F44: 1006986.3 | M44: 0 | O44: 不确认
A45: 40 | B45: G027 | C45: 河南省广发建筑工程有限公司 | D45: 周长征 | E45: 155****7777 | F45: 24212961 | N45: 24212961 | O45: 待确认
A46: 41 | B46: G028 | C46: 河南容转商贸有限公司 | D46: 段书全 | E46: 155****6666 | F46: 0 | O46: 待确认
A47: 42 | B47: D001 | C47: 河南公信房地产评估有限公司 | D47: 李广辉 | E47: 182****2918 | F47: 200000 | G47: 200000 | M47: 200000 | O47: 确认
A48: 43 | B48: D018 | C48: 河南大美圆成律师事务所 | D48: 王鑫豪/李东风 | E48: 157****5763 | F48: 1586421.8 | G48: 1420000 | J48: 157328.11 | K48: 8790 | M48: 1586118.1 | O48: 确认
A49: 44 | B49: D022 | C49: 河北问道房地产经纪有限公司 | D49: 杨继永/郭苏方 | E49: 153****6088 | F49: 33624442 | G49: 29533861 | I49: 2191986.8 | J49: 1705580.5 | K49: 193014 | M49: 33624442 | O49: 确认
A50: 45 | B50: D024 | C50: 河南中瑞房地产营销策划有限公司 | D50: 孔涛 | E50: 132****6843 | F50: 5669382.1 | G50: 4921413 | I50: 429475.31 | J50: 289379 | K50: 23086 | M50: 5663353.3 | O50: 确认
A51: 46 | B51: D028 | C51: 河南豫龙律师事务所 | D51: 李玉飞 | E51: 159****3672 | F51: 932264.54 | G51: 858600 | I51: 50540.54 | K51: 23124 | M51: 932264.54 | O51: 确认
A52: 47 | B52: D039 | C52: 武汉市非常道营销顾问有限公司 | D52: 蔡昆 | E52: 027****16009 | F52: 550000 | G52: 550000 | M52: 550000 | O52: 确认
A53: 48 | B53: D040 | C53: 纪治国 | D53: 纪治国 | E53: 155****2819 | F53: 40000 | G53: 40000 | M53: 40000 | O53: 确认
A54: 49 | B54: D041 | C54: 陈屹（原郑州泰赢房地产咨询代理有限公司） | D54: 陈屹 | E54: 186****2555 | F54: 160144 | M54: 0 | O54: 不确认
A55: 50 | B55: D043 | C55: 河南标点房地产营销策划有限公司 | D55: 王琼 | E55: 186****8769 | F55: 10123219 | G55: 755275.39 | I55: 83618 | K55: 4241 | M55: 843134.39 | O55: 确认
A56: 51 | B56: D047 | C56: 河南彭友律师事务所（原河南规范律师事务所） | D56: 王鑫豪/李东风 | E56: 157****5763 | F56: 1367340 | G56: 1250000 | I56: 16187.5 | M56: 1266187.5 | O56: 确认
A57: 52 | B57: D048 | C57: 宋秀丽 | D57: 宋秀丽 | E57: 138****1662 | F57: 123226.17 | M57: 0 | O57: 不确认
A58: 53 | B58: D049 | C58: 李超 | D58: 李超 | E58: 188****9810 | F58: 147828.43 | G58: 92832.43 | M58: 92832.43 | O58: 确认
A59: 54 | B59: D050 | C59: 广东宏德科技物业服务有限公司郑州分公司 | D59: 焦新奇 | E59: 183****8133 | F59: 26981872 | M59: 0 | O59: 不确认
A60: 55 | B60: D052 | C60: 郑州市美今商贸有限公司 | D60: 王松辉 | E60: 159****7614 | F60: 5116 | G60: 5116 | M60: 5116 | O60: 确认
A61: 56 | B61: D053 | C61: 尤尼泰河南税务师事务所有限公司 | D61: 蔡露 | E61: 159****1199 | F61: 500000 | M61: 0 | O61: 不确认
A62: 57 | B62: J074 | C62: 宏信（郑州）置业有限公司 | D62: 陈阳 | E62: 185****1739 | F62: 8610431.2 | G62: 5160800 | I62: 2427296.3 | J62: 0 | K62: 0 | L62: 31027 | M62: 7619123.3 | O62: 确认
A63: 58 | B63: J075 | C63: 河南福晟置业有限公司 | D63: 陈阳 | E63: 185****1739 | F63: 7308052.4 | G63: 5974990.4 | I63: 597500 | J63: 635738.98 | K63: 0 | L63: 32763 | M63: 7240992.4 | O63: 确认

Sheet 工程费用 
A1: 材料 编号 | B1: 联系人 | C1: 联系方式 | D1: 基本信息 | J1: 申报债权金额 | O1: 债权申报资料 | S1: 核实债权金额 | X1: 确认情况 | Y1: 差异 | Z1: 审核确认债权数额（元） | AF1: 暂缓确认数额（元） | AL1: 确认情况 | AM1: 备注 | AN1: 登记人 | AO1: 登记日期 | AP1: 账面情况 | AQ1: 科目 | AR1: 金额 | AS1: 申报金额合计 | AT1: 核实金额合计 | AU1: 累计登记数量
D2: 债权人 | E2: 业务内容 | F2: 费用类别 | G2: 合同总价 | I2: 已付金额 | J2: 欠付金额 | K2: 违约金 | L2: 债务利息 | M2: 诉讼费、律师费 | N2: 申报债权总额 | O2: 业务合同 | P2: 业务成果文件及欠款计算单 | Q2: 判决、裁定等法律文书 | R2: 其他资料 | S2: 欠付金额 | T2: 违约金 | U2: 债务利息 | V2: 诉讼费、律师费 | W2: 核实债权总额 | Z2: 本金 | AA2: 孳息 | AB2: 迟延履行利息 | AC2: 诉讼费用 | AD2: 其他 | AE2: 合计 | AF2: 本金 | AG2: 孳息 | AH2: 迟延履行利息 | AI2: 诉讼费用 | AJ2: 其他 | AK2: 合计 | AS2: =SUM(N:N) -> 97011543 | AT2: =SUM(W:W) -> 50324244 | AU2: =COUNTA(A:A)-1 -> 17
A3: D001 | B3: 李广辉 | C3: 18237122918 | D3: 河南公信房地产评估有限公司 | E3: 房地产价值评估 | F3: 管理费用-评估费 | G3: 350000 | I3: 150000 | J3: =G3-I3 -> 200000 | N3: =SUM(J3:M3) -> 200000 | O3: √ | R3: 收款银行回单 | S3: =N3 -> 200000 | W3: =SUM(S3:V3) -> 200000 | X3: 待核实1 | Y3: =N3-W3 -> 0 | Z3: 200000 | AE3: 200000 | AL3: 确认 | AM3: 律所：电话通知补交评估报告；待核实业务成果 | AO3: 44841
A4: D018 | B4: 王鑫豪/李东风 | C4: 15736755763 | D4: 河南大美圆成律师事务所 | E4: 法律服务服务费 | F4: 管理费用-律师费 | J4: 1420000 | L4: 157631.83 | M4: 8790 | N4: =SUM(J4:M4) -> 1586421.8 | Q4: √ | S4: =J4 -> 1420000 | V4: =M4 -> 8790 | W4: =SUM(S4:V4) -> 1428790 | X4: 待核实2 | Y4: =N4-W4 -> 157631.83 | Z4: 1420000 | AB4: 157328.11 | AD4: 8790 | AE4: 1586118.1 | AL4: 确认 | AN4: GXN | AO4: 44887
A5: D022 | B5: 杨继永/郭苏方 | C5: 15333116088 | D5: 河北问道房地产经纪有限公司 | E5: 佣金 | F5: 销售费用-佣金 | J5: 29533861 | L5: =2191986.75+1705580.47 -> 3897567.2 | M5: =188014+5000 -> 193014 | N5: =SUM(J5:M5) -> 33624442 | O5: √ | Q5: √ | R5: 销售明细表 | S5: =J5 -> 29533861 | V5: =M5 -> 193014 | W5: =SUM(S5:V5) -> 29726875 | X5: 待核实2 | Y5: =N5-W5 -> 3897567.2 | Z5: 29533861 | AA5: 2191986.8 | AB5: 1705580.5 | AD5: 193014 | AE5: 33624442 | AL5: 确认 | AN5: GXN | AO5: 44887 | AP5: 大
A6: D024 | B6: 孔涛 | C6: 13273026843 | D6: 河南中瑞房地产营销策划有限公司 | F6: 销售费用-营销费 | J6: 4921413 | K6: 295407.8 | L6: 429475.31 | M6: 23086 | N6: =J6+K6+L6+M6 -> 5669382.1 | Q6: √ | R6: 营业执照 | S6: =J6 -> 4921413 | V6: =M6 -> 23086 | W6: =SUM(S6:V6) -> 4944499 | X6: 待核实2 | Z6: 4921413 | AA6: 429475.31 | AB6: 289379 | AD6: 23086 | AE6: 5663353.3 | AL6: 确认 | AM6: 违约金自2020/6/15起至清偿之日按3.85%计算 | AN6: NK | AO6: 44874 | AP6: 账面有，已申报 | AQ6: 应付账款 | AR6: 700000
A7: D028 | B7: 李玉飞 | C7: 15981973672 | D7: 河南豫龙律师事务所 | E7: 律师代理费及法律顾问费 | F7: 管理费用-律师费 | J7: 858600 | L7: 50540.54 | M7: =16172+6952 -> 23124 | N7: =SUM(J7:M7) -> 932264.54 | Q7: √ | S7: =J7 -> 858600 | V7: =M7 -> 23124 | W7: =SUM(S7:V7) -> 881724 | X7: 待核实2 | Y7: =N7-W7 -> 50540.54 | Z7: 858600 | AA7: 50540.54 | AD7: 23124 | AE7: 932264.54 | AL7: 确认 | AM7: 以85.86万元为基数，自 2021 年 3 月 4 日起按照同期全国银行问同业拆借中心公布的贷款市场报价利率计算至实际清偿之日止 | AN7: GXN | AO7: 44875
A8: D039 | B8: 蔡昆 | C8: 027-86716009 | D8: 武汉市非常道营销顾问有限公司 | E8: 广告代理服务 | F8: 销售费用-营销费 | J8: 550000 | N8: =J8+K8+L8+M8 -> 550000 | R8: 转账记录，发票，房款收据 | S8: =J8 -> 550000 | W8: =SUM(S8:V8) -> 550000 | X8: 待核实1 | Y8: =N8-W8 -> 0 | Z8: 550000 | AE8: 550000 | AL8: 确认 | AM8: 2017/9/28付10万 2018/11/19付5万; 2019.3.14以广告费55万抵2#1019房款55万，恒祥房地产出具收据，业主蔡昆，因未完成工程对外出售，债权人申请确认该欠款，另该房款债权未申报; | AO8: 44887
A9: D040 | B9: 纪治国 | C9: 15518892819 | D9: 纪治国 | E9: 代恒祥实业支付保全证据公证费 | F9: 管理费用-公证费 | J9: 40000 | N9: =SUM(J9:M9) -> 40000 | R9: 转账记录，公证书、公证缴费单 | S9: 40000 | W9: =SUM(S9:V9) -> 40000 | X9: 确认 | Y9: =N9-W9 -> 0 | Z9: 40000 | AE9: 40000 | AL9: 确认 | AM9: 纪治国（员工？？？）作为代理人代恒祥实业支付公证费4万元，公证书、公证缴费单均为河南郑州市黄河公证处，转账记录上收款人为河南省公证处，向申报人核实为何二者公证单位不一致；公证书出具日期为2021.6.25，付款时间为2022.3.4，为何相隔将近9个月才付款； | AN9: GXN | AO9: 44880
A10: D041 | B10: 陈屹 | C10: 18638202555 | D10: 陈屹（原郑州泰赢房地产咨询代理有限公司） | E10: 佣金 | F10: 销售费用-佣金 | J10: 132289 | L10: 27855 | N10: =SUM(J10:M10) -> 160144 | W10: =SUM(S10:V10) -> 0 | X10: 待核实1、2 | Y10: =N10-W10 -> 160144 | AE10: 0 | AL10: 不确认 | AM10: 郑州泰赢房地产咨询代理有限公司已于2021.4.21工商注销，由唯一股东陈屹申报债权，该债权是否承认；未提供任何证据材料 | AN10: GXN | AO10: 44880
A11: D043 | B11: 王琼 | C11: 18639558769 | D11: 河南标点房地产营销策划有限公司 | E11: 代理销售房屋 | F11: 销售费用-营销费 | G11: =6798061.6+8679241.62+858056.85 -> 16335360 | I11: =6798061.6-498061.6 -> 6300000 | J11: =G11-I11 -> 10035360 | K11: 83618 | M11: 4241 | N11: =SUM(J11:M11) -> 10123219 | Q11: √ | S11: 755275.39 | W11: =SUM(S11:V11) -> 755275.39 | X11: 待核实1 | Y11: =N11-W11 -> 9367943.7 | Z11: 755275.39 | AA11: 83618 | AD11: 4241 | AE11: 843134.39 | AL11: 确认 | AM11: 附恒祥与福宇签订的合同。 民事裁定书内容：498061.6元的利息按4.35%的标准自2019.7.1计算至实际清偿之日止；257213.79元按3.85%的标准自2021.6.3计算至实际清偿之日止 | AN11: GS | AO11: 44879 | AP11: 大
A12: D047 | B12: 王鑫豪/李东风 | C12: 15736755763 | D12: 河南彭友律师事务所（原河南规范律师事务所） | E12: 律师服务费 | F12: 管理费用-律师费 | G12: 1500000 | I12: 200000 | J12: 1300000 | L12: 67340 | N12: =SUM(J12:M12) -> 1367340 | O12: √ | R12: 债权转让协议，履约情况说明、发票 | W12: =SUM(S12:V12) -> 0 | X12: 待核实1、2 | Y12: =N12-W12 -> 1367340 | Z12: 1250000 | AA12: 16187.5 | AE12: 1266187.5 | AL12: 确认 | AM12: 账面显示恒祥实业付河南规范律所25万，账面显示对李东风的债权75万+29.45万，是否和法律顾问费相关，需核审计付款情况；合同约定违约日息为千分之一，申报利率为LPR的4倍14.8%计算，二者不一致 | AN12: GXN | AO12: 44887
A13: D048 | B13: 宋秀丽 | C13: 13849091662 | D13: 宋秀丽 | E13: 代垫恒祥实业水电费 | F13: 管理费用-水电费 | J13: =4770+10000+108456.17 -> 123226.17 | N13: =J13 -> 123226.17 | R13: 发票复印件、付款小票、转账记录 | W13: =SUM(S13:V13) -> 0 | X13: 待核实1 | Y13: =N13-W13 -> 123226.17 | AE13: 0 | AL13: 不确认 | AM13: 律所不确认原因：无垫付凭证、无报销单据，财务账簿无记录; 1、存在房地产、河南三和店里工程公司、河南亚中节能科技公司等非恒祥实业的发票合计26913.74元；2、申报金额中14770元仅有转款记录，性质不明需落实；3、需核实账面是否挂账证明真实性 | AN13: QYX | AO13: 44889
A14: D049 | B14: 李超 | C14: 18839769810 | D14: 李超 | E14: 恒祥实业费用报销 | F14: 管理费用-油费、差旅、招待 | J14: 147828.43 | N14: =J14 -> 147828.43 | R14: 发票、报销单（疑补做，百恒签字部分为2021年） | W14: =SUM(S14:V14) -> 0 | X14: 待核实1 | Y14: =N14-W14 -> 147828.43 | Z14: 92832.43 | AE14: 92832.43 | AL14: 确认 | AM14: 部分确认：92832.43有法代白恒签字确认的报销单，及发票； 不确认：54600元仅有发票，但无报销单，也无垫付支出流水 发票、报销单（疑补做，白恒签字部分为2021年） | AN14: QYX | AO14: 44889
A15: D050 | B15: 焦新奇 | C15: 18317858133 | D15: 广东宏德科技物业服务有限公司郑州分公司 | E15: 物业服务费 | F15: 管理费用-物业费 | J15: 6713607.5 | L15: 20268264 | N15: =SUM(J15:M15) -> 26981872 | O15: √ | R15: 管理服务费用支出明细 | W15: =SUM(S15:V15) -> 0 | X15: 待核实1、2 | AE15: 0 | AL15: 不确认 | AM15: 不确认原因：仅提供《前期物业服务合同》及自制费用支出明细表，无支出凭证，无法认定；物业中标单位，负责前期物业管理服务 | AN15: QYX | AO15: 44889 | AP15: 大
A16: D052 | B16: 王松辉 | C16: 15936217614 | D16: 郑州市美今商贸有限公司 | E16: 恒祥实业费用报销 | F16: 管理费用-办公费 | J16: 5116 | N16: =SUM(J16:M16) -> 5116 | R16: 发票、转账审批单（经主管领导审批） | W16: =SUM(S16:V16) -> 0 | X16: 待核实1 | Z16: 5116 | AE16: 5116 | AL16: 确认 | AM16: 确认：公司行政人员签付款审批单； 发票、转账审批单、零星用品明细2020-2021.5（经主管领导审批） | AN16: QYX | AO16: 44889
A17: D053 | B17: 蔡露 | C17: 15939781199 | D17: 尤尼泰河南税务师事务所有限公司 | E17: 未见到材料 | F17: 管理费用-咨询费 | J17: 500000 | N17: =SUM(J17:M17) -> 500000 | O17: √ | R17: 营业执照 | W17: =SUM(S17:V17) -> 0 | X17: 待核实1 | AE17: 0 | AL17: 不确认 | AM17: 暂缓确认：未提交财务审计报告等证明合同履行证据，需要核实财务数据；通知代理人补交审计报告等合同履行证明，解封后提交 仅提供协议且未2016年签订，无法核实服务成果 | AN17: QYX | AO17: 44889
A18: J074 | B18: 陈阳 | C18: 18530881739 | D18: 宏信（郑州）置业有限公司 | E18: 茅台酒 | F18: 管理费用-招待费 | J18: 5160800 | K18: 2500407.6 | M18: =26027+5000 -> 31027 | N18: =SUM(J18:M18) -> 7692234.6 | Q18: √ | S18: 5160800 | V18: 31027 | W18: =SUM(S18:V18) -> 5191827 | X18: 待核实2 | Y18: =N18-W18 -> 2500407.6 | Z18: 5160800 | AA18: 2427296.3 | AB18: 0 | AC18: 31027 | AD18: 0 | AE18: 7619123.3 | AL18: 确认 | AM18: 申报金额日息按360计算，未申报日万分之1.75的迟延履行金 | AN18: GXN | AO18: 44875
A19: J075 | B19: 陈阳 | C19: 18530881739 | D19: 河南福晟置业有限公司 | E19: 房租 | F19: 管理费用-租金 | J19: 5974990.4 | K19: 597500 | L19: 702798.96 | M19: 32763 | N19: =SUM(J19:M19) -> 7308052.4 | Q19: √ | S19: 5974990.4 | T19: 597500 | V19: 32763 | W19: =SUM(S19:V19) -> 6605253.4 | X19: 待核实2 | Y19: =N19-W19 -> 702798.96 | Z19: 5974990.4 | AA19: 597500 | AB19: 635738.98 | AC19: 32763 | AD19: 0 | AE19: 7240992.4 | AL19: 确认 | AM19: 房地产签订合同，实业、白国法 白恒提供担保 | AN19: GXN | AO19: 44875

Sheet 表2-金融借贷债权及房贷
A1: 表2
A2: 金融借贷及房贷《债权确认表》
A4: 材料 编号 | B4: 基本信息 | F4: 债权申报金额 | K4: 审核确认债权数额（元） | Q4: 暂缓确认数额（元） | W4: 确认情况
B5: 债权人 | C5: 联系人 | D5: 联系方式 | E5: 借款人 | F5: 借款本金 | G5: 未支付利息 | H5: 违约金 | I5: 诉讼费、 保全费 | J5: 申报总额 | K5: 本金 | L5: 孳息 | M5: 迟延履行利息 | N5: 诉讼费 | O5: 其他 | P5: 确认合计 | Q5: 本金 | R5: 孳息 | S5: 迟延履行利息 | T5: 诉讼费 | U5: 其他 | V5: 合计
A6: J080 | B6: 华夏银行股份有限公司郑州分行 | C6: 翟天一 | D6: 188****8828 | E6: 杨琳等56名借款人 | F6: 12847035 | G6: 61103.58 | J6: 12908138 | P6: 0 | W6: 不确认
A7: J081 | B7: 中诚信托有限责任公司 | C7: 黄磊 | E7: 河南恒祥实业有限公司 | F7: 1522300000 | G7: 1.1414732e+09 | H7: 22834500 | I7: 1620000 | J7: 2.6882277e+09 | K7: 1522300000 | L7: 1041119016 | O7: 1620000 | P7: =SUM(K7:O7) -> 2565039016 | W7: 确认
A8: J082 | B8: 河南安阳商都农村商业银行股份有限公司中华路分理处 | C8: 牛保山 | D8: 139****7066 | E8: 安阳市伟巍商贸有限公司 | F8: 66000000 | G8: 716320 | J8: 66716320 | P8: 0 | W8: 不确认
A9: J083 | B9: 河南安阳商都农村商业银行股份有限公司中华路分理处 | C9: 牛保山 | D9: 139****7066 | E9: 河南朋朗商贸有限公司 | F9: 39800000 | G9: 117808 | J9: 39917808 | P9: 0 | W9: 不确认
A10: J089-1 | B10: 河南安阳商都农村商业银行股份有限公司 | C10: 张军书 | D10: 185****1232 | E10: 李佩霞、刘朋飞、樊建霞等96人（正常还贷）+于果、王金梅、张建莉（逾期） | F10: 27254642 | G10: 12403.78 | I10: 13904 | J10: 27280950 | P10: 0 | W10: 不确认
A11: J089-2 | B11: 河南安阳商都农村商业银行股份有限公司 | C11: 张军书 | D11: 185****1232 | E11: 陆旋（解除合同） | F11: 425575.07 | G11: 15594.67 | I11: 9496.18 | J11: 450665.92 | K11: 425575.07 | L11: 15594.67 | P11: 441169.74 | W11: 确认
A12: J098 | B12: 上海浦东发展银行股份有限公司郑州分行 | C12: 牛冬婕 | D12: 185****8195 | E12: 宿依楠等21人 | F12: 3746946.4 | J12: 3746946.4 | P12: 0 | W12: 不确认

Sheet 表3-民间借贷及其他债权
A1: 表3
B2: 民间借贷及其他类债权确认表
A4: 序号 | B4: 材料 编号 | C4: 基本信息 | E4: 债权申报总额 | F4: 审核确认债权数额（元） | L4: 暂缓确认数额（元） | R4: 确认情况
C5: 债权人 | D5: 联系方式 | F5: 本金 | G5: 孳息 | H5: 迟延履行利息 | I5: 诉讼费 | J5: 其他 | K5: 确认合计 | L5: 本金 | M5: 孳息 | N5: 迟延履行利息 | O5: 诉讼费 | P5: 其他 | Q5: 暂缓确认合计
A6: 1 | B6: D023 | C6: 刘进明 | D6: 157****8333 | E6: 1020000 | K6: 0 | R6: 不确认
A7: 2 | B7: D031 | C7: 胡晓杰 | D7: 150****9879 | E7: 179500 | L7: 100000 | Q7: 100000 | R7: 待确认
A8: 3 | B8: D035 | C8: 杨涛 | D8: 189****1828、 139****5788 | E8: 600000 | F8: 600000 | K8: 600000 | R8: 确认
A9: 4 | B9: D036 | C9: 谭志东 | D9: 139****5788、 189****1828 | E9: 150000 | F9: 150000 | K9: 150000 | R9: 确认
A10: 5 | B10: D038 | C10: 黄玲 | D10: 180****7188 | E10: 7501266 | F10: 5300000 | K10: 5300000 | R10: 确认
A11: 6 | B11: D054 | C11: 西安奥斯卡金花影城有限公司 | D11: 137****8423 | E11: 4309741.7 | F11: 3000000 | G11: 1257454.2 | K11: 4257454.2 | R11: 确认
A12: 7 | B12: D055 | C12: 安徽省格瑞仕健身运营管理有限公司 | D12: **** | E12: 491406.65 | F12: 300000 | G12: 82176.25 | J12: 6553 | K12: 388729.25 | R12: 确认
A13: 8 | B13: J001 | C13: 鲍国新 | D13: 133****5199 | E13: 763161 | L13: 300000 | M13: 412790.01 | Q13: 712790.01 | R13: 待确认
A14: 9 | B14: J002 | C14: 刘光宇 | D14: 183****6222 | E14: 1536150 | K14: 0 | R14: 不确认
A15: 10 | B15: J003 | C15: 刘雪琪 | D15: **** | E15: 2486649 | L15: 600000 | M15: 1210629 | Q15: 1810629 | R15: 待确认
A16: 11 | B16: J004 | C16: 刘雪丹 | D16: **** | E16: 798786 | L16: 200000 | M16: 384541.34 | Q16: 584541.34 | R16: 待确认
A17: 12 | B17: J005 | C17: 陈利平 | D17: 159****8192 | E17: 1101258 | L17: 400000 | M17: 550386.69 | Q17: 950386.69 | R17: 待确认
A18: 13 | B18: J006 | C18: 刘双 | D18: 136****2590 | E18: 1272693 | L18: 500000 | M18: 687983.31 | Q18: 1187983.3 | R18: 待确认
A19: 14 | B19: J007 | C19: 阴育才 | D19: 159****1828 | E19: 925120 | L19: 400000 | M19: 550386.69 | Q19: 950386.69 | R19: 待确认
A20: 15 | B20: J008 | C20: 河南九商物业服务集团有限公司 | D20: 189****5155 | E20: 3110000 | K20: 0 | R20: 不确认
A21: 16 | B21: J009 | C21: 徐嘉旭 | D21: 139****0632 | E21: 1277333 | L21: 500000 | M21: 694983.31 | Q21: 1194983.3 | R21: 待确认
A22: 17 | B22: J010-1 | C22: 刘奕 | D22: 139****0510 | E22: 9007267 | F22: 2000000 | G22: 2821266.7 | K22: 4821266.7 | R22: 确认
A23: 18 | B23: J010-2 | C23: 刘奕 | D23: 139****0510 | E23: 350000 | L23: 350000 | M23: 493721.67 | Q23: 843721.67 | R23: 待确认
A24: 19 | B24: J010-3 | C24: 刘奕 | D24: 139****0510 | E24: 400000 | L24: 400000 | M24: 564253.36 | Q24: 964253.36 | R24: 待确认
A25: 20 | B25: J010-4 | C25: 刘奕 | D25: 139****0510 | E25: 450000 | L25: 450000 | M25: 634785 | Q25: 1084785 | R25: 待确认
A26: 21 | B26: J010-5 | C26: 刘奕 | D26: 139****0510 | E26: 1250000 | L26: 1250000 | M26: 1803291.7 | Q26: 3053291.7 | R26: 待确认
A27: 22 | B27: J011 | C27: 袁素琴 | D27: 137****6197 | E27: 2554674 | L27: 1000000 | M27: 1375966.7 | Q27: 2375966.7 | R27: 待确认
A28: 23 | B28: J012 | C28: 刘彦松 | D28: 136****7394 | E28: 1788274 | L28: 700000 | M28: 963176.66 | Q28: 1663176.7 | R28: 待确认
A29: 24 | B29: J013 | C29: 时亚楠 | D29: 137****7830 | E29: 1532800 | L29: 600000 | M29: 825579.99 | Q29: 1425580 | R29: 待确认
A30: 25 | B30: J014 | C30: 侯文荣 | D30: 135****6919 | E30: 2401394 | L30: 940000 | M30: 1293408.7 | Q30: 2233408.7 | R30: 待确认
A31: 26 | B31: J015 | C31: 张巧玲 | D31: 135****0868 | E31: 766400 | L31: 300000 | M31: 412790.01 | Q31: 712790.01 | R31: 待确认
A32: 27 | B32: J016 | C32: 刘同顺 | D32: 136****9902 | E32: 1699853.1 | L32: 600000 | M32: 825579.99 | Q32: 1425580 | R32: 待确认
A33: 28 | B33: J017 | C33: 王春霞 | D33: 150****9815 | E33: 1277333 | L33: 500000 | M33: 694983.31 | Q33: 1194983.3 | R33: 待确认
A34: 29 | B34: J018 | C34: 朱爱先 | D34: 176****0009 | E34: 2972076.8 | L34: 900000 | M34: 1331918 | Q34: 2231918 | R34: 待确认
... A59: 54 | B59: J043 | C59: 楚志娟 | D59: 176****5378 | E59: 1375920 | L59: 500000 | M59: 687983.31 | Q59: 1187983.3 | R59: 待确认
A60: 55 | B60: J044-1 | C60: 刘丹 | D60: 136****9799 | E60: 1786000 | L60: 500000 | M60: 844316.6 | O60: -180000 | Q60: 1164316.6 | R60: 待确认
A61: 56 | B61: J044-2 | C61: 刘丹 | D61: 136****9799 | E61: 508000 | L61: 200000 | M61: 337726.66 | P61: -4000 | Q61: 533726.66 | R61: 待确认
A62: 57 | B62: J045 | C62: 王保全 | D62: 138****5432/ 135****2131 | E62: 1568000 | L62: 500000 | M62: 687983.31 | Q62: 1187983.3 | R62: 待确认
A63: 58 | B63: J046 | C63: 李巧香 | D63: 130****0332 | E63: 2822400 | L63: 900000 | M63: 1238370 | Q63: 2138370 | R63: 待确认
A64: 59 | B64: J047 | C64: 王丽华 | D64: 186****1077 | E64: 1236095.4 | L64: 400000 | M64: 631999.69 | O64: -200000 | Q64: 831999.69 | R64: 待确认
A65: 60 | B65: J048 | C65: 田景亮 | D65: 135****5854 | E65: 1128666 | L65: 500000 | M65: 687983.31 | Q65: 1187983.3 | R65: 待确认
A66: 61 | B66: J049 | C66: 曹庆 | D66: 185****5555 | E66: 761755 | L66: 300000 | M66: 506790 | P66: -88675 | Q66: 718115 | R66: 待确认
A67: 62 | B67: J050 | C67: 刘蓓蕾 | D67: 158****8018 | E67: 780766 | L67: 350000 | M67: 430766 | Q67: 780766 | R67: 待确认
A68: 63 | B68: J051 | C68: 宋爱芳 | D68: 137****7253 | E68: 1841507 | L68: 650000 | M68: 894378.33 | Q68: 1544378.3 | R68: 待确认
A69: 64 | B69: J052 | C69: 张春英 | D69: 187****0656 | E69: 940800 | L69: 300000 | M69: 412790.01 | Q69: 712790.01 | R69: 待确认
A70: 65 | B70: J053 | C70: 海小玲 | D70: 138****4216 | E70: 1416544 | L70: 500000 | M70: 687983.31 | Q70: 1187983.3 | R70: 待确认
A71: 66 | B71: J054 | C71: 海梅英 | D71: 182****5359 | E71: 1584000 | L71: 500000 | M71: 697983.31 | Q71: 1197983.3 | R71: 待确认
A72: 67 | B72: J055 | C72: 海凤霞 | D72: 138****3357 | E72: 4076800 | L72: 1300000 | M72: 1788756.7 | Q72: 3088756.7 | R72: 待确认
A73: 68 | B73: J056 | C73: 海云秀 | D73: 135****3368 | E73: 3452300 | L73: 1100000 | M73: 1513563.3 | Q73: 2613563.3 | R73: 待确认
A74: 69 | B74: J057 | C74: 娄艳红 | D74: 136****8288 | E74: 830256 | L74: 300000 | M74: 412790.01 | Q74: 712790.01 | R74: 待确认
A75: 70 | B75: J058 | C75: 张美荣 | D75: 155****0169 | E75: 830256 | L75: 300000 | M75: 412790.01 | Q75: 712790.01 | R75: 待确认
A76: 71 | B76: J059 | C76: 王艳萍 | D76: 135****8662 | E76: 46136021 | L76: 12500000 | M76: 21631035 | Q76: 34131035 | R76: 待确认
A77: 72 | B77: J060 | C77: 刘国顺 | D77: 158****8302 | E77: 32739168 | L77: 4120000 | M77: 5751382.7 | Q77: 9871382.7 | R77: 待确认
A78: 73 | B78: J061 | C78: 王淑景 | D78: 155****8981 | E78: 10035200 | L78: 3200000 | M78: 4403093.3 | Q78: 7603093.3 | R78: 待确认
... A80: 75 | B80: J063 | C80: 杨淑萍 | D80: 139****8228 | E80: 4336000 | L80: 900000 | M80: 1238370 | Q80: 2138370 | R80: 待确认
A81: 76 | B81: J064 | C81: 张敏、张海涛、海梅英 | D81: 135****5788 | E81: 70785000 | K81: 0 | R81: 不确认
A82: 77 | B82: J065 | C82: 刘喜贵 | D82: 136****3971 | E82: 2063880 | L82: 750000 | M82: 1031475 | Q82: 1781475 | R82: 待确认
A83: 78 | B83: J066 | C83: 张建伟 | D83: 139****3290 | E83: 3136000 | L83: 950000 | M83: 1363632.8 | Q83: 2313632.8 | R83: 待确认
A84: 79 | B84: J067 | C84: 宁四明 | D84: 136****1238 | E84: 2220000 | L84: 130000 | M84: 581029 | Q84: 711029 | R84: 待确认
A85: 80 | B85: J068-1 | C85: 刘国臣 | D85: 138****2828 | E85: 3016800 | L85: 1200000 | M85: 1651160 | Q85: 2851160 | R85: 待确认
A86: 81 | B86: J068-2 | C86: 刘国臣 | D86: 138****2828 | E86: 2574000 | L86: 1000000 | M86: 1375966.7 | Q86: 2375966.7 | R86: 待确认
A87: 82 | B87: J069 | C87: 张艳 | D87: 155****6689 | E87: 1280000 | L87: 500000 | M87: 687983.31 | Q87: 1187983.3 | R87: 待确认
A88: 83 | B88: J070-1 | C88: 张德河 | D88: 176****1590 | E88: 1280000 | L88: 500000 | M88: 687983.31 | Q88: 1187983.3 | R88: 待确认
A89: 84 | B89: J070-2 | C89: 张德河 | D89: 176****1590 | E89: 1280000 | L89: 500000 | M89: 687983.31 | Q89: 1187983.3 | R89: 待确认
A90: 85 | B90: J071 | C90: 刘保德 | D90: 139****2663 | E90: 1256792 | L90: 400000 | M90: 550386.69 | Q90: 950386.69 | R90: 待确认
A91: 86 | B91: J072 | C91: 李孟瑶 | D91: 187****8211 | E91: 1256490 | L91: 400000 | M91: 550386.69 | Q91: 950386.69 | R91: 待确认
A92: 87 | B92: J073 | C92: 李丹 | D92: 136****0571 | E92: 1570613 | L92: 500000 | M92: 687983.31 | Q92: 1187983.3 | R92: 待确认
A93: 88 | B93: J076 | C93: 河南宏欣建设劳务有限公司 | D93: 185****1739 | E93: 175042700 | F93: 82000000 | G93: 93042667 | H93: 0 | J93: 0 | K93: 1.7504267e+08 | R93: 确认
A94: 89 | B94: J077 | C94: 李甫生 | D94: 185****1739 | E94: 1.0628723e+08 | F94: 53750400 | G94: 39241949 | I94: 222063 | J94: 100000 | K94: 93314412 | R94: 确认
A95: 90 | B95: J078 | C95: 乔海丽 | D95: 185****1739 | E95: 60852719 | F95: 60852719 | I95: 0 | K95: 60852719 | R95: 确认
A96: 91 | B96: J079 | C96: 殷妍 | D96: 185****1739 | E96: 260429300 | F96: 122000000 | G96: 138429300 | K96: 260429300 | R96: 确认
A97: 92 | B97: J084 | C97: 毕文国 | D97: 139****1600 | E97: 32109341 | F97: 14000000 | G97: 17629333 | I97: 0 | K97: 31629333 | R97: 确认
A98: 93 | B98: J085 | C98: 阴之南 | D98: 135****1986 | E98: 1600000 | L98: 500000 | M98: 707983.31 | Q98: 1207983.3 | R98: 待确认
A99: 94 | B99: J086 | C99: 张美云 | D99: 176****8968 | E99: 5119276.8 | L99: 1500000 | M99: 2323498 | Q99: 3823498 | R99: 待确认
A100: 95 | B100: J087 | C100: 姚冬梅 | D100: 178****3682 | E100: 2500437 | L100: 800000 | M100: 1100773.3 | Q100: 1900773.3 | R100: 待确认
A101: 96 | B101: J088 | C101: 王瑾伟 | D101: 159****6576 | E101: 6899200 | L101: 2200000 | M101: 3027126.7 | Q101: 5227126.7 | R101: 待确认
A102: 97 | B102: J090 | C102: 张坤杰 | D102: 155****2000 | E102: 835500 | K102: 0 | R102: 不确认
A103: 98 | B103: J091 | C103: 张桂云 | D103: 135****2699 | E103: 3449600 | L103: 1100000 | M103: 1513563.3 | Q103: 2613563.3 | R103: 待确认
A104: 99 | B104: J092 | C104: 李爱菊 | D104: 135****8850 | E104: 3136000 | L104: 1000000 | M104: 1375966.7 | Q104: 2375966.7 | R104: 待确认
A105: 100 | B105: J093 | C105: 黄雪梅 | D105: 138****7566 | E105: 3763200 | L105: 1200000 | M105: 1643160 | Q105: 2843160 | R105: 待确认
A106: 101 | B106: J094 | C106: 杨海军 | D106: 139****4018 | E106: 166854.59 | K106: 0 | R106: 不确认
A107: 102 | B107: J095-1 | C107: 刘书勇 | D107: 139****0508 | E107: 26163565 | F107: 8200000 | G107: 16958545 | H107: 941360 | I107: 63660 | K107: 26163565 | R107: 确认
A108: 103 | B108: J095-2 | C108: 刘书勇 | D108: 139****0508 | E108: 20596715 | F108: 10000000 | G108: 9359722 | H108: 1128750 | I108: 108243 | K108: 20596715 | R108: 确认
A109: 104 | B109: J095-3 | C109: 刘书勇 | D109: 139****0508 | E109: 28437219 | F109: 13602692 | G109: 13360261 | H109: 1397336 | I109: 76930 | K109: 28437219 | R109: 确认
A110: 105 | B110: J096 | C110: 郑红霞 | D110: 139****9923 | E110: 1534000 | L110: 500000 | M110: 889596.31 | Q110: 1389596.3 | R110: 待确认
A111: 106 | B111: J097 | C111: 弓俊 | D111: 139****1100 | E111: 1779941 | L111: 700000 | M111: 963176.66 | Q111: 1663176.7 | R111: 待确认
A112: 107 | B112: J099 | C112: 刘岩 | D112: 139****8386 | E112: 1568000 | L112: 500000 | M112: 687983.31 | Q112: 1187983.3 | R112: 待确认
A113: 108 | B113: J100 | C113: 贾振英 | D113: 136****2268 | E113: 2880259 | L113: 900000 | M113: 1238370 | Q113: 2138370 | R113: 待确认
A114: 109 | B114: J101 | C114: 张黎明 | D114: 132****9198 | E114: 2753146 | L114: 1000000 | M114: 1375966.7 | Q114: 2375966.7 | R114: 待确认
A115: 110 | B115: J102 | C115: 刘伟林 | D115: 137****3337 | E115: 1416544 | L115: 500000 | M115: 687983.31 | Q115: 1187983.3 | R115: 待确认
A116: 111 | B116: J103 | C116: 陈跃伟 | D116: 139****6337 | E116: 5344000 | L116: 1500000 | M116: 2063950 | Q116: 3563950 | R116: 待确认
A117: 112 | B117: J104 | C117: 刘秀英 | D117: 139****2786 | E117: 940800 | L117: 300000 | M117: 412790.01 | Q117: 712790.01 | R117: 待确认
A118: 113 | B118: J105 | C118: 河南省恒祥房地产开发有限公司 | D118: 182****9317 | E118: 7.1678453e+08 | L118: 395904706 | M118: 3.2087982e+08 | P118: 0 | Q118: 7.1678453e+08 | R118: 待确认
A119: 114 | B119: J106 | C119: 刘金生 | D119: 139****2682 | E119: 7292103 | L119: 2500000 | M119: 3089916.7 | Q119: 5589916.7 | R119: 待确认
A120: 115 | B120: J107 | C120: 刘刚 | D120: 138****3110 | E120: 1570583 | L120: 500000 | M120: 687983.31 | Q120: 1187983.3 | R120: 待确认
A121: 116 | B121: J108 | C121: 刘金玉 | D121: 136****0446 | E121: 3846400 | L121: 1250000 | M121: 1669958.3 | Q121: 2919958.3 | R121: 待确认
A122: 117 | B122: J109 | C122: 王冬梅 | D122: 139****8629 | E122: 13821096 | L122: 4400000 | M122: 6054253.3 | Q122: 10454253 | R122: 待确认
A123: 118 | B123: J110 | C123: 郁方圆 | D123: 176****6230 | E123: 4711840 | L123: 1500000 | M123: 2063950 | Q123: 3563950 | R123: 待确认
A124: 119 | B124: J111 | C124: 张伟志 | D124: 131****3510 | E124: 8947688 | L124: 2650000 | M124: 4035311.7 | Q124: 6685311.7 | R124: 待确认
A125: 120 | B125: J112 | C125: 郑双伟 | D125: 139****0929 | E125: 3449600 | L125: 1100000 | M125: 1513563.3 | Q125: 2613563.3 | R125: 待确认
A126: 121 | B126: J113 | C126: 李东彦 | D126: 139****3728 | E126: 3136000 | L126: 1000000 | M126: 1375966.7 | Q126: 2375966.7 | R126: 待确认
...

Sheet 表4-专项资金及村民过渡费
A1: 表4
A2: 专项资金及村民过渡费债权确认表
A4: 序号 | B4: 材料 编号 | C4: 基本信息 | E4: 债权申报金额 | J4: 审核确认债权数额（元） | O4: 确认情况
C5: 债权人 | D5: 联系方式 | E5: 本金 | F5: 未支付利息 | G5: 迟延履行利息 | H5: 诉讼费、 保全费 | I5: 合计 | J5: 本金 | K5: 孳息 | L5: 迟延履行利息 | M5: 其他 | N5: 合计
A6: 1 | B6: D026-1 | C6: 郑州市金水胜岗投资管理有限公司 | D6: 135****3140 | E6: 4533432.6 | F6: 11263499 | G6: 1978375 | I6: 17775307 | J6: 4533432.6 | K6: 11263499 | L6: 1978375 | N6: 17775307 | O6: 确认
A7: 2 | B7: D026-2 | C7: 郑州市金水胜岗投资管理有限公司 | D7: 135****3140 | E7: 11500000 | F7: 9893194.4 | G7: 2529712.5 | H7: 62406 | I7: 23985313 | J7: 11500000 | K7: 9888642.4 | L7: 2521662.5 | M7: 62406 | N7: 23972711 | O7: 确认
A8: 3 | C8: 郑州市金水区胜岗村城中村改造项目指挥部 | D8: 159****1218 | E8: 2000000 | F8: 41315.07 | I8: 2041315.1 | J8: 2000000 | K8: 41315.07 | N8: 2041315.1 | O8: 确认
A9: 4 | C9: 郑州市金水区胜岗村城中村改造项目问题楼盘化解指挥部 | D9: 159****1218 | E9: 30000000 | I9: 30000000 | J9: 30000000 | N9: 30000000 | O9: 确认
A10: 5 | C10: 郑州市金水区胜岗村城中村改造项目指挥部 | D10: 159****1218 | E10: 51856109 | F10: 707782.67 | I10: 52563892 | J10: 51856109 | K10: 707782.67 | N10: 52563892 | O10: 确认
A11: 6 | C11: 郑州市金水区文化路办事处关虎屯村民委员会 | D11: 138****7333 | E11: 2.4546808e+08 | I11: 2.4546808e+08 | J11: 2.4546808e+08 | N11: 2.4546808e+08 | O11: 确认

Sheet 表5-退房债权 
A1: 表5
A2: 退房债权确认表
N3: 金额单位：人民币元
A4: 序号 | B4: 材料编号 | C4: 姓名 | D4: 身份证号 | E4: 房号 | F4: 业态 | G4: 新面积 | H4: 房款总价 | I4: 申报债权总额 | J4: 审核确认债权数额 | O4: 确认情况
J5: 本金 | K5: 孳息 | L5: 迟延履行 利息 | M5: 其他（诉讼费） | N5: 合计
A6: 1 | B6: A0697 D011 | C6: 张秀银 | D6: 412922*******4226 | E6: 1-003 | F6: 不确定 | G6: 12.01 | H6: 578570 | I6: 753113 | J6: 578570 | K6: 161421.03 | L6: 29058.68 | M6: 5259 | N6: 774308.71 | O6: 确认
A7: 2 | B7: A1245 | C7: 俞媛 | D7: 410122*******0020 | E7: 4F6-055 | F7: 商业盒子 | G7: 8.53 | H7: 217439 | I7: 219720 | J7: 217439 | K7: 19603.92 | L7: 1940.64 | M7: 2281 | N7: 241264.56 | O7: 确认
A8: 3 | B8: A1248 | C8: 张恒 | D8: 410122*******3935 | E8: 3F9-017 | F8: 商业盒子 | G8: 21.68 | H8: 690000 | I8: 357062 | J8: 353759 | K8: 31425.59 | L8: 742.89 | M8: 3303 | N8: 389230.48 | O8: 确认
A9: 4 | B9: A1769 | C9: 陈明李 | D9: 612327*******4812 | E9: 4F6-017 | F9: 商业盒子 | G9: 12.65 | H9: 335898 | I9: 175898 | J9: 175898 | K9: 6531.63 | M9: 1909 | N9: 184338.63 | O9: 确认
A10: 5 | B10: D042 | C10: 黑园月 | D10: 410183*******2067 | E10: 2FA-125 | F10: 商业盒子 | G10: 29.98 | H10: 847972 | I10: 447972 | O10: 待确认
A11: 6 | B11: T001 | C11: 薛永志 | D11: 410105*******103X | E11: 1218 | F11: 住宅 | G11: 69.11 | H11: 598601 | I11: 248949 | J11: 208601 | K11: 37333 | L11: 0 | M11: 3015 | N11: 248949 | O11: 确认
A12: 7 | B12: T002 | C12: 刘昭 | D12: 410105*******0520 | E12: 716 | F12: 住宅 | G12: 67.42 | H12: 580007 | I12: 576749 | J12: 484939 | K12: 83370.86 | M12: 2894 | N12: 571203.86 | O12: 确认
A13: 8 | B13: T003 | C13: 王明 | D13: 412727*******1501 | E13: 1015 | F13: 住宅 | G13: 49.74 | H13: 443681 | I13: 400890 | J13: 0 | K13: 0 | N13: 0 | O13: 不确认
A14: 9 | B14: T004 | C14: 卢翠霞 | D14: 410521*******7049 | E14: 4274和4346 | F14: 商业盒子 | G14: 27.12 | H14: 578066 | I14: 358836 | J14: 285066 | K14: 22379.31 | L14: 34061.49 | M14: 3041 | N14: 344547.8 | O14: 确认
A15: 10 | B15: T005 | C15: 于丽霞 | D15: 410182*******0369 | E15: 3F1-083 | F15: 商业盒子 | G15: 22.19 | H15: 453670 | I15: 263213.21 | J15: 215147 | K15: 19471.99 | L15: 26374.09 | M15: 3352 | N15: 264345.08 | O15: 确认
A16: 11 | B16: T006 | C16: 夏钟毓 | D16: 411102*******0186 | E16: 4FA-039 | F16: 商业盒子 | H16: 412689 | I16: 58214.6 | J16: 40000 | K16: 5733.33 | M16: 6653 | N16: 52386.33 | O16: 确认
A17: 12 | B17: T007 | C17: 杨彧/张娟 | D17: 410105*******1616/ 410103*******3722 | E17: 1634 | F17: 住宅 | G17: 55.51 | H17: 609342 | I17: 719507 | J17: 510000 | L17: 99735 | M17: 4957 | N17: 614692 | O17: 确认
A18: 13 | B18: T008 | C18: 魏永杰、魏佳聪 | D18: 410105*******7118/ 410105*******0259 | E18: 3219 | F18: 商业盒子 | G18: 14.5 | H18: 362883 | I18: 212191.73 | J18: 164594.7 | K18: 23835.68 | N18: 188430.38 | O18: 确认
A19: 14 | B19: T009 | C19: 刘晓琳 | D19: 410182*******4124 | E19: 3F9-026 | F19: 商业盒子 | G19: 13.83 | H19: 343164 | I19: 175046 | J19: 155847.6 | K19: 0 | M19: 1882 | N19: 157729.6 | O19: 确认
A20: 15 | B20: T010 | C20: 周西燕 | D20: 413026*******2726 | E20: 1F8-050 | F20: 商业盒子 | G20: 11.49 | H20: 464000 | I20: 255167.5 | J20: 210600 | K20: 42162.5 | M20: 2405 | N20: 255167.5 | O20: 确认
A21: 16 | B21: T011 | C21: 刘兰兰 | D21: 421381*******4705 | E21: 807 | F21: 住宅 | G21: 86.33 | H21: 1656703 | I21: 535367.38 | J21: 512394 | K21: 22973.381 | N21: 535367.38 | O21: 确认
A22: 17 | B22: T012 | C22: 王斌 | D22: 410104*******3519 | E22: 4FA-175 | F22: 商业盒子 | G22: 33.55 | H22: 921772 | I22: 1039300.3 | J22: 921772 | K22: 111029.28 | M22: 6499 | N22: 1039300.3 | O22: 确认
A23: 18 | B23: T013 | C23: 梁朝 | D23: 410183*******2077 | E23: 1F7-071 | F23: 商业盒子 | G23: 17.76 | H23: 856259 | I23: 479039.36 | J23: 392633.1 | K23: 85288.63 | L23: 0 | M23: 4181 | N23: 482102.73 | O23: 确认
A24: 19 | B24: T014 | C24: 高继彪 | D24: 410221*******1856 | F24: 不确定 | I24: 1334768.3 | J24: 907776 | K24: 266341.48 | L24: 109137.37 | M24: 5285 | N24: 1288539.9 | O24: 确认
A25: 20 | B25: T015 | C25: 晏淑珍 | D25: 210404*******2716 | E25: 3101 | F25: 住宅 | G25: 149.28 | H25: 1359941 | I25: 668429.02 | N25: 0 | O25: 不确认
A26: 21 | B26: T016 | C26: 周升换 | D26: 371122*******8125 | E26: 427 | F26: 商业盒子 | G26: 38.28 | I26: 518442.3 | J26: 487588 | K26: 23152.3 | L26: 0 | M26: 7702 | N26: 518442.3 | O26: 确认
A27: 22 | B27: T017 | C27: 周远航 | D27: 371122*******8113 | E27: 3F7-024 | F27: 商业盒子 | G27: 16.15 | I27: 250783.66 | J27: 236480 | K27: 11734.66 | L27: 0 | M27: 2569 | N27: 250783.66 | O27: 确认
A28: 23 | B28: T018 | C28: 刘春梅 | D28: 410126*******604X | E28: 4F4-023 | F28: 商业盒子 | G28: 16.26 | H28: 425528 | I28: 115528 | J28: 115528 | K28: 0 | L28: 0 | M28: 0 | N28: 115528 | O28: 确认
A29: 24 | B29: T019 | C29: 韩淑杰 | D29: 412824*******0022 | E29: 3F8-133 | F29: 商业盒子 | G29: 14.3 | H29: 455162 | I29: 242102 | J29: 235162 | K29: 4526 | L29: 0 | M29: 2414 | N29: 242102 | O29: 确认
A30: 25 | B30: T020 | C30: 胡丽平 | D30: 410102*******4524 | E30: 4F5-039 | F30: 商业盒子 | G30: 13.28 | H30: 360596 | I30: 198775 | J30: 180596 | K30: 16223 | M30: 1956 | N30: 198775 | O30: 确认
A31: 26 | B31: T021 | C31: 马新芳 | D31: 410103*******2416 | E31: 4238 | F31: 商业盒子 | G31: 27.23 | H31: 377506 | I31: 217373 | J31: 197506 | K31: 17742 | M31: 2125 | N31: 217373 | O31: 确认
A32: 27 | B32: T022 | C32: 郑宜红 | D32: '34082*******54718 | E32: 4F4-058 | F32: 商业盒子 | G32: 9.2 | H32: 248984 | I32: 78984 | J32: 78984 | N32: 78984 | O32: 确认
A33: 28 | B33: T023 | C33: 陆旋 | D33: 411324*******0969 | E33: 1576 | F33: 商业盒子 | G33: 20.92 | H33: 993923 | I33: 704820.6 | J33: 562126.98 | K33: 126722.93 | L33: 99.39 | M33: 13835.19 | N33: 702784.49 | O33: 确认
A34: 29 | B34: T024 | C34: 申晓丹 | D34: 410522*******0862 | E34: 3F9-063 | F34: 商业盒子 | G34: 20.86 | H34: 596485 | I34: 328580.08 | J34: 306485 | K34: 19146.08 | M34: 2949 | N34: 328580.08 | O34: 确认
A35: 30 | B35: T025 | C35: 杨婉悦 | D35: 410102*******0106 | E35: 1F7-030 | F35: 商业盒子 | G35: 21 | H35: 1010941 | I35: 804432.35 | J35: 710941 | K35: 88148.35 | M35: 5343 | N35: 804432.35 | O35: 确认
A36: 31 | B36: T026 | C36: 王丁玲 | D36: 410121*******0025 | E36: 1F6-050 | F36: 商业盒子 | G36: 21.69 | H36: 1060000 | I36: 340000 | J36: 330000 | N36: 330000 | O36: 确认
A37: 32 | B37: T027 | C37: 赵亮、刘晶 | D37: 410102*******005X/ 410103*******002X | E37: 1F2-099 | F37: 商业盒子 | G37: 25.93 | H37: 1164192 | I37: 588924 | J37: 584192 | K37: 426.3134 | N37: 584618.31 | O37: 确认
A38: 33 | B38: T028 | C38: 张捷、汪若洋 | D38: ******* | E38: 2132 | F38: 住宅 | G38: 55.78 | H38: 585690 | I38: 490320 | J38: 286320 | N38: 286320 | O38: 确认
A39: 34 | B39: T029 | C39: 林红 | D39: ******* | E39: 2825 | F39: 住宅 | G39: 66.94 | H39: 669400 | I39: 388166 | J39: 370300 | N39: 370300 | O39: 确认
A40: 35 | B40: T030 | C40: 谭静、魏琪 | D40: ******* | E40: 1F2-100 | F40: 商业盒子 | G40: 20.1 | H40: 1086202 | I40: 583836.63 | J40: 548255 | K40: 27205.63 | M40: 8376 | N40: 583836.63 | O40: 确认
A41: 36 | B41: T031 | C41: 彭婷婷 | D41: ******* | E41: 4FA-021 | F41: 商业盒子 | G41: 31.8 | H41: 650234 | I41: 341881 | J41: 330234 | K41: 8520 | M41: 3127 | N41: 341881 | O41: 确认
A42: 37 | B42: T032 | C42: 左思、马大红 | D42: ******* | E42: 4F4-074 | F42: 商业盒子 | G42: 13.87 | H42: 366800 | I42: 206078.32 | J42: 186800 | K42: 13784.283 | M42: 2018 | N42: 202602.28 | O42: 确认
A43: 38 | B43: T033 | C43: 王恩静 | D43: ******* | E43: 3F8-011 | F43: 商业盒子 | G43: 14.7 | H43: 476221 | I43: 279073.97 | J43: 246221 | K43: 13508.3 | L43: 16847.67 | M43: 2497 | N43: 279073.97 | O43: 确认
A44: 39 | B44: T034 | C44: 乔秋霞 | D44: 142702*******4457 | E44: 1F1-028 | F44: 商业盒子 | G44: 17.86 | H44: 728646 | I44: 269200.48 | J44: 242161.79 | K44: 16521.67 | L44: 7267.89 | M44: 2695 | N44: 268646.35 | O44: 确认
A45: 40 | B45: T035 | C45: 高婉 | D45: 410103*******3747 | E45: 711 | F45: 住宅 | G45: 64.5 | H45: 582751 | I45: 241456 | J45: 197493 | K45: 24949.95 | M45: 2894 | N45: 225336.95 | O45: 确认
A46: 41 | B46: T036 | C46: 王克亮、王森森 | D46: 410221*******2711 | E46: 1F2-092 | F46: 商业盒子 | G46: 24.97 | H46: 1145201 | I46: 1227086.2 | J46: 1145201 | K46: 74053.15 | L46: 63642.95 | M46: 7502 | N46: 1290399.1 | O46: 确认
A47: 42 | B47: T037 | C47: 安玮书 | D47: 410122*******0041 | E47: 1FA-017 | F47: 商业盒子 | G47: 28.95 | H47: 1407708 | I47: 60097.29 | J47: 0 | K47: 43343.57 | M47: 5649 | N47: 48992.57 | O47: 确认
A48: 43 | B48: T038 | C48: 禹水 | D48: 410105*******0517 | E48: 1F8-032 | F48: 商业盒子 | G48: 16.56 | H48: 753583 | I48: 353583 | J48: 353583 | N48: 353583 | O48: 确认
A49: 44 | B49: T039 | C49: 王阳阳 | D49: 412827*******7544 | E49: 1F8-138 | F49: 商业盒子 | G49: 15.02 | H49: 714539 | I49: 415046.87 | J49: 364539 | K49: 42337.15 | L49: 2023.19 | M49: 5623 | N49: 414522.34 | O49: 确认
A50: 45 | B50: T040 | C50: 贺润萍 | D50: 410105*******8402 | E50: 1702 | F50: 住宅 | G50: 47.59 | H50: 679109 | I50: 356048 | J50: 352752 | N50: 352752 | O50: 确认
A51: 46 | B51: T041 | C51: 常鹏辉 | D51: 410324*******0315 | E51: 1FA-115 | F51: 商业盒子 | G51: 34.28 | H51: 1843774 | I51: 931835.09 | J51: 823774 | K51: 106678.73 | L51: 0 | M51: 0 | N51: 930452.73 | O51: 确认
A52: 47 | B52: T042 | C52: 熊钰山 | D52: 412322*******40913 | E52: 4FA-051 | F52: 商业盒子 | G52: 40.93 | H52: 813262 | I52: 427838.5 | J52: 413262 | K52: 0 | L52: 10786.14 | M52: 3749 | N52: 427797.14 | O52: 确认
A53: 48 | B53: T043 | C53: 张英 | D53: 410104*******1549 | E53: 1802 | F53: 住宅 | G53: 47.59 | H53: 690000 | I53: 393513.06 | J53: 353643 | K53: 15835.74 | L53: 20732.32 | M53: 3302 | N53: 393513.06 | O53: 确认
A54: 49 | B54: T044 | C54: 付博 | D54: 410603*******0017 | E54: 1502 | F54: 住宅 | G54: 49.37 | H54: 760000 | I54: 427145.17 | J54: 383759 | K54: 17360.3 | L54: 22497.87 | M54: 3528 | N54: 427145.17 | O54: 确认
A55: 50 | B55: T045 | C55: 周琴 | D55: 411002*******1046 | E55: 1604和1605 | F55: 住宅 | G55: 116.48 | H55: 1590451 | I55: 915019 | J55: 808357 | K55: 106662 | N55: 915019 | O55: 确认
A56: 51 | B56: T046 | C56: 胡书伟 | D56: 410305*******5322 | E56: 1504和1505 | F56: 住宅 | G56: 116.48 | H56: 1583462 | I56: 914318 | J56: 806864 | K56: 0 | L56: 107454 | M56: 0 | N56: 914318 | O56: 确认
A57: 52 | B57: T047 | C57: 王浩宇 | D57: 410305*******0015 | E57: 807 | F57: 住宅 | G57: 49.5 | H57: 737255 | I57: 393358 | J57: 342919.8 | K57: 8828 | M57: 3508 | N57: 355255.8 | O57: 确认
A58: 53 | B58: T048 | C58: 游华平、杨代银 | D58: 510228*******0032 | E58: 1F2-074 | F58: 商业盒子 | G58: 17.95 | H58: 831047 | I58: 1034047 | J58: 831047 | K58: 109975.22 | M58: 6055 | N58: 947077.22 | O58: 确认
A59: 54 | B59: T049 | C59: 王宁宁 | D59: 412725*******572X | E59: 1807 | F59: 住宅 | G59: 86.33 | H59: 1680000 | I59: 685691 | J59: 635615.03 | N59: 635615.03 | O59: 确认
A60: 55 | B60: T050 | C60: 李宝杰、张逸人 | D60: 410105*******0076 | E60: 901 | F60: 住宅 | G60: 109.13 | H60: 1028987 | I60: 1390137.8 | J60: 1028987 | K60: 263781.28 | L60: 0 | M60: 22490 | N60: 1315258.3 | O60: 确认
A61: 56 | B61: T051 | C61: 杜丽 | D61: 413001*******6528 | E61: 4F1-084 | F61: 商业盒子 | G61: 17.43 | H61: 458372 | I61: 258372 | J61: 218372 | K61: 5644.76 | L61: 5644.76 | M61: 42438 | N61: 272099.52 | O61: 确认
A62: 57 | B62: T052 | C62: 姜英 | D62: 370613*******0527 | E62: 1F8-174 | F62: 商业盒子 | G62: 20.47 | H62: 980668 | I62: 528606 | J62: 490668 | K62: 33775 | M62: 4146 | N62: 528589 | O62: 确认
A63: 58 | B63: T053 | C63: 李华 | D63: 130929*******848X | E63: 4F1-104 | F63: 商业盒子 | G63: 11.9 | H63: 320450 | I63: 349659 | J63: 321808 | K63: 16175.322 | M63: 3071 | N63: 341054.32 | O63: 确认
A64: 59 | B64: T054 | C64: 翟伟 | D64: 410102*******003X | E64: 3F2-001 | F64: 商业盒子 | G64: 9.67 | H64: 310263 | I64: 162016 | J64: 160263 | K64: 10869.27 | M64: 1753 | N64: 172885.27 | O64: 确认
A65: 60 | B65: T055 | C65: 李世勇、钟小军 | D65: 410181*******4511/ 410181*******5047 | E65: 4FA-120 | F65: 商业盒子 | G65: 32.23 | H65: 858263 | I65: 484681.85 | J65: 408263 | K65: 20127.93 | M65: 4087 | N65: 432477.93 | O65: 确认
A66: 61 | B66: T056 | C66: 吕文明 | D66: 411423*******5593 | E66: 4F4-022 | F66: 商业盒子 | G66: 18.08 | H66: 470850 | I66: 250071.21 | J66: 240850 | K66: 9221.21 | M66: 5000 | N66: 255071.21 | O66: 确认
A67: 62 | B67: T058 | C67: 王爱凤 | D67: 410802*******3063 | E67: 1F8-152 | F67: 商业盒子 | G67: 16.84 | H67: 816485 | I67: 445676.15 | J67: 416485 | K67: 25417.15 | L67: 0 | M67: 3774 | N67: 445676.15 | O67: 确认
A68: 63 | B68: T059 | C68: 梁银峰 | D68: 412726*******8434 | E68: 3F9-068 | F68: 商业盒子 | G68: 16.43 | H68: 480028 | I68: 269555.49 | J68: 240028 | K68: 13065.86 | L68: 13945.63 | M68: 2516 | N68: 269555.49 | O68: 确认
A69: 64 | B69: T060 | C69: 刘国歌、王燕 | D69: 412931*******6214、410101*******4029 | E69: 1F2-089 | F69: 商业盒子 | G69: 18.44 | H69: 871608 | I69: 570771.18 | J69: 441608 | K69: 38615.55 | L69: 57265.51 | M69: 3962 | N69: 541451.06 | O69: 确认
A70: 65 | B70: T061 | C70: 许香如 | D70: 412825*******2922 | E70: 3F7-041 | F70: 商业盒子 | G70: 18.66 | H70: 585000 | I70: 298084 | J70: 295000 | K70: 12367.05 | L70: 18739.87 | M70: 3084 | N70: 329190.92 | O70: 确认
A71: 66 | B71: T062 | C71: 郭俊红 | D71: 412702*******7848 | E71: 1830 | F71: 住宅 | G71: 57.33 | H71: 820000 | I71: 309806.58 | J71: 214276 | K71: 61354.36 | M71: 4019 | N71: 279649.36 | O71: 确认
A72: 67 | B72: T063 | C72: 张亚萍 | D72: 410224*******3925 | E72: 4F9-026 | F72: 商业盒子 | G72: 12.67 | H72: 343605 | I72: 173605 | J72: 173605 | N72: 173605 | O72: 确认
A73: 68 | B73: T064 | C73: 翟亮亮 | D73: 410821*******6536 | E73: 3F5-082 | F73: 商业盒子 | G73: 17.91 | H73: 574985 | I73: 371077.74 | J73: 294985 | L73: 33606.17 | N73: 328591.17 | O73: 确认
A74: 69 | B74: T065 | C74: 赵兴功 | D74: 412702*******7439 | E74: 1F2-040 | F74: 商业盒子 | G74: 21.13 | I74: 24000 | J74: 0 | N74: 0 | O74: 不确认
A75: 70 | B75: T066 | C75: 袁自心 | D75: 410505*******4991 | E75: 4F4-082 | F75: 商业盒子 | G75: 20.09 | H75: 424081 | I75: 231208 | J75: 214081 | K75: 10005.02 | N75: 224086.02 | O75: 确认
A76: 71 | B76: T068 | C76: 张亚鹏 | D76: 410102*******0494 | E76: 3F8-016 | F76: 商业盒子 | G76: 9.29 | H76: 307325 | I76: 162577 | J76: 157325 | K76: 1157.43 | L76: 578.17 | M76: 2978 | N76: 162038.6 | O76: 确认
A77: 72 | B77: A1725 | C77: 张伟伟 | D77: 411425*******4219 | E77: 4298 | F77: 商业盒子 | G77: 15.76 | H77: 397876 | I77: 397876 | J77: 76363.39 | M77: 3634 | N77: 79997.39 | O77: 确认
A78: 73 | B78: T069 | C78: 孙会娟 | D78: 410901*******2321 | E78: 3F6-075 | F78: 商业盒子 | G78: 10.4 | H78: 401118 | I78: 217355.4 | J78: 202458 | K78: 10000 | L78: 2683.4 | M78: 2214 | N78: 217355.4 | O78: 确认
A79: 74 | B79: A1586 | C79: 来关顺 | D79: 410503*******0513 | E79: 未选房 | F79: 不确定 | I79: 500000 | O79: 待确认

Sheet 表6-税费 
A1: 表7
A2: 税务债权确认表
A4: 材料编号 | B4: 联系人 | C4: 联系方式 | D4: 债权人 | E4: 欠税种类 | F4: 税率 | G4: 申报债权数额（元） | J4: 审核确认债权数额（元）
G5: 税款 | H5: 滞纳金 | I5: 申报债权总额 | J5: 本金 | K5: 滞纳金 | L5: 合计
A6: JS001 | B6: 范文豪 | C6: 132****9681 | D6: 国家税务总局郑州市金水区税务局 | E6: 增值税 | F6: 11%、10%、9% | G6: 3682793.1 | H6: 2650527.8 | I6: 6333320.9 | J6: 3682793.1 | K6: 2650527.8 | L6: 6333320.9
A7: JS001 | B7: 范文豪 | C7: 132****9681 | D7: 国家税务总局郑州市金水区税务局 | E7: 城镇土地使用税 | G7: 1922534.6 | H7: 326617.29 | I7: 2249151.9 | J7: 1922534.6 | K7: 326617.29 | L7: 2249151.9
A8: JS001 | B8: 范文豪 | C8: 132****9681 | D8: 国家税务总局郑州市金水区税务局 | E8: 工会经费 | F8: 0.02 | G8: 34878.73 | H8: 6375.11 | I8: 41253.84 | J8: 34878.73 | K8: 6375.11 | L8: 41253.84
A9: JS001 | B9: 范文豪 | C9: 132****9681 | D9: 国家税务总局郑州市金水区税务局 | E9: 教育费附加 | F9: 0.03 | G9: 5112.86 | H9: 2334.02 | I9: 7446.88 | J9: 5112.86 | K9: 2334.02 | L9: 7446.88
A10: JS001 | B10: 范文豪 | C10: 132****9681 | D10: 国家税务总局郑州市金水区税务局 | E10: 地方教育附加 | F10: 0.02 | G10: 3408.57 | H10: 1556.01 | I10: 4964.58 | J10: 3408.57 | K10: 1556.01 | L10: 4964.58
A11: JS001 | B11: 范文豪 | C11: 132****9681 | D11: 国家税务总局郑州市金水区税务局 | E11: 城市维护建设税 | F11: 0.05 | G11: 11930.01 | H11: 5446.05 | I11: 17376.06 | J11: 11930.01 | K11: 5446.05 | L11: 17376.06
A12: JS001 | B12: 范文豪 | C12: 132****9681 | D12: 国家税务总局郑州市金水区税务局 | E12: 残疾人就业保障金 | G12: 44064 | H12: 10285.05 | I12: 54349.05 | J12: 44064 | K12: 10285.05 | L12: 54349.05
A13: JS001 | B13: 范文豪 | C13: 132****9681 | D13: 国家税务总局郑州市金水区税务局 | E13: 个人所得税 | G13: 2819.41 | H13: 468.47 | I13: 3287.88 | J13: 2819.41 | K13: 468.47 | L13: 3287.88
A14: 合计 | G14: 5707541.4 | H14: 3003609.8 | I14: 8711151.1 | J14: 5707541.4 | K14: 3003609.8 | L14: 8711151.1

Sheet 申报债权统计
D1: 申报总数 | E1: 确认（申报金额）(确认，确认+待确认） | F1: 确认-确认(核实金额） | G1: 确认-不确认（倒挤） | H1: 确认-待确认（暂缓确认金额） | I1: 不确认（申报金额） | J1: 待确认（申报金额） | K1: 验证1 | L1: 验证2
B2: 类别 | D2: 申报总数 | E2: 确认 | F2: 确认 | G2: 确认-不确认（倒挤） | H2: 确认+待确认 | I2: 不确认 | J2: 待确认 | K2: 表内验证1 | L2: 表内验证2 | M2: 表间
A3: 1 | B3: 退房债权 | C3: 笔数 | D3: =COUNTA('表5-退房债权 '!O:O)-1 -> 74 | E3: =COUNTIF('表5-退房债权 '!O:O,E2)+COUNTIF('表5-退房债权 '!O:O,H2) -> 69 | I3: =COUNTIF('表5-退房债权 '!O:O,I2) -> 3 | J3: =COUNTIF('表5-退房债权 '!O:O,J2) -> 2 | L3: =D3-E3-I3-J3 -> 0 | M3: =D3-[3]应付债务账面与申报情况!$I$41 -> 0
C4: 金额 | D4: =SUM('表5-退房债权 '!I:I) -> 32397953 | E4: =SUMIF('表5-退房债权 '!O:O,E2,'表5-退房债权 '!I:I)+SUMIF('表5-退房债权 '!O:O,H2,'表5-退房债权 '!I:I) -> 30356662 | F4: =SUMIF('表5-退房债权 '!O:O,F2,'表5-退房债权 '!N:N) -> 29337379 | G4: =E4-F4-H4 -> 1019283.6 | I4: =SUMIF('表5-退房债权 '!O:O,I2,'表5-退房债权 '!I:I) -> 1093319 | J4: =SUMIF('表5-退房债权 '!O:O,J2,'表5-退房债权 '!I:I) -> 947972 | K4: =E4-F4-G4-H4 -> 0 | L4: =D4-E4-I4-J4 -> 3.259629e-09 | M4: =D4-[3]应付债务账面与申报情况!$I$42 -> 4.8428774e-08
L5: =D5-E5-I5-J5 -> 0
A6: 2 | B6: 职工债权 | C6: 笔数 | D6: =COUNTA(#REF!)-1 -> 0 | E6: =COUNTIF(#REF!,E2)+COUNTIF(#REF!,H2) -> #REF! | I6: =COUNTIF(#REF!,I2) -> #REF! | J6: =COUNTIF(#REF!,J2) -> #REF! | L6: =D6-E6-I6-J6 -> #REF! | M6: =D6-[3]应付债务账面与申报情况!$I$37 -> -57
C7: 金额 | D7: =SUM(#REF!) -> #REF! | E7: =SUMIF(#REF!,E2,#REF!)+SUMIF(#REF!,H2,#REF!) -> #REF! | F7: =SUMIF(#REF!,F2,#REF!) -> #REF! | G7: =E7-F7-H7 -> #REF! | H7: =SUMIF(#REF!,H2,#REF!) -> #REF! | I7: =SUMIF(#REF!,I2,#REF!) -> #REF! | J7: =SUMIF(#REF!,J2,#REF!) -> #REF! | K7: =E7-F7-G7-H7 -> #REF! | L7: =D7-E7-I7-J7 -> #REF! | M7: =D7-[3]应付债务账面与申报情况!$I$38 -> #REF!
L8: =D8-E8-I8-J8 -> 0
A9: 3 | B9: 政府债权及过渡费 | C9: 笔数 | D9: =COUNTIF('表3-民间借贷及其他债权'!#REF!,B9) -> #REF! | E9: =COUNTIFS('表3-民间借贷及其他债权'!#REF!,B9,'表3-民间借贷及其他债权'!R:R,E2)+COUNTIFS('表3-民间借贷及其他债权'!#REF!,B9,'表3-民间借贷及其他债权'!R:R,H2) -> #REF! | I9: =COUNTIFS('表3-民间借贷及其他债权'!#REF!,B9,'表3-民间借贷及其他债权'!R:R,I2) -> #REF! | J9: =COUNTIFS('表3-民间借贷及其他债权'!#REF!,B9,'表3-民间借贷及其他债权'!R:R,J2) -> #REF! | L9: =D9-E9-I9-J9 -> #REF!
C10: 金额 | D10: =SUMIF('表3-民间借贷及其他债权'!#REF!,B9,'表3-民间借贷及其他债权'!E:E) -> #REF! | E10: =SUMIFS('表3-民间借贷及其他债权'!E:E,'表3-民间借贷及其他债权'!#REF!,B9,'表3-民间借贷及其他债权'!R:R,E2)+SUMIFS('表3-民间借贷及其他债权'!E:E,'表3-民间借贷及其他债权'!#REF!,B9,'表3-民间借贷及其他债权'!R:R,H2) -> #REF! | F10: =SUMIFS('表3-民间借贷及其他债权'!K:K,'表3-民间借贷及其他债权'!#REF!,B9,'表3-民间借贷及其他债权'!R:R,F2) -> #REF! | G10: =E10-F10-H10 -> #REF! | H10: =SUMIFS('表3-民间借贷及其他债权'!Q:Q,'表3-民间借贷及其他债权'!#REF!,B9,'表3-民间借贷及其他债权'!R:R,H2) -> #REF! | I10: =SUMIFS('表3-民间借贷及其他债权'!E:E,'表3-民间借贷及其他债权'!#REF!,B9,'表3-民间借贷及其他债权'!R:R,I2) -> #REF! | J10: =SUMIFS('表3-民间借贷及其他债权'!E:E,'表3-民间借贷及其他债权'!#REF!,B9,'表3-民间借贷及其他债权'!R:R,J2) -> #REF! | K10: =E10-F10-G10-H10 -> #REF! | L10: =D10-E10-I10-J10 -> #REF!
L11: =D11-E11-I11-J11 -> 0
B12: 金融机构借贷及担保债权 | C12: 笔数 | D12: =COUNTIF('表3-民间借贷及其他债权'!#REF!,B12) -> #REF! | E12: =COUNTIFS('表3-民间借贷及其他债权'!#REF!,B12,'表3-民间借贷及其他债权'!R:R,E2)+COUNTIFS('表3-民间借贷及其他债权'!#REF!,B12,'表3-民间借贷及其他债权'!R:R,H2) -> #REF! | I12: =COUNTIFS('表3-民间借贷及其他债权'!#REF!,B12,'表3-民间借贷及其他债权'!R:R,I2) -> #REF! | J12: =COUNTIFS('表3-民间借贷及其他债权'!#REF!,B12,'表3-民间借贷及其他债权'!R:R,J2) -> #REF! | L12: =D12-E12-I12-J12 -> #REF!
C13: 金额 | D13: =SUMIF('表3-民间借贷及其他债权'!#REF!,B12,'表3-民间借贷及其他债权'!E:E) -> #REF! | E13: =SUMIFS('表3-民间借贷及其他债权'!E:E,'表3-民间借贷及其他债权'!#REF!,B12,'表3-民间借贷及其他债权'!R:R,E2)+SUMIFS('表3-民间借贷及其他债权'!E:E,'表3-民间借贷及其他债权'!#REF!,B12,'表3-民间借贷及其他债权'!R:R,H2) -> #REF! | F13: =SUMIFS('表3-民间借贷及其他债权'!K:K,'表3-民间借贷及其他债权'!#REF!,B12,'表3-民间借贷及其他债权'!R:R,F2) -> #REF! | G13: =E13-F13-H13 -> #REF! | H13: =SUMIFS('表3-民间借贷及其他债权'!Q:Q,'表3-民间借贷及其他债权'!#REF!,B12,'表3-民间借贷及其他债权'!R:R,H2) -> #REF! | I13: =SUMIFS('表3-民间借贷及其他债权'!E:E,'表3-民间借贷及其他债权'!#REF!,B12,'表3-民间借贷及其他债权'!R:R,I2) -> #REF! | J13: =SUMIFS('表3-民间借贷及其他债权'!E:E,'表3-民间借贷及其他债权'!#REF!,B12,'表3-民间借贷及其他债权'!R:R,J2) -> #REF! | K13: =E13-F13-G13-H13 -> #REF! | L13: =D13-E13-I13-J13 -> #REF!
L14: =D14-E14-I14-J14 -> 0
B15: 民间借贷 | C15: 笔数 | D15: =COUNTIF('表3-民间借贷及其他债权'!#REF!,B15) -> #REF! | E15: =COUNTIFS('表3-民间借贷及其他债权'!#REF!,B15,'表3-民间借贷及其他债权'!R:R,E2)+COUNTIFS('表3-民间借贷及其他债权'!#REF!,B15,'表3-民间借贷及其他债权'!R:R,H2) -> #REF! | I15: =COUNTIFS('表3-民间借贷及其他债权'!#REF!,B15,'表3-民间借贷及其他债权'!R:R,I2) -> #REF! | J15: =COUNTIFS('表3-民间借贷及其他债权'!#REF!,B15,'表3-民间借贷及其他债权'!R:R,J2) -> #REF! | L15: =D15-E15-I15-J15 -> #REF!
C16: 金额 | D16: =SUMIF('表3-民间借贷及其他债权'!#REF!,B15,'表3-民间借贷及其他债权'!E:E) -> #REF! | E16: =SUMIFS('表3-民间借贷及其他债权'!E:E,'表3-民间借贷及其他债权'!#REF!,B15,'表3-民间借贷及其他债权'!R:R,E2)+SUMIFS('表3-民间借贷及其他债权'!E:E,'表3-民间借贷及其他债权'!#REF!,B15,'表3-民间借贷及其他债权'!R:R,H2) -> #REF! | F16: =SUMIFS('表3-民间借贷及其他债权'!K:K,'表3-民间借贷及其他债权'!#REF!,B15,'表3-民间借贷及其他债权'!R:R,F2) -> #REF! | G16: =E16-F16-H16 -> #REF! | H16: =SUMIFS('表3-民间借贷及其他债权'!Q:Q,'表3-民间借贷及其他债权'!#REF!,B15,'表3-民间借贷及其他债权'!R:R,H2) -> #REF! | I16: =SUMIFS('表3-民间借贷及其他债权'!E:E,'表3-民间借贷及其他债权'!#REF!,B15,'表3-民间借贷及其他债权'!R:R,I2) -> #REF! | J16: =SUMIFS('表3-民间借贷及其他债权'!E:E,'表3-民间借贷及其他债权'!#REF!,B15,'表3-民间借贷及其他债权'!R:R,J2) -> #REF! | K16: =E16-F16-G16-H16 -> #REF! | L16: =D16-E16-I16-J16 -> #REF!
L17: =D17-E17-I17-J17 -> 0
B18: 各类借贷 | C18: 笔数 | D18: =D9+D12+D15 -> #REF! | E18: =E9+E12+E15 -> #REF! | F18: =F9+F12+F15 -> 0 | G18: =G9+G12+G15 -> 0 | H18: =H9+H12+H15 -> 0 | I18: =I9+I12+I15 -> #REF! | J18: =J9+J12+J15 -> #REF! | L18: =D18-E18-I18-J18 -> #REF! | M18: =D18-[3]应付债务账面与申报情况!$I$24 -> #REF!
C19: 金额 | D19: =D10+D13+D16 -> #REF! | E19: =E10+E13+E16 -> #REF! | F19: =F10+F13+F16 -> #REF! | G19: =G10+G13+G16 -> #REF! | H19: =H10+H13+H16 -> #REF! | I19: =I10+I13+I16 -> #REF! | J19: =J10+J13+J16 -> #REF! | K19: =E19-F19-G19-H19 -> #REF! | L19: =D19-E19-I19-J19 -> #REF! | M19: =D19-[3]应付债务账面与申报情况!$I$25 -> #REF!
L20: =D20-E20-I20-J20 -> 0
B21: 各类借贷 | C21: 笔数 | D21: =COUNTA('表3-民间借贷及其他债权'!B:B)-1 -> 187 | E21: =COUNTIF('表3-民间借贷及其他债权'!R:R,E2)+COUNTIF('表3-民间借贷及其他债权'!R:R,H2) -> 15 | I21: =COUNTIF('表3-民间借贷及其他债权'!R:R,I2) -> 9 | J21: =COUNTIF('表3-民间借贷及其他债权'!R:R,J2) -> 162 | L21: =D21-E21-I21-J21 -> 1
C22: 金额 | D22: =SUM('表3-民间借贷及其他债权'!E:E) -> 2.5143742e+09 | E22: =SUMIF('表3-民间借贷及其他债权'!R:R,E2,'表3-民间借贷及其他债权'!E:E)+SUMIF('表3-民间借贷及其他债权'!R:R,H2,'表3-民间借贷及其他债权'!E:E) -> 7.6296854e+08 | F22: =SUMIF('表3-民间借贷及其他债权'!R:R,F2,'表3-民间借贷及其他债权'!K:K) -> 7.4248545e+08 | G22: =E22-F22-H22 -> 20483091 | H22: =SUMIF('表3-民间借贷及其他债权'!R:R,H2,'表3-民间借贷及其他债权'!Q:Q) -> 0 | I22: =SUMIF('表3-民间借贷及其他债权'!R:R,I2,'表3-民间借贷及其他债权'!E:E) -> 1.3024121e+08 | J22: =SUMIF('表3-民间借贷及其他债权'!R:R,J2,'表3-民间借贷及其他债权'!E:E) -> 1.6211645e+09 | K22: =E22-F22-G22-H22 -> 0 | L22: =D22-E22-I22-J22 -> 0
D24: =D21-D18 -> #REF! | E24: =E21-E18 -> #REF! | F24: =F21-F18 -> 0 | G24: =G21-G18 -> 0 | H24: =H21-H18 -> 0 | I24: =I21-I18 -> #REF! | J24: =J21-J18 -> #REF! | K24: =K21-K18 -> 0 | L24: =L21-L18 -> #REF!
D25: =D22-D19 -> #REF! | E25: =E22-E19 -> #REF! | F25: =F22-F19 -> #REF! | G25: =G22-G19 -> #REF! | H25: =H22-H19 -> #REF! | I25: =I22-I19 -> #REF! | J25: =J22-J19 -> #REF! | K25: =K22-K19 -> #REF! | L25: =L22-L19 -> #REF!
K27: =E27-F27-G27-H27 -> 0 | L27: =D27-E27-I27-J27 -> 0
A28: 4 | B28: 工程款 | C28: 笔数 | D28: =COUNTA('表1-工程及经营费用类'!B:B)-1 -> 58 | E28: =COUNTIF('表1-工程及经营费用类'!O:O,E2)+COUNTIF('表1-工程及经营费用类'!O:O,H2) -> 26 | I28: =COUNTIF('表1-工程及经营费用类'!O:O,I2) -> 10 | J28: =COUNTIF('表1-工程及经营费用类'!O:O,J2) -> 22 | L28: =D28-E28-I28-J28 -> 0 | M28: =D28-[3]应付债务账面与申报情况!$I$27 -> 17
C29: 金额 | D29: =SUM('表1-工程及经营费用类'!F:F) -> 5.693978e+08 | E29: =SUMIF('表1-工程及经营费用类'!O:O,E2,'表1-工程及经营费用类'!F:F)+SUMIF('表1-工程及经营费用类'!O:O,H2,'表1-工程及经营费用类'!F:F) -> 2.6382237e+08 | F29: =SUMIF('表1-工程及经营费用类'!O:O,F2,'表1-工程及经营费用类'!M:M) -> 2.088993e+08 | G29: =E29-F29-H29 -> 23865360 | H29: =SUMIF('表1-工程及经营费用类'!O:O,H2,'表1-工程及经营费用类'!N:N) -> 31057709 | I29: =SUMIF('表1-工程及经营费用类'!O:O,I2,'表1-工程及经营费用类'!F:F) -> 35361893 | J29: =SUMIF('表1-工程及经营费用类'!O:O,J2,'表1-工程及经营费用类'!F:F) -> 2.7021353e+08 | K29: =E29-F29-G29-H29 -> 0 | L29: =D29-E29-I29-J29 -> 0 | M29: =D29-[3]应付债务账面与申报情况!$I$28 -> 97379721
L30: =D30-E30-I30-J30 -> 0
B31: 工程费用 | C31: 笔数 | D31: =COUNTA('工程费用 '!A:A)-1 -> 17 | E31: =COUNTIF('工程费用 '!AL:AL,E2)+COUNTIF('工程费用 '!AL:AL,H2) -> 13 | I31: =COUNTIF('工程费用 '!AL:AL,I2) -> 4 | J31: =COUNTIF('工程费用 '!AL:AL,J2) -> 0 | L31: =D31-E31-I31-J31 -> 0 | M31: =D31-[3]应付债务账面与申报情况!$I$30 -> 0
C32: 金额 | D32: =SUM('工程费用 '!N:N) -> 97011543 | E32: =SUMIF('工程费用 '!AL:AL,E2,'工程费用 '!N:N)+SUMIF('工程费用 '!AL:AL,H2,'工程费用 '!N:N) -> 69246301 | F32: =SUMIF('工程费用 '!AL:AL,F2,'工程费用 '!AE:AE) -> 59663564 | G32: =E32-F32-H32 -> 9582737 | H32: =SUMIF('工程费用 '!AL:AL,H2,'工程费用 '!AK:AK) -> 0 | I32: =SUMIF('工程费用 '!AL:AL,I2,'工程费用 '!N:N) -> 27765242 | J32: =SUMIF('工程费用 '!AL:AL,J2,'工程费用 '!N:N) -> 0 | K32: =E32-F32-G32-H32 -> 0 | L32: =D32-E32-I32-J32 -> 0 | M32: =D32-[3]应付债务账面与申报情况!$I$31 -> 0
L33: =D33-E33-I33-J33 -> 0
B34: 工程款及工程费用 | C34: 笔数 | D34: =D28+D31 -> 75 | E34: =E28+E31 -> 39 | F34: =F28+F31 -> 0 | G34: =G28+G31 -> 0 | H34: =H28+H31 -> 0 | I34: =I28+I31 -> 14 | J34: =J28+J31 -> 22 | L34: =D34-E34-I34-J34 -> 0
C35: 金额 | D35: =D29+D32 -> 6.6640934e+08 | E35: =E29+E32 -> 3.3306867e+08 | F35: =F29+F32 -> 2.6856287e+08 | G35: =E35-F35-H35 -> 33448097 | H35: =H29+H32 -> 31057709 | I35: =I29+I32 -> 63127135 | J35: =J29+J32 -> 2.7021353e+08 | K35: =E35-F35-G35-H35 -> 0 | L35: =D35-E35-I35-J35 -> 0
L36: =D36-E36-I36-J36 -> 0
L37: =D37-E37-I37-J37 -> 0
A38: 5 | B38: 地下商铺租赁 | C38: 笔数 | D38: =COUNTA('地下商铺租赁 '!A:A)-1 -> 31 | E38: =COUNTIF('地下商铺租赁 '!W:W,E2)+COUNTIF('地下商铺租赁 '!W:W,H2) -> 30 | I38: =COUNTIF('地下商铺租赁 '!W:W,I2) -> 1 | L38: =D38-E38-I38-J38 -> 0 | M38: =D38-[3]应付债务账面与申报情况!$I$44 -> 0
C39: 金额 | D39: =SUM('地下商铺租赁 '!N:N) -> 5063743.1 | E39: =SUMIF('地下商铺租赁 '!W:W,E2,'地下商铺租赁 '!N:N)+SUMIF('地下商铺租赁 '!W:W,H2,'地下商铺租赁 '!N:N) -> 4876879.1 | F39: =SUMIF('地下商铺租赁 '!W:W,F2,'地下商铺租赁 '!V:V) -> 4607272 | G39: =E39-F39-H39 -> 269607.06 | I39: =SUMIF('地下商铺租赁 '!W:W,I2,'地下商铺租赁 '!N:N) -> 186864 | K39: =E39-F39-G39-H39 -> 0 | L39: =D39-E39-I39-J39 -> 0 | M39: =D39-[3]应付债务账面与申报情况!$I$45 -> 0
L40: =D40-E40-I40-J40 -> 0
A41: 6 | B41: 税务 | C41: 笔数 | D41: 1 | E41: 1 | L41: =D41-E41-I41-J41 -> 0 | M41: =D41-[3]应付债务账面与申报情况!$I$19-[3]应付债务账面与申报情况!$I$21 -> 0
C42: 金额 | D42: 8711151.1 | E42: 8711151.1 | F42: 8711151.1 | G42: =E42-F42-H42 -> 0 | K42: =E42-F42-G42-H42 -> 0 | L42: =D42-E42-I42-J42 -> 0 | M42: =D42-[3]应付债务账面与申报情况!$I$20-[3]应付债务账面与申报情况!$I$22 -> 0
L43: =D43-E43-I43-J43 -> 0
L44: =D44-E44-I44-J44 -> 0
A45: 7 | B45: 多交房款-商业盒子 | C45: 笔数 | D45: 92 | E45: 92 | L45: =D45-E45-I45-J45 -> 0 | M45: =D45-[3]应付债务账面与申报情况!$I$52 -> 0
C46: 金额 | D46: 4529150 | E46: 4529150 | F46: 4529150 | K46: =E46-F46-G46-H46 -> 0 | L46: =D46-E46-I46-J46 -> 0 | M46: =D46-[3]应付债务账面与申报情况!$I$53 -> 0
L47: =D47-E47-I47-J47 -> 0
B48: 多交房款-住宅 | C48: 笔数 | D48: 46 | E48: 46 | L48: =D48-E48-I48-J48 -> 0 | M48: =D48-[3]应付债务账面与申报情况!$I$49 -> 0
C49: 金额 | D49: 2176870 | E49: 2176870 | F49: 2176870 | K49: =E49-F49-G49-H49 -> 0 | L49: =D49-E49-I49-J49 -> 0 | M49: =D49-[3]应付债务账面与申报情况!$I$50 -> 0
L50: =D50-E50-I50-J50 -> 0
B51: 多交房款 | C51: 笔数 | D51: =D45+D48 -> 138 | E51: =E45+E48 -> 138 | L51: =D51-E51-I51-J51 -> 0
C52: 金额 | D52: =D46+D49 -> 6706020 | E52: =E46+E49 -> 6706020 | F52: =F46+F49 -> 6706020 | L52: =D52-E52-I52-J52 -> 0
K53: =E53-F53-G53-H53 -> 0 | L53: =D53-E53-I53-J53 -> 0
B54: 总计 | D54: =D3+D6+D18+D34+D38+D41+D51 -> #REF! | E54: =E3+E6+E18+E34+E38+E41+E51 -> #REF! | F54: =F3+F6+F18+F34+F38+F41+F51 -> 0 | G54: =G3+G6+G18+G34+G38+G41+G51 -> 0 | H54: =H3+H6+H18+H34+H38+H41+H51 -> 0 | I54: =I3+I6+I18+I34+I38+I41+I51 -> #REF! | J54: =J3+J6+J18+J34+J38+J41+J51 -> #REF! | L54: =D54-E54-I54-J54 -> #REF! | M54: =D54-[3]应付债务账面与申报情况!$I$54 -> #REF!
D55: =D4+D7+D19+D35+D39+D42+D52 -> #REF! | E55: =E4+E7+E19+E35+E39+E42+E52 -> #REF! | F55: =F4+F7+F19+F35+F39+F42+F52 -> #REF! | G55: =G4+G7+G19+G35+G39+G42+G52 -> #REF! | H55: =H4+H7+H19+H35+H39+H42+H52 -> #REF! | I55: =I4+I7+I19+I35+I39+I42+I52 -> #REF! | J55: =J4+J7+J19+J35+J39+J42+J52 -> #REF! | K55: =E55-F55-G55-H55 -> #REF! | L55: =D55-E55-I55-J55 -> #REF! | M55: =D55-[3]应付债务账面与申报情况!$I$55 -> #REF!

Sheet Sheet3
B2: 类别 | D2: 申报总数 | E2: 确认（申报金额） | F2: 确认-确认(核实金额） | G2: 确认-不确认（倒挤） | H2: 确认-待确认（暂缓确认金额） | I2: 不确认（申报金额） | J2: 待确认（申报金额） | K2: 验证1 | L2: 验证2
A3: 1 | B3: 退房债权 | C3: 笔数 | D3: 73 | E3: 70 | I3: 2 | J3: 1 | L3: 0 | M3: 0
C4: 金额 | D4: 31897953 | E4: 31025091 | F4: 30005808 | G4: 1019283.6 | I4: 424890 | J4: 447972 | K4: 0 | L4: 0 | M4: 0
K5: 0 | L5: 0
A6: 2 | B6: 职工债权 | C6: 笔数 | D6: 57 | E6: 37 | J6: 20 | L6: 0 | M6: 0
C7: 金额 | D7: 24014495 | E7: 10681110 | F7: 7283857 | G7: 1976523.6 | H7: 1420729.1 | J7: 13333385 | K7: 0 | L7: 0 | M7: 0
K8: 0 | L8: 0
A9: 3 | B9: 政府债权及过渡费 | C9: 笔数 | D9: 8 | E9: 5 | J9: 3 | L9: 0
C10: 金额 | D10: 3.5134445e+08 | E10: 1.2636583e+08 | F10: 1.2635322e+08 | G10: 12602.08 | J10: 2.2497863e+08 | K10: 0 | L10: 0
K11: 0 | L11: 0
B12: 金融机构借贷及担保债权 | C12: 笔数 | D12: 6 | E12: 2 | I12: 1 | J12: 3 | L12: 0
C13: 金额 | D13: 2.8392485e+09 | E13: 2.7159593e+09 | F13: 2.6734708e+09 | G13: 15232496 | H13: 27256045 | I13: 39917808 | J13: 83371404 | K13: 0 | L13: 0
K14: 0 | L14: 0
B15: 民间借贷 | C15: 笔数 | D15: 181 | E15: 10 | I15: 8 | J15: 163 | L15: 0
C16: 金额 | D16: 2.4712143e+09 | E16: 7.1105828e+08 | F16: 7.0677338e+08 | G16: 4284900.3 | H16: 0 | I16: 1.3007103e+08 | J16: 1.630085e+09 | K16: 0 | L16: 0
K17: 0 | L17: 0
B18: 各类借贷 | C18: 笔数 | D18: 195 | E18: 17 | F18: 0 | G18: 0 | H18: 0 | I18: 9 | J18: 169 | L18: 0 | M18: 0
C19: 金额 | D19: 5.6618073e+09 | E19: 3.5533834e+09 | F19: 3.5065974e+09 | G19: 19529999 | H19: 27256045 | I19: 1.6998884e+08 | J19: 1.9384351e+09 | K19: -2.9802322e-07 | L19: 0 | M19: 0
K20: 0 | L20: 0
K21: 0 | L21: 0
A28: 4 | B28: 工程款 | C28: 笔数 | D28: 41 | E28: 4 | J28: 37 | L28: 0 | M28: 0
C29: 金额 | D29: 4.6701808e+08 | E29: 17553554 | F29: 15042128 | G29: 2511426.2 | H29: 0 | J29: 4.4946453e+08 | K29: 0 | L29: 0 | M29: 0
K30: 0 | L30: 0
B31: 工程费用 | C31: 笔数 | D31: 17 | E31: 16 | J31: 1 | L31: 0 | M31: 0
C32: 金额 | D32: 97011543 | E32: 96511543 | F32: 59663564 | G32: 36847979 | J32: 500000 | K32: 0 | L32: 1.4901161e-08 | M32: 0
K33: 0 | L33: 0
B34: 工程款及工程费用 | C34: 笔数 | D34: 58 | E34: 20 | F34: 0 | G34: 0 | H34: 0 | I34: 0 | J34: 38 | L34: 0
C35: 金额 | D35: 5.6402962e+08 | E35: 1.140651e+08 | F35: 74705692 | G35: 39359405 | H35: 0 | I35: 0 | J35: 4.4996453e+08 | K35: 0 | L35: 0
K36: 0 | L36: 0
K37: 0 | L37: 0
A38: 5 | B38: 地下商铺租赁 | C38: 笔数 | D38: 31 | E38: 30 | I38: 1 | L38: 0 | M38: 0
C39: 金额 | D39: 5063743.1 | E39: 4876879.1 | F39: 4607272 | G39: 269607.06 | I39: 186864 | K39: 0 | L39: -9.3132257e-10 | M39: 0
K40: 0 | L40: 0
A41: 6 | B41: 税务 | C41: 笔数 | D41: 1 | E41: 1 | L41: 0 | M41: 0
C42: 金额 | D42: 8711151.1 | E42: 8711151.1 | F42: 8711151.1 | G42: 0 | K42: 0 | L42: 0 | M42: 0
K43: 0 | L43: 0
K44: 0 | L44: 0
A45: 7 | B45: 多交房款-商业盒子 | C45: 笔数 | D45: 1 | E45: 1 | L45: 0 | M45: 0
C46: 金额 | D46: 5231393 | E46: 5231393 | F46: 5231393 | K46: 0 | L46: 0 | M46: 0
K47: 0 | L47: 0
B48: 多交房款-住宅 | C48: 笔数 | D48: 1 | E48: 1 | L48: 0 | M48: 0
C49: 金额 | D49: 2199281 | E49: 2199281 | F49: 2199281 | K49: 0 | L49: 0 | M49: 0
K50: 0 | L50: 0
B51: 多交房款 | C51: 笔数 | D51: 2 | E51: 2 | L51: 0
C52: 金额 | D52: 7430674 | E52: 7430674 | F52: 7430674 | K52: 0 | L52: 0
K53: 0 | L53: 0
B54: 总计 | D54: 417 | E54: 177 | F54: 0 | G54: 0 | H54: 0 | I54: 12 | J54: 228 | L54: 0 | M54: 0
D55: 6.3029549e+09 | E55: 3.7301734e+09 | F55: 3.6393418e+09 | G55: 62154818 | H55: 28676774 | I55: 1.7060059e+08 | J55: 2.4021809e+09 | K55: -4.9173832e-07 | L55: 0 | M55: 0

Sheet Sheet4
B2: 类别 | D2: 申报总数 | E2: 确认（申报金额） | F2: 确认-确认(核实金额） | G2: 确认-不确认（倒挤） | H2: 确认-待确认（暂缓确认金额） | I2: 不确认（申报金额） | J2: 待确认（申报金额） | K2: 验证1 | L2: 验证2
A3: 1 | B3: 退房债权 | C3: 笔数 | D3: =申报债权统计!D3-Sheet3!D3 -> 1 | E3: =申报债权统计!E3-Sheet3!E3 -> -1 | F3: =申报债权统计!F3-Sheet3!F3 -> 0 | G3: =申报债权统计!G3-Sheet3!G3 -> 0 | H3: =申报债权统计!H3-Sheet3!H3 -> 0 | I3: =申报债权统计!I3-Sheet3!I3 -> 1 | J3: =申报债权统计!J3-Sheet3!J3 -> 1 | K3: =申报债权统计!K3-Sheet3!K3 -> 0 | L3: =申报债权统计!L3-Sheet3!L3 -> 0 | M3: =申报债权统计!#REF!-Sheet3!M3 -> #REF! | N3: =申报债权统计!M3-Sheet3!N3 -> 0 | O3: =申报债权统计!N3-Sheet3!O3 -> 0
C4: 金额 | D4: =申报债权统计!D4-Sheet3!D4 -> 500000 | E4: =申报债权统计!E4-Sheet3!E4 -> -668429.02 | F4: =申报债权统计!F4-Sheet3!F4 -> -668429.02 | G4: =申报债权统计!G4-Sheet3!G4 -> -8.8475645e-09 | H4: =申报债权统计!H4-Sheet3!H4 -> 0 | I4: =申报债权统计!I4-Sheet3!I4 -> 668429.02 | J4: =申报债权统计!J4-Sheet3!J4 -> 500000 | K4: =申报债权统计!K4-Sheet3!K4 -> 0 | L4: =申报债权统计!L4-Sheet3!L4 -> 3.259629e-09 | M4: =申报债权统计!#REF!-Sheet3!M4 -> #REF! | N4: =申报债权统计!M4-Sheet3!N4 -> 4.8428774e-08 | O4: =申报债权统计!N4-Sheet3!O4 -> 0
D5: =申报债权统计!D5-Sheet3!D5 -> 0 | E5: =申报债权统计!E5-Sheet3!E5 -> 0 | F5: =申报债权统计!F5-Sheet3!F5 -> 0 | G5: =申报债权统计!G5-Sheet3!G5 -> 0 | H5: =申报债权统计!H5-Sheet3!H5 -> 0 | I5: =申报债权统计!I5-Sheet3!I5 -> 0 | J5: =申报债权统计!J5-Sheet3!J5 -> 0 | K5: =申报债权统计!K5-Sheet3!K5 -> 0 | L5: =申报债权统计!L5-Sheet3!L5 -> 0 | M5: =申报债权统计!#REF!-Sheet3!M5 -> #REF! | N5: =申报债权统计!M5-Sheet3!N5 -> 0 | O5: =申报债权统计!N5-Sheet3!O5 -> 0
A6: 2 | B6: 职工债权 | C6: 笔数 | D6: =申报债权统计!D6-Sheet3!D6 -> -57 | E6: =申报债权统计!E6-Sheet3!E6 -> #REF! | F6: =申报债权统计!F6-Sheet3!F6 -> 0 | G6: =申报债权统计!G6-Sheet3!G6 -> 0 | H6: =申报债权统计!H6-Sheet3!H6 -> 0 | I6: =申报债权统计!I6-Sheet3!I6 -> #REF! | J6: =申报债权统计!J6-Sheet3!J6 -> #REF! | K6: =申报债权统计!K6-Sheet3!K6 -> 0 | L6: =申报债权统计!L6-Sheet3!L6 -> #REF! | M6: =申报债权统计!#REF!-Sheet3!M6 -> #REF! | N6: =申报债权统计!M6-Sheet3!N6 -> -57 | O6: =申报债权统计!N6-Sheet3!O6 -> 0
C7: 金额 | D7: =申报债权统计!D7-Sheet3!D7 -> #REF! | E7: =申报债权统计!E7-Sheet3!E7 -> #REF! | F7: =申报债权统计!F7-Sheet3!F7 -> #REF! | G7: =申报债权统计!G7-Sheet3!G7 -> #REF! | H7: =申报债权统计!H7-Sheet3!H7 -> #REF! | I7: =申报债权统计!I7-Sheet3!I7 -> #REF! | J7: =申报债权统计!J7-Sheet3!J7 -> #REF! | K7: =申报债权统计!K7-Sheet3!K7 -> #REF! | L7: =申报债权统计!L7-Sheet3!L7 -> #REF! | M7: =申报债权统计!#REF!-Sheet3!M7 -> #REF! | N7: =申报债权统计!M7-Sheet3!N7 -> #REF! | O7: =申报债权统计!N7-Sheet3!O7 -> 0
D8: =申报债权统计!D8-Sheet3!D8 -> 0 | E8: =申报债权统计!E8-Sheet3!E8 -> 0 | F8: =申报债权统计!F8-Sheet3!F8 -> 0 | G8: =申报债权统计!G8-Sheet3!G8 -> 0 | H8: =申报债权统计!H8-Sheet3!H8 -> 0 | I8: =申报债权统计!I8-Sheet3!I8 -> 0 | J8: =申报债权统计!J8-Sheet3!J8 -> 0 | K8: =申报债权统计!K8-Sheet3!K8 -> 0 | L8: =申报债权统计!L8-Sheet3!L8 -> 0 | M8: =申报债权统计!#REF!-Sheet3!M8 -> #REF! | N8: =申报债权统计!M8-Sheet3!N8 -> 0 | O8: =申报债权统计!N8-Sheet3!O8 -> 0
A9: 3 | B9: 政府债权及过渡费 | C9: 笔数 | D9: =申报债权统计!D9-Sheet3!D9 -> #REF! | E9: =申报债权统计!E9-Sheet3!E9 -> #REF! | F9: =申报债权统计!F9-Sheet3!F9 -> 0 | G9: =申报债权统计!G9-Sheet3!G9 -> 0 | H9: =申报债权统计!H9-Sheet3!H9 -> 0 | I9: =申报债权统计!I9-Sheet3!I9 -> #REF! | J9: =申报债权统计!J9-Sheet3!J9 -> #REF! | K9: =申报债权统计!K9-Sheet3!K9 -> 0 | L9: =申报债权统计!L9-Sheet3!L9 -> #REF! | M9: =申报债权统计!#REF!-Sheet3!M9 -> #REF! | N9: =申报债权统计!M9-Sheet3!N9 -> 0 | O9: =申报债权统计!N9-Sheet3!O9 -> 0
C10: 金额 | D10: =申报债权统计!D10-Sheet3!D10 -> #REF! | E10: =申报债权统计!E10-Sheet3!E10 -> #REF! | F10: =申报债权统计!F10-Sheet3!F10 -> #REF! | G10: =申报债权统计!G10-Sheet3!G10 -> #REF! | H10: =申报债权统计!H10-Sheet3!H10 -> #REF! | I10: =申报债权统计!I10-Sheet3!I10 -> #REF! | J10: =申报债权统计!J10-Sheet3!J10 -> #REF! | K10: =申报债权统计!K10-Sheet3!K10 -> #REF! | L10: =申报债权统计!L10-Sheet3!L10 -> #REF! | M10: =申报债权统计!#REF!-Sheet3!M10 -> #REF! | N10: =申报债权统计!M10-Sheet3!N10 -> 0 | O10: =申报债权统计!N10-Sheet3!O10 -> 0
D11: =申报债权统计!D11-Sheet3!D11 -> 0 | E11: =申报债权统计!E11-Sheet3!E11 -> 0 | F11: =申报债权统计!F11-Sheet3!F11 -> 0 | G11: =申报债权统计!G11-Sheet3!G11 -> 0 | H11: =申报债权统计!H11-Sheet3!H11 -> 0 | I11: =申报债权统计!I11-Sheet3!I11 -> 0 | J11: =申报债权统计!J11-Sheet3!J11 -> 0 | K11: =申报债权统计!K11-Sheet3!K11 -> 0 | L11: =申报债权统计!L11-Sheet3!L11 -> 0 | M11: =申报债权统计!#REF!-Sheet3!M11 -> #REF! | N11: =申报债权统计!M11-Sheet3!N11 -> 0 | O11: =申报债权统计!N11-Sheet3!O11 -> 0
B12: 金融机构借贷及担保债权 | C12: 笔数 | D12: =申报债权统计!D12-Sheet3!D12 -> #REF! | E12: =申报债权统计!E12-Sheet3!E12 -> #REF! | F12: =申报债权统计!F12-Sheet3!F12 -> 0 | G12: =申报债权统计!G12-Sheet3!G12 -> 0 | H12: =申报债权统计!H12-Sheet3!H12 -> 0 | I12: =申报债权统计!I12-Sheet3!I12 -> #REF! | J12: =申报债权统计!J12-Sheet3!J12 -> #REF! | K12: =申报债权统计!K12-Sheet3!K12 -> 0 | L12: =申报债权统计!L12-Sheet3!L12 -> #REF! | M12: =申报债权统计!#REF!-Sheet3!M12 -> #REF! | N12: =申报债权统计!M12-Sheet3!N12 -> 0 | O12: =申报债权统计!N12-Sheet3!O12 -> 0
C13: 金额 | D13: =申报债权统计!D13-Sheet3!D13 -> #REF! | E13: =申报债权统计!E13-Sheet3!E13 -> #REF! | F13: =申报债权统计!F13-Sheet3!F13 -> #REF! | G13: =申报债权统计!G13-Sheet3!G13 -> #REF! | H13: =申报债权统计!H13-Sheet3!H13 -> #REF! | I13: =申报债权统计!I13-Sheet3!I13 -> #REF! | J13: =申报债权统计!J13-Sheet3!J13 -> #REF! | K13: =申报债权统计!K13-Sheet3!K13 -> #REF! | L13: =申报债权统计!L13-Sheet3!L13 -> #REF! | M13: =申报债权统计!#REF!-Sheet3!M13 -> #REF! | N13: =申报债权统计!M13-Sheet3!N13 -> 0 | O13: =申报债权统计!N13-Sheet3!O13 -> 0
D14: =申报债权统计!D14-Sheet3!D14 -> 0 | E14: =申报债权统计!E14-Sheet3!E14 -> 0 | F14: =申报债权统计!F14-Sheet3!F14 -> 0 | G14: =申报债权统计!G14-Sheet3!G14 -> 0 | H14: =申报债权统计!H14-Sheet3!H14 -> 0 | I14: =申报债权统计!I14-Sheet3!I14 -> 0 | J14: =申报债权统计!J14-Sheet3!J14 -> 0 | K14: =申报债权统计!K14-Sheet3!K14 -> 0 | L14: =申报债权统计!L14-Sheet3!L14 -> 0 | M14: =申报债权统计!#REF!-Sheet3!M14 -> #REF! | N14: =申报债权统计!M14-Sheet3!N14 -> 0 | O14: =申报债权统计!N14-Sheet3!O14 -> 0
B15: 民间借贷 | C15: 笔数 | D15: =申报债权统计!D15-Sheet3!D15 -> #REF! | E15: =申报债权统计!E15-Sheet3!E15 -> #REF! | F15: =申报债权统计!F15-Sheet3!F15 -> 0 | G15: =申报债权统计!G15-Sheet3!G15 -> 0 | H15: =申报债权统计!H15-Sheet3!H15 -> 0 | I15: =申报债权统计!I15-Sheet3!I15 -> #REF! | J15: =申报债权统计!J15-Sheet3!J15 -> #REF! | K15: =申报债权统计!K15-Sheet3!K15 -> 0 | L15: =申报债权统计!L15-Sheet3!L15 -> #REF! | M15: =申报债权统计!#REF!-Sheet3!M15 -> #REF! | N15: =申报债权统计!M15-Sheet3!N15 -> 0 | O15: =申报债权统计!N15-Sheet3!O15 -> 0
C16: 金额 | D16: =申报债权统计!D16-Sheet3!D16 -> #REF! | E16: =申报债权统计!E16-Sheet3!E16 -> #REF! | F16: =申报债权统计!F16-Sheet3!F16 -> #REF! | G16: =申报债权统计!G16-Sheet3!G16 -> #REF! | H16: =申报债权统计!H16-Sheet3!H16 -> #REF! | I16: =申报债权统计!I16-Sheet3!I16 -> #REF! | J16: =申报债权统计!J16-Sheet3!J16 -> #REF! | K16: =申报债权统计!K16-Sheet3!K16 -> #REF! | L16: =申报债权统计!L16-Sheet3!L16 -> #REF! | M16: =申报债权统计!#REF!-Sheet3!M16 -> #REF! | N16: =申报债权统计!M16-Sheet3!N16 -> 0 | O16: =申报债权统计!N16-Sheet3!O16 -> 0
D17: =申报债权统计!D17-Sheet3!D17 -> 0 | E17: =申报债权统计!E17-Sheet3!E17 -> 0 | F17: =申报债权统计!F17-Sheet3!F17 -> 0 | G17: =申报债权统计!G17-Sheet3!G17 -> 0 | H17: =申报债权统计!H17-Sheet3!H17 -> 0 | I17: =申报债权统计!I17-Sheet3!I17 -> 0 | J17: =申报债权统计!J17-Sheet3!J17 -> 0 | K17: =申报债权统计!K17-Sheet3!K17 -> 0 | L17: =申报债权统计!L17-Sheet3!L17 -> 0 | M17: =申报债权统计!#REF!-Sheet3!M17 -> #REF! | N17: =申报债权统计!M17-Sheet3!N17 -> 0 | O17: =申报债权统计!N17-Sheet3!O17 -> 0
B18: 各类借贷 | C18: 笔数 | D18: =申报债权统计!D18-Sheet3!D18 -> #REF! | E18: =申报债权统计!E18-Sheet3!E18 -> #REF! | F18: =申报债权统计!F18-Sheet3!F18 -> 0 | G18: =申报债权统计!G18-Sheet3!G18 -> 0 | H18: =申报债权统计!H18-Sheet3!H18 -> 0 | I18: =申报债权统计!I18-Sheet3!I18 -> #REF! | J18: =申报债权统计!J18-Sheet3!J18 -> #REF! | K18: =申报债权统计!K18-Sheet3!K18 -> 0 | L18: =申报债权统计!L18-Sheet3!L18 -> #REF! | M18: =申报债权统计!#REF!-Sheet3!M18 -> #REF! | N18: =申报债权统计!M18-Sheet3!N18 -> #REF! | O18: =申报债权统计!N18-Sheet3!O18 -> 0
C19: 金额 | D19: =申报债权统计!D19-Sheet3!D19 -> #REF! | E19: =申报债权统计!E19-Sheet3!E19 -> #REF! | F19: =申报债权统计!F19-Sheet3!F19 -> #REF! | G19: =申报债权统计!G19-Sheet3!G19 -> #REF! | H19: =申报债权统计!H19-Sheet3!H19 -> #REF! | I19: =申报债权统计!I19-Sheet3!I19 -> #REF! | J19: =申报债权统计!J19-Sheet3!J19 -> #REF! | K19: =申报债权统计!K19-Sheet3!K19 -> #REF! | L19: =申报债权统计!L19-Sheet3!L19 -> #REF! | M19: =申报债权统计!#REF!-Sheet3!M19 -> #REF! | N19: =申报债权统计!M19-Sheet3!N19 -> #REF! | O19: =申报债权统计!N19-Sheet3!O19 -> 0
D20: =申报债权统计!D20-Sheet3!D20 -> 0 | E20: =申报债权统计!E20-Sheet3!E20 -> 0 | F20: =申报债权统计!F20-Sheet3!F20 -> 0 | G20: =申报债权统计!G20-Sheet3!G20 -> 0 | H20: =申报债权统计!H20-Sheet3!H20 -> 0 | I20: =申报债权统计!I20-Sheet3!I20 -> 0 | J20: =申报债权统计!J20-Sheet3!J20 -> 0 | K20: =申报债权统计!K20-Sheet3!K20 -> 0 | L20: =申报债权统计!L20-Sheet3!L20 -> 0 | M20: =申报债权统计!#REF!-Sheet3!M20 -> #REF! | N20: =申报债权统计!M20-Sheet3!N20 -> 0 | O20: =申报债权统计!N20-Sheet3!O20 -> 0
B21: 各类借贷 | C21: 笔数 | D21: =申报债权统计!D21-Sheet3!D21 -> 187 | E21: =申报债权统计!E21-Sheet3!E21 -> 15 | F21: =申报债权统计!F21-Sheet3!F21 -> 0 | G21: =申报债权统计!G21-Sheet3!G21 -> 0 | H21: =申报债权统计!H21-Sheet3!H21 -> 0 | I21: =申报债权统计!I21-Sheet3!I21 -> 9 | J21: =申报债权统计!J21-Sheet3!J21 -> 162 | K21: =申报债权统计!K21-Sheet3!K21 -> 0 | L21: =申报债权统计!L21-Sheet3!L21 -> 1 | M21: =申报债权统计!#REF!-Sheet3!M21 -> #REF! | N21: =申报债权统计!M21-Sheet3!N21 -> 0 | O21: =申报债权统计!N21-Sheet3!O21 -> 0
C22: 金额 | D22: =申报债权统计!D22-Sheet3!D22 -> 2.5143742e+09 | E22: =申报债权统计!E22-Sheet3!E22 -> 7.6296854e+08 | F22: =申报债权统计!F22-Sheet3!F22 -> 7.4248545e+08 | G22: =申报债权统计!G22-Sheet3!G22 -> 20483091 | H22: =申报债权统计!H22-Sheet3!H22 -> 0 | I22: =申报债权统计!I22-Sheet3!I22 -> 1.3024121e+08 | J22: =申报债权统计!J22-Sheet3!J22 -> 1.6211645e+09 | K22: =申报债权统计!K22-Sheet3!K22 -> 0 | L22: =申报债权统计!L22-Sheet3!L22 -> 0 | M22: =申报债权统计!#REF!-Sheet3!M22 -> #REF! | N22: =申报债权统计!M22-Sheet3!N22 -> 0 | O22: =申报债权统计!N22-Sheet3!O22 -> 0
D23: =申报债权统计!D23-Sheet3!D23 -> 0 | E23: =申报债权统计!E23-Sheet3!E23 -> 0 | F23: =申报债权统计!F23-Sheet3!F23 -> 0 | G23: =申报债权统计!G23-Sheet3!G23 -> 0 | H23: =申报债权统计!H23-Sheet3!H23 -> 0 | I23: =申报债权统计!I23-Sheet3!I23 -> 0 | J23: =申报债权统计!J23-Sheet3!J23 -> 0 | K23: =申报债权统计!K23-Sheet3!K23 -> 0 | L23: =申报债权统计!L23-Sheet3!L23 -> 0 | M23: =申报债权统计!#REF!-Sheet3!M23 -> #REF! | N23: =申报债权统计!M23-Sheet3!N23 -> 0 | O23: =申报债权统计!N23-Sheet3!O23 -> 0
D24: =申报债权统计!D24-Sheet3!D24 -> #REF! | E24: =申报债权统计!E24-Sheet3!E24 -> #REF! | F24: =申报债权统计!F24-Sheet3!F24 -> 0 | G24: =申报债权统计!G24-Sheet3!G24 -> 0 | H24: =申报债权统计!H24-Sheet3!H24 -> 0 | I24: =申报债权统计!I24-Sheet3!I24 -> #REF! | J24: =申报债权统计!J24-Sheet3!J24 -> #REF! | K24: =申报债权统计!K24-Sheet3!K24 -> 0 | L24: =申报债权统计!L24-Sheet3!L24 -> #REF! | M24: =申报债权统计!#REF!-Sheet3!M24 -> #REF! | N24: =申报债权统计!M24-Sheet3!N24 -> 0 | O24: =申报债权统计!N24-Sheet3!O24 -> 0
D25: =申报债权统计!D25-Sheet3!D25 -> #REF! | E25: =申报债权统计!E25-Sheet3!E25 -> #REF! | F25: =申报债权统计!F25-Sheet3!F25 -> #REF! | G25: =申报债权统计!G25-Sheet3!G25 -> #REF! | H25: =申报债权统计!H25-Sheet3!H25 -> #REF! | I25: =申报债权统计!I25-Sheet3!I25 -> #REF! | J25: =申报债权统计!J25-Sheet3!J25 -> #REF! | K25: =申报债权统计!K25-Sheet3!K25 -> #REF! | L25: =申报债权统计!L25-Sheet3!L25 -> #REF! | M25: =申报债权统计!#REF!-Sheet3!M25 -> #REF! | N25: =申报债权统计!M25-Sheet3!N25 -> 0 | O25: =申报债权统计!N25-Sheet3!O25 -> 0
D26: =申报债权统计!D26-Sheet3!D26 -> 0 | E26: =申报债权统计!E26-Sheet3!E26 -> 0 | F26: =申报债权统计!F26-Sheet3!F26 -> 0 | G26: =申报债权统计!G26-Sheet3!G26 -> 0 | H26: =申报债权统计!H26-Sheet3!H26 -> 0 | I26: =申报债权统计!I26-Sheet3!I26 -> 0 | J26: =申报债权统计!J26-Sheet3!J26 -> 0 | K26: =申报债权统计!K26-Sheet3!K26 -> 0 | L26: =申报债权统计!L26-Sheet3!L26 -> 0 | M26: =申报债权统计!#REF!-Sheet3!M26 -> #REF! | N26: =申报债权统计!M26-Sheet3!N26 -> 0 | O26: =申报债权统计!N26-Sheet3!O26 -> 0
D27: =申报债权统计!D27-Sheet3!D27 -> 0 | E27: =申报债权统计!E27-Sheet3!E27 -> 0 | F27: =申报债权统计!F27-Sheet3!F27 -> 0 | G27: =申报债权统计!G27-Sheet3!G27 -> 0 | H27: =申报债权统计!H27-Sheet3!H27 -> 0 | I27: =申报债权统计!I27-Sheet3!I27 -> 0 | J27: =申报债权统计!J27-Sheet3!J27 -> 0 | K27: =申报债权统计!K27-Sheet3!K27 -> 0 | L27: =申报债权统计!L27-Sheet3!L27 -> 0 | M27: =申报债权统计!#REF!-Sheet3!M27 -> #REF! | N27: =申报债权统计!M27-Sheet3!N27 -> 0 | O27: =申报债权统计!N27-Sheet3!O27 -> 0
A28: 4 | B28: 工程款 | C28: 笔数 | D28: =申报债权统计!D28-Sheet3!D28 -> 17 | E28: =申报债权统计!E28-Sheet3!E28 -> 22 | F28: =申报债权统计!F28-Sheet3!F28 -> 0 | G28: =申报债权统计!G28-Sheet3!G28 -> 0 | H28: =申报债权统计!H28-Sheet3!H28 -> 0 | I28: =申报债权统计!I28-Sheet3!I28 -> 10 | J28: =申报债权统计!J28-Sheet3!J28 -> -15 | K28: =申报债权统计!K28-Sheet3!K28 -> 0 | L28: =申报债权统计!L28-Sheet3!L28 -> 0 | M28: =申报债权统计!#REF!-Sheet3!M28 -> #REF! | N28: =申报债权统计!M28-Sheet3!N28 -> 17 | O28: =申报债权统计!N28-Sheet3!O28 -> 0
C29: 金额 | D29: =申报债权统计!D29-Sheet3!D29 -> 1.0237972e+08 | E29: =申报债权统计!E29-Sheet3!E29 -> 2.4626882e+08 | F29: =申报债权统计!F29-Sheet3!F29 -> 1.9385718e+08 | G29: =申报债权统计!G29-Sheet3!G29 -> 21353933 | H29: =申报债权统计!H29-Sheet3!H29 -> 31057709 | I29: =申报债权统计!I29-Sheet3!I29 -> 35361893 | J29: =申报债权统计!J29-Sheet3!J29 -> -1.7925099e+08 | K29: =申报债权统计!K29-Sheet3!K29 -> 0 | L29: =申报债权统计!L29-Sheet3!L29 -> 0 | M29: =申报债权统计!#REF!-Sheet3!M29 -> #REF! | N29: =申报债权统计!M29-Sheet3!N29 -> 97379721 | O29: =申报债权统计!N29-Sheet3!O29 -> 0
D30: =申报债权统计!D30-Sheet3!D30 -> 0 | E30: =申报债权统计!E30-Sheet3!E30 -> 0 | F30: =申报债权统计!F30-Sheet3!F30 -> 0 | G30: =申报债权统计!G30-Sheet3!G30 -> 0 | H30: =申报债权统计!H30-Sheet3!H30 -> 0 | I30: =申报债权统计!I30-Sheet3!I30 -> 0 | J30: =申报债权统计!J30-Sheet3!J30 -> 0 | K30: =申报债权统计!K30-Sheet3!K30 -> 0 | L30: =申报债权统计!L30-Sheet3!L30 -> 0 | M30: =申报债权统计!#REF!-Sheet3!M30 -> #REF! | N30: =申报债权统计!M30-Sheet3!N30 -> 0 | O30: =申报债权统计!N30-Sheet3!O30 -> 0
B31: 工程费用 | C31: 笔数 | D31: =申报债权统计!D31-Sheet3!D31 -> 0 | E31: =申报债权统计!E31-Sheet3!E31 -> -3 | F31: =申报债权统计!F31-Sheet3!F31 -> 0 | G31: =申报债权统计!G31-Sheet3!G31 -> 0 | H31: =申报债权统计!H31-Sheet3!H31 -> 0 | I31: =申报债权统计!I31-Sheet3!I31 -> 4 | J31: =申报债权统计!J31-Sheet3!J31 -> -1 | K31: =申报债权统计!K31-Sheet3!K31 -> 0 | L31: =申报债权统计!L31-Sheet3!L31 -> 0 | M31: =申报债权统计!#REF!-Sheet3!M31 -> #REF! | N31: =申报债权统计!M31-Sheet3!N31 -> 0 | O31: =申报债权统计!N31-Sheet3!O31 -> 0
C32: 金额 | D32: =申报债权统计!D32-Sheet3!D32 -> 0 | E32: =申报债权统计!E32-Sheet3!E32 -> -27265242 | F32: =申报债权统计!F32-Sheet3!F32 -> 0 | G32: =申报债权统计!G32-Sheet3!G32 -> -27265242 | H32: =申报债权统计!H32-Sheet3!H32 -> 0 | I32: =申报债权统计!I32-Sheet3!I32 -> 27765242 | J32: =申报债权统计!J32-Sheet3!J32 -> -500000 | K32: =申报债权统计!K32-Sheet3!K32 -> 0 | L32: =申报债权统计!L32-Sheet3!L32 -> -1.4901161e-08 | M32: =申报债权统计!#REF!-Sheet3!M32 -> #REF! | N32: =申报债权统计!M32-Sheet3!N32 -> 0 | O32: =申报债权统计!N32-Sheet3!O32 -> 0
D33: =申报债权统计!D33-Sheet3!D33 -> 0 | E33: =申报债权统计!E33-Sheet3!E33 -> 0 | F33: =申报债权统计!F33-Sheet3!F33 -> 0 | G33: =申报债权统计!G33-Sheet3!G33 -> 0 | H33: =申报债权统计!H33-Sheet3!H33 -> 0 | I33: =申报债权统计!I33-Sheet3!I33 -> 0 | J33: =申报债权统计!J33-Sheet3!J33 -> 0 | K33: =申报债权统计!K33-Sheet3!K33 -> 0 | L33: =申报债权统计!L33-Sheet3!L33 -> 0 | M33: =申报债权统计!#REF!-Sheet3!M33 -> #REF! | N33: =申报债权统计!M33-Sheet3!N33 -> 0 | O33: =申报债权统计!N33-Sheet3!O33 -> 0
B34: 工程款及工程费用 | C34: 笔数 | D34: =申报债权统计!D34-Sheet3!D34 -> 17 | E34: =申报债权统计!E34-Sheet3!E34 -> 19 | F34: =申报债权统计!F34-Sheet3!F34 -> 0 | G34: =申报债权统计!G34-Sheet3!G34 -> 0 | H34: =申报债权统计!H34-Sheet3!H34 -> 0 | I34: =申报债权统计!I34-Sheet3!I34 -> 14 | J34: =申报债权统计!J34-Sheet3!J34 -> -16 | K34: =申报债权统计!K34-Sheet3!K34 -> 0 | L34: =申报债权统计!L34-Sheet3!L34 -> 0 | M34: =申报债权统计!#REF!-Sheet3!M34 -> #REF! | N34: =申报债权统计!M34-Sheet3!N34 -> 0 | O34: =申报债权统计!N34-Sheet3!O34 -> 0
C35: 金额 | D35: =申报债权统计!D35-Sheet3!D35 -> 1.0237972e+08 | E35: =申报债权统计!E35-Sheet3!E35 -> 2.1900358e+08 | F35: =申报债权统计!F35-Sheet3!F35 -> 1.9385718e+08 | G35: =申报债权统计!G35-Sheet3!G35 -> -5911308.5 | H35: =申报债权统计!H35-Sheet3!H35 -> 31057709 | I35: =申报债权统计!I35-Sheet3!I35 -> 63127135 | J35: =申报债权统计!J35-Sheet3!J35 -> -1.7975099e+08 | K35: =申报债权统计!K35-Sheet3!K35 -> 0 | L35: =申报债权统计!L35-Sheet3!L35 -> 0 | M35: =申报债权统计!#REF!-Sheet3!M35 -> #REF! | N35: =申报债权统计!M35-Sheet3!N35 -> 0 | O35: =申报债权统计!N35-Sheet3!O35 -> 0
D36: =申报债权统计!D36-Sheet3!D36 -> 0 | E36: =申报债权统计!E36-Sheet3!E36 -> 0 | F36: =申报债权统计!F36-Sheet3!F36 -> 0 | G36: =申报债权统计!G36-Sheet3!G36 -> 0 | H36: =申报债权统计!H36-Sheet3!H36 -> 0 | I36: =申报债权统计!I36-Sheet3!I36 -> 0 | J36: =申报债权统计!J36-Sheet3!J36 -> 0 | K36: =申报债权统计!K36-Sheet3!K36 -> 0 | L36: =申报债权统计!L36-Sheet3!L36 -> 0 | M36: =申报债权统计!#REF!-Sheet3!M36 -> #REF! | N36: =申报债权统计!M36-Sheet3!N36 -> 0 | O36: =申报债权统计!N36-Sheet3!O36 -> 0
D37: =申报债权统计!D37-Sheet3!D37 -> 0 | E37: =申报债权统计!E37-Sheet3!E37 -> 0 | F37: =申报债权统计!F37-Sheet3!F37 -> 0 | G37: =申报债权统计!G37-Sheet3!G37 -> 0 | H37: =申报债权统计!H37-Sheet3!H37 -> 0 | I37: =申报债权统计!I37-Sheet3!I37 -> 0 | J37: =申报债权统计!J37-Sheet3!J37 -> 0 | K37: =申报债权统计!K37-Sheet3!K37 -> 0 | L37: =申报债权统计!L37-Sheet3!L37 -> 0 | M37: =申报债权统计!#REF!-Sheet3!M37 -> #REF! | N37: =申报债权统计!M37-Sheet3!N37 -> 0 | O37: =申报债权统计!N37-Sheet3!O37 -> 0
A38: 5 | B38: 地下商铺租赁 | C38: 笔数 | D38: =申报债权统计!D38-Sheet3!D38 -> 0 | E38: =申报债权统计!E38-Sheet3!E38 -> 0 | F38: =申报债权统计!F38-Sheet3!F38 -> 0 | G38: =申报债权统计!G38-Sheet3!G38 -> 0 | H38: =申报债权统计!H38-Sheet3!H38 -> 0 | I38: =申报债权统计!I38-Sheet3!I38 -> 0 | J38: =申报债权统计!J38-Sheet3!J38 -> 0 | K38: =申报债权统计!K38-Sheet3!K38 -> 0 | L38: =申报债权统计!L38-Sheet3!L38 -> 0 | M38: =申报债权统计!#REF!-Sheet3!M38 -> #REF! | N38: =申报债权统计!M38-Sheet3!N38 -> 0 | O38: =申报债权统计!N38-Sheet3!O38 -> 0
C39: 金额 | D39: =申报债权统计!D39-Sheet3!D39 -> 0 | E39: =申报债权统计!E39-Sheet3!E39 -> 0 | F39: =申报债权统计!F39-Sheet3!F39 -> 0 | G39: =申报债权统计!G39-Sheet3!G39 -> 0 | H39: =申报债权统计!H39-Sheet3!H39 -> 0 | I39: =申报债权统计!I39-Sheet3!I39 -> 0 | J39: =申报债权统计!J39-Sheet3!J39 -> 0 | K39: =申报债权统计!K39-Sheet3!K39 -> 0 | L39: =申报债权统计!L39-Sheet3!L39 -> 9.3132257e-10 | M39: =申报债权统计!#REF!-Sheet3!M39 -> #REF! | N39: =申报债权统计!M39-Sheet3!N39 -> 0 | O39: =申报债权统计!N39-Sheet3!O39 -> 0
D40: =申报债权统计!D40-Sheet3!D40 -> 0 | E40: =申报债权统计!E40-Sheet3!E40 -> 0 | F40: =申报债权统计!F40-Sheet3!F40 -> 0 | G40: =申报债权统计!G40-Sheet3!G40 -> 0 | H40: =申报债权统计!H40-Sheet3!H40 -> 0 | I40: =申报债权统计!I40-Sheet3!I40 -> 0 | J40: =申报债权统计!J40-Sheet3!J40 -> 0 | K40: =申报债权统计!K40-Sheet3!K40 -> 0 | L40: =申报债权统计!L40-Sheet3!L40 -> 0 | M40: =申报债权统计!#REF!-Sheet3!M40 -> #REF! | N40: =申报债权统计!M40-Sheet3!N40 -> 0 | O40: =申报债权统计!N40-Sheet3!O40 -> 0
A41: 6 | B41: 税务 | C41: 笔数 | D41: =申报债权统计!D41-Sheet3!D41 -> 0 | E41: =申报债权统计!E41-Sheet3!E41 -> 0 | F41: =申报债权统计!F41-Sheet3!F41 -> 0 | G41: =申报债权统计!G41-Sheet3!G41 -> 0 | H41: =申报债权统计!H41-Sheet3!H41 -> 0 | I41: =申报债权统计!I41-Sheet3!I41 -> 0 | J41: =申报债权统计!J41-Sheet3!J41 -> 0 | K41: =申报债权统计!K41-Sheet3!K41 -> 0 | L41: =申报债权统计!L41-Sheet3!L41 -> 0 | M41: =申报债权统计!#REF!-Sheet3!M41 -> #REF! | N41: =申报债权统计!M41-Sheet3!N41 -> 0 | O41: =申报债权统计!N41-Sheet3!O41 -> 0
C42: 金额 | D42: =申报债权统计!D42-Sheet3!D42 -> 0 | E42: =申报债权统计!E42-Sheet3!E42 -> 0 | F42: =申报债权统计!F42-Sheet3!F42 -> 0 | G42: =申报债权统计!G42-Sheet3!G42 -> 0 | H42: =申报债权统计!H42-Sheet3!H42 -> 0 | I42: =申报债权统计!I42-Sheet3!I42 -> 0 | J42: =申报债权统计!J42-Sheet3!J42 -> 0 | K42: =申报债权统计!K42-Sheet3!K42 -> 0 | L42: =申报债权统计!L42-Sheet3!L42 -> 0 | M42: =申报债权统计!#REF!-Sheet3!M42 -> #REF! | N42: =申报债权统计!M42-Sheet3!N42 -> 0 | O42: =申报债权统计!N42-Sheet3!O42 -> 0
D43: =申报债权统计!D43-Sheet3!D43 -> 0 | E43: =申报债权统计!E43-Sheet3!E43 -> 0 | F43: =申报债权统计!F43-Sheet3!F43 -> 0 | G43: =申报债权统计!G43-Sheet3!G43 -> 0 | H43: =申报债权统计!H43-Sheet3!H43 -> 0 | I43: =申报债权统计!I43-Sheet3!I43 -> 0 | J43: =申报债权统计!J43-Sheet3!J43 -> 0 | K43: =申报债权统计!K43-Sheet3!K43 -> 0 | L43: =申报债权统计!L43-Sheet3!L43 -> 0 | M43: =申报债权统计!#REF!-Sheet3!M43 -> #REF! | N43: =申报债权统计!M43-Sheet3!N43 -> 0 | O43: =申报债权统计!N43-Sheet3!O43 -> 0
D44: =申报债权统计!D44-Sheet3!D44 -> 0 | E44: =申报债权统计!E44-Sheet3!E44 -> 0 | F44: =申报债权统计!F44-Sheet3!F44 -> 0 | G44: =申报债权统计!G44-Sheet3!G44 -> 0 | H44: =申报债权统计!H44-Sheet3!H44 -> 0 | I44: =申报债权统计!I44-Sheet3!I44 -> 0 | J44: =申报债权统计!J44-Sheet3!J44 -> 0 | K44: =申报债权统计!K44-Sheet3!K44 -> 0 | L44: =申报债权统计!L44-Sheet3!L44 -> 0 | M44: =申报债权统计!#REF!-Sheet3!M44 -> #REF! | N44: =申报债权统计!M44-Sheet3!N44 -> 0 | O44: =申报债权统计!N44-Sheet3!O44 -> 0
A45: 7 | B45: 多交房款-商业盒子 | C45: 笔数 | D45: =申报债权统计!D45-Sheet3!D45 -> 91 | E45: =申报债权统计!E45-Sheet3!E45 -> 91 | F45: =申报债权统计!F45-Sheet3!F45 -> 0 | G45: =申报债权统计!G45-Sheet3!G45 -> 0 | H45: =申报债权统计!H45-Sheet3!H45 -> 0 | I45: =申报债权统计!I45-Sheet3!I45 -> 0 | J45: =申报债权统计!J45-Sheet3!J45 -> 0 | K45: =申报债权统计!K45-Sheet3!K45 -> 0 | L45: =申报债权统计!L45-Sheet3!L45 -> 0 | M45: =申报债权统计!#REF!-Sheet3!M45 -> #REF! | N45: =申报债权统计!M45-Sheet3!N45 -> 0 | O45: =申报债权统计!N45-Sheet3!O45 -> 0
